Workbook
Name familias_equipamentos: 'Apoio - Notas Explicativas'!#REF!
Name familias_equipamentos: '[1]Base Apoio - etapa 1'!#REF!
Name familias_equipamentos: '[1]Base Apoio - etapa 1'!#REF!
Name familias_equipamentos: '[2]Base Apoio - etapa 1'!#REF!
Name familias_equipamentos: '[1]Base Apoio - etapa 1'!#REF!
Name materiais: [1]Fontes!$F$3:$F$9
Name percentuais: [3]Fontes!$C$1:$C$3
Name percentuais: [2]Fontes!$C$1:$C$3
Name percentuais: [1]Fontes!$C$1:$C$3
Name Sim_não: [3]Fontes!$A$1:$A$2
Name Sim_não: [2]Fontes!$A$1:$A$2
Name Sim_não: [1]Fontes!$A$1:$A$2
Name tributaçao: 'Apoio - Notas Explicativas'!#REF!
Name tributaçao: '[2]Base Apoio - etapa 1'!$F$20:$H$20
Name tributaçao: '[1]Base Apoio - etapa 1'!$F$20:$H$20
Name Tributação: #REF!
Name Tributação: #REF!
Name Tributação: #REF!
Name Tributação: #REF!
Name Tributação: #REF!

Sheet Mão de Obra
A2: =CONCATENATE("PREFEITURA MUNICIPAL DE PORTO ALEGRE ",D5," FORMAÇÃO DE PREÇOS DE REFERÊNCIA - CESSÃO DE MÃO DE OBRA") -> PREFEITURA MUNICIPAL DE PORTO ALEGRE SECRETARIA MUNICIPAL DE EDUCAÇÃO (SMED) FORMAÇÃO DE PREÇOS DE REFERÊNCIA - CESSÃO DE MÃO DE OBRA
C4: DADOS REFERENTES À CONTRATAÇÃO
B5: A | C5: Órgão Demandante | D5: SECRETARIA MUNICIPAL DE EDUCAÇÃO (SMED) | H5: 1 | I5: 4 | J5: 5 | K5: 6 | L5: 7 | M5: 8 | N5: 9 | O5: 10 | P5: 11 | Q5: 12 | R5: 13 | S5: 14 | T5: 15 | U5: 16 | V5: 17 | W5: 18 | X5: 19
B6: B | C6: Pregão Eletrônico nº:
B7: C | C7: Processo SEI nº: | D7: 25.0.000013034-9
B8: D | C8: Objeto: | D8: Locação de veículo com motorista
B9: E | C9: Responsável | D9: Fabio Goulart
B10: F | C10: Data de conclusão | D10: 45761
B11: G | C11: Pagamento do Contrato: | D11: Mês
B12: H | C12: Duração do Contrato em meses: | D12: 60
B13: I | C13: Regime Tributário | D13: Lucro Presumido
B14: J | C14: Receita Bruta
B15: K | C15: Salário Mínimo | D15: 1518
C17: DADOS REFERENTES AOS POSTOS | E17: Posto A | F17: Posto B | G17: Posto C | H17: Posto D | I17: Posto E | J17: Posto F | K17: Posto G | L17: Posto H | M17: Posto I | N17: Posto J | O17: Posto K | P17: Posto L | Q17: Posto M | R17: Posto N | S17: Posto O | T17: Posto P | U17: Posto Q | V17: Posto R | W17: Posto S | X17: Posto T
B18: A | C18: Função do Posto | E18: Motorista Van
B19: B | C19: Observação
B20: C | C20: Classificação Brasileira de Ocupações (CBO) | E20: =IFERROR(VLOOKUP(E$18,'Apoio - Posto'!$A:$J,2,0),"") -> 7823 | F20: =IFERROR(VLOOKUP(F$18,'Apoio - Posto'!$A:$J,2,0),"") | G20: =IFERROR(VLOOKUP(G$18,'Apoio - Posto'!$A:$J,2,0),"") | H20: =IFERROR(VLOOKUP(H$18,'Apoio - Posto'!$A:$J,2,0),"") | I20: =IFERROR(VLOOKUP(I$18,'Apoio - Posto'!$A:$J,2,0),"") | J20: =IFERROR(VLOOKUP(J$18,'Apoio - Posto'!$A:$J,2,0),"") | K20: =IFERROR(VLOOKUP(K$18,'Apoio - Posto'!$A:$J,2,0),"") | L20: =IFERROR(VLOOKUP(L$18,'Apoio - Posto'!$A:$J,2,0),"") | ... X20: =IFERROR(VLOOKUP(X$18,'Apoio - Posto'!$A:$J,2,0),"")
B21: D | C21: Valor do Piso normativo da Categoria | E21: =IFERROR(VLOOKUP(E$18,'Apoio - Posto'!$A:$AA,7,0),"") -> 2159.19 | F21: =IFERROR(VLOOKUP(F$18,'Apoio - Posto'!$A:$AA,7,0),"") | G21: =IFERROR(VLOOKUP(G$18,'Apoio - Posto'!$A:$AA,7,0),"") | H21: =IFERROR(VLOOKUP(H$18,'Apoio - Posto'!$A:$AA,7,0),"") | I21: =IFERROR(VLOOKUP(I$18,'Apoio - Posto'!$A:$AA,7,0),"") | J21: =IFERROR(VLOOKUP(J$18,'Apoio - Posto'!$A:$AA,7,0),"") | K21: =IFERROR(VLOOKUP(K$18,'Apoio - Posto'!$A:$AA,7,0),"") | L21: =IFERROR(VLOOKUP(L$18,'Apoio - Posto'!$A:$AA,7,0),"") | ... X21: =IFERROR(VLOOKUP(X$18,'Apoio - Posto'!$A:$AA,7,0),"")
B22: E | C22: Regime de trabalho da convenção coletiva (mensal) | E22: =IFERROR(VLOOKUP(E$18,'Apoio - Posto'!$A:$AA,8,0),"") -> 220 | F22: =IFERROR(VLOOKUP(F$18,'Apoio - Posto'!$A:$AA,8,0),"") | G22: =IFERROR(VLOOKUP(G$18,'Apoio - Posto'!$A:$AA,8,0),"") | H22: =IFERROR(VLOOKUP(H$18,'Apoio - Posto'!$A:$AA,8,0),"") | I22: =IFERROR(VLOOKUP(I$18,'Apoio - Posto'!$A:$AA,8,0),"") | J22: =IFERROR(VLOOKUP(J$18,'Apoio - Posto'!$A:$AA,8,0),"") | K22: =IFERROR(VLOOKUP(K$18,'Apoio - Posto'!$A:$AA,8,0),"") | L22: =IFERROR(VLOOKUP(L$18,'Apoio - Posto'!$A:$AA,8,0),"") | ... X22: =IFERROR(VLOOKUP(X$18,'Apoio - Posto'!$A:$AA,8,0),"")
B23: F | C23: Sindicato representativo da categoria profissional | E23: SINDASSEIO | F23: =IFERROR(VLOOKUP(F$18,'Apoio - Posto'!$A:$J,3,0),"") | G23: =IFERROR(VLOOKUP(G$18,'Apoio - Posto'!$A:$J,3,0),"") | H23: =IFERROR(VLOOKUP(H$18,'Apoio - Posto'!$A:$J,3,0),"") | I23: =IFERROR(VLOOKUP(I$18,'Apoio - Posto'!$A:$J,3,0),"") | J23: =IFERROR(VLOOKUP(J$18,'Apoio - Posto'!$A:$J,3,0),"") | K23: =IFERROR(VLOOKUP(K$18,'Apoio - Posto'!$A:$J,3,0),"") | L23: =IFERROR(VLOOKUP(L$18,'Apoio - Posto'!$A:$J,3,0),"") | M23: =IFERROR(VLOOKUP(M$18,'Apoio - Posto'!$A:$J,3,0),"") | ... X23: =IFERROR(VLOOKUP(X$18,'Apoio - Posto'!$A:$J,3,0),"")
B24: G | C24: Data base da categoria | E24: =IFERROR(VLOOKUP(E$18,'Apoio - Posto'!$A:$J,5,0),"") -> 45566 | F24: =IFERROR(VLOOKUP(F$18,'Apoio - Posto'!$A:$J,5,0),"") | G24: =IFERROR(VLOOKUP(G$18,'Apoio - Posto'!$A:$J,5,0),"") | H24: =IFERROR(VLOOKUP(H$18,'Apoio - Posto'!$A:$J,5,0),"") | I24: =IFERROR(VLOOKUP(I$18,'Apoio - Posto'!$A:$J,5,0),"") | J24: =IFERROR(VLOOKUP(J$18,'Apoio - Posto'!$A:$J,5,0),"") | K24: =IFERROR(VLOOKUP(K$18,'Apoio - Posto'!$A:$J,5,0),"") | L24: =IFERROR(VLOOKUP(L$18,'Apoio - Posto'!$A:$J,5,0),"") | ... X24: =IFERROR(VLOOKUP(X$18,'Apoio - Posto'!$A:$J,5,0),"")
B25: H | C25: Registro no MTE | E25: =IFERROR(VLOOKUP(E$18,'Apoio - Posto'!$A:$J,4,0),"") -> RS000482/2025 | F25: =IFERROR(VLOOKUP(F$18,'Apoio - Posto'!$A:$J,4,0),"") | G25: =IFERROR(VLOOKUP(G$18,'Apoio - Posto'!$A:$J,4,0),"") | H25: =IFERROR(VLOOKUP(H$18,'Apoio - Posto'!$A:$J,4,0),"") | I25: =IFERROR(VLOOKUP(I$18,'Apoio - Posto'!$A:$J,4,0),"") | J25: =IFERROR(VLOOKUP(J$18,'Apoio - Posto'!$A:$J,4,0),"") | K25: =IFERROR(VLOOKUP(K$18,'Apoio - Posto'!$A:$J,4,0),"") | L25: =IFERROR(VLOOKUP(L$18,'Apoio - Posto'!$A:$J,4,0),"") | ... X25: =IFERROR(VLOOKUP(X$18,'Apoio - Posto'!$A:$J,4,0),"")
B26: I | C26: Regime de trabalho do Contrato (semanal) | E26: 44h (5 dia/sem)
B27: J | C27: Quantidade de postos | E27: 1
B28: K | C28: Quantidade de profissional por posto | E28: =IFERROR(VLOOKUP(E26,'Apoio - Regime de Trabalho'!$A:$I,2,0),"") -> 1 | F28: =IFERROR(VLOOKUP(F26,'Apoio - Regime de Trabalho'!$A:$I,2,0),"") | G28: =IFERROR(VLOOKUP(G26,'Apoio - Regime de Trabalho'!$A:$I,2,0),"") | H28: =IFERROR(VLOOKUP(H26,'Apoio - Regime de Trabalho'!$A:$I,2,0),"") | I28: =IFERROR(VLOOKUP(I26,'Apoio - Regime de Trabalho'!$A:$I,2,0),"") | J28: =IFERROR(VLOOKUP(J26,'Apoio - Regime de Trabalho'!$A:$I,2,0),"") | K28: =IFERROR(VLOOKUP(K26,'Apoio - Regime de Trabalho'!$A:$I,2,0),"") | L28: =IFERROR(VLOOKUP(L26,'Apoio - Regime de Trabalho'!$A:$I,2,0),"") | ... X28: =IFERROR(VLOOKUP(X26,'Apoio - Regime de Trabalho'!$A:$I,2,0),"")
B29: L | C29: Quantidade total de profissionais | E29: =IFERROR(IF(E18="","",E28*E27),"") -> 1 | F29: =IFERROR(IF(F18="","",F28*F27),"") | G29: =IFERROR(IF(G18="","",G28*G27),"") | H29: =IFERROR(IF(H18="","",H28*H27),"") | I29: =IFERROR(IF(I18="","",I28*I27),"") | J29: =IFERROR(IF(J18="","",J28*J27),"") | K29: =IFERROR(IF(K18="","",K28*K27),"") | L29: =IFERROR(IF(L18="","",L28*L27),"") | ... X29: =IFERROR(IF(X18="","",X28*X27),"")
C31: MÓDULO 1: COMPOSIÇÃO DA REMUNERAÇÃO
B32: A | C32: Salário-Base | E32: =IFERROR(E21*VLOOKUP(E26,'Apoio - Regime de Trabalho'!$A:$I,8,0)/(E22),"") -> 2159.19 | F32: =IFERROR(F21*VLOOKUP(F26,'Apoio - Regime de Trabalho'!$A:$I,8,0)/(F22),"") | G32: =IFERROR(G21*VLOOKUP(G26,'Apoio - Regime de Trabalho'!$A:$I,8,0)/(G22),"") | H32: =IFERROR(H21*VLOOKUP(H26,'Apoio - Regime de Trabalho'!$A:$I,8,0)/(H22),"") | I32: =IFERROR(I21*VLOOKUP(I26,'Apoio - Regime de Trabalho'!$A:$I,8,0)/(I22),"") | J32: =IFERROR(J21*VLOOKUP(J26,'Apoio - Regime de Trabalho'!$A:$I,8,0)/(J22),"") | K32: =IFERROR(K21*VLOOKUP(K26,'Apoio - Regime de Trabalho'!$A:$I,8,0)/(K22),"") | L32: =IFERROR(L21*VLOOKUP(L26,'Apoio - Regime de Trabalho'!$A:$I,8,0)/(L22),"") | ... X32: =IFERROR(X21*VLOOKUP(X26,'Apoio - Regime de Trabalho'!$A:$I,8,0)/(X22),"")
B33: B | C33: Adicional de Periculosidade
C34: Incidência | E34: =IFERROR(VLOOKUP(E$18,'Apoio - Posto'!$A:$AA,15,0),"") -> 0 | F34: =IFERROR(VLOOKUP(F$18,'Apoio - Posto'!$A:$AA,15,0),"") | G34: =IFERROR(VLOOKUP(G$18,'Apoio - Posto'!$A:$AA,15,0),"") | H34: =IFERROR(VLOOKUP(H$18,'Apoio - Posto'!$A:$AA,15,0),"") | I34: =IFERROR(VLOOKUP(I$18,'Apoio - Posto'!$A:$AA,15,0),"") | J34: =IFERROR(VLOOKUP(J$18,'Apoio - Posto'!$A:$AA,15,0),"") | K34: =IFERROR(VLOOKUP(K$18,'Apoio - Posto'!$A:$AA,15,0),"") | L34: =IFERROR(VLOOKUP(L$18,'Apoio - Posto'!$A:$AA,15,0),"") | ... X34: =IFERROR(VLOOKUP(X$18,'Apoio - Posto'!$A:$AA,15,0),"")
D35: Valor (R$) | E35: =IFERROR((E32)*E34,"") -> 0 | F35: =IFERROR((F32)*F34,"") | G35: =IFERROR((G32)*G34,"") | H35: =IFERROR((H32)*H34,"") | I35: =IFERROR((I32)*I34,"") | J35: =IFERROR((J32)*J34,"") | K35: =IFERROR((K32)*K34,"") | L35: =IFERROR((L32)*L34,"") | ... X35: =IFERROR((X32)*X34,"")
B36: C | C36: Adicional de Insalubridade
C37: Base de incindência | E37: =IFERROR(VLOOKUP(E$18,'Apoio - Posto'!$A:$AA,14,0),"") -> Salário Mínimo | F37: =IFERROR(VLOOKUP(F$18,'Apoio - Posto'!$A:$AA,14,0),"") | G37: =IFERROR(VLOOKUP(G$18,'Apoio - Posto'!$A:$AA,14,0),"") | H37: =IFERROR(VLOOKUP(H$18,'Apoio - Posto'!$A:$AA,14,0),"") | I37: =IFERROR(VLOOKUP(I$18,'Apoio - Posto'!$A:$AA,14,0),"") | J37: =IFERROR(VLOOKUP(J$18,'Apoio - Posto'!$A:$AA,14,0),"") | K37: =IFERROR(VLOOKUP(K$18,'Apoio - Posto'!$A:$AA,14,0),"") | L37: =IFERROR(VLOOKUP(L$18,'Apoio - Posto'!$A:$AA,14,0),"") | ... X37: =IFERROR(VLOOKUP(X$18,'Apoio - Posto'!$A:$AA,14,0),"")
C38: Percentual de incidência
D39: Valor (R$) | E39: =IF(E21="","",IFERROR(IF(E37="Salário Base",E$32,IF(E37="Salário Mínimo",$D$15,0))*E38,"")) -> 0 | F39: =IF(F21="","",IFERROR(IF(F37="Salário Base",F$32,IF(F37="Salário Mínimo",$D$15,0))*F38,"")) | G39: =IF(G21="","",IFERROR(IF(G37="Salário Base",G$32,IF(G37="Salário Mínimo",$D$15,0))*G38,"")) | H39: =IF(H21="","",IFERROR(IF(H37="Salário Base",H$32,IF(H37="Salário Mínimo",$D$15,0))*H38,"")) | I39: =IF(I21="","",IFERROR(IF(I37="Salário Base",I$32,IF(I37="Salário Mínimo",$D$15,0))*I38,"")) | J39: =IF(J21="","",IFERROR(IF(J37="Salário Base",J$32,IF(J37="Salário Mínimo",$D$15,0))*J38,"")) | K39: =IF(K21="","",IFERROR(IF(K37="Salário Base",K$32,IF(K37="Salário Mínimo",$D$15,0))*K38,"")) | L39: =IF(L21="","",IFERROR(IF(L37="Salário Base",L$32,IF(L37="Salário Mínimo",$D$15,0))*L38,"")) | ... X39: =IF(X21="","",IFERROR(IF(X37="Salário Base",X$32,IF(X37="Salário Mínimo",$D$15,0))*X38,""))
B40: D | C40: Gratificação de Função
C41: Percentual de incidência
D42: Valor (R$) | E42: =IFERROR(E41*E$32,"") -> 0 | F42: =IFERROR(F41*F$32,"") | G42: =IFERROR(G41*G$32,"") | H42: =IFERROR(H41*H$32,"") | I42: =IFERROR(I41*I$32,"") | J42: =IFERROR(J41*J$32,"") | K42: =IFERROR(K41*K$32,"") | L42: =IFERROR(L41*L$32,"") | ... X42: =IFERROR(X41*X$32,"")
B43: E | C43: Adicional Noturno
C44: Número de horas noturnas por dia | E44: =IF(AND(E20=5173,E26="12x36 Noturno"),8,"") | F44: =IF(AND(F20=5173,F26="12x36 Noturno"),8,"") | G44: =IF(AND(G20=5173,G26="12x36 Noturno"),8,"") | H44: =IF(AND(H20=5173,H26="12x36 Noturno"),8,"") | I44: =IF(AND(I20=5173,I26="12x36 Noturno"),8,"") | J44: =IF(AND(J20=5173,J26="12x36 Noturno"),8,"") | K44: =IF(AND(K20=5173,K26="12x36 Noturno"),8,"") | L44: =IF(AND(L20=5173,L26="12x36 Noturno"),8,"") | ... X44: =IF(AND(X20=5173,X26="12x36 Noturno"),8,"")
C45: Número de dias laborados a noite | E45: =IF(E44="","",VLOOKUP(E26,'Apoio - Regime de Trabalho'!$A:$I,7,0)) | F45: =IF(F44="","",VLOOKUP(F26,'Apoio - Regime de Trabalho'!$A:$I,7,0)) | G45: =IF(G44="","",VLOOKUP(G26,'Apoio - Regime de Trabalho'!$A:$I,7,0)) | H45: =IF(H44="","",VLOOKUP(H26,'Apoio - Regime de Trabalho'!$A:$I,7,0)) | I45: =IF(I44="","",VLOOKUP(I26,'Apoio - Regime de Trabalho'!$A:$I,7,0)) | J45: =IF(J44="","",VLOOKUP(J26,'Apoio - Regime de Trabalho'!$A:$I,7,0)) | K45: =IF(K44="","",VLOOKUP(K26,'Apoio - Regime de Trabalho'!$A:$I,7,0)) | L45: =IF(L44="","",VLOOKUP(L26,'Apoio - Regime de Trabalho'!$A:$I,7,0)) | ... X45: =IF(X44="","",VLOOKUP(X26,'Apoio - Regime de Trabalho'!$A:$I,7,0))
D46: Valor (R$) | E46: =IFERROR(SUM(E$32,E$35,E$39)/(VLOOKUP(E$26,'Apoio - Regime de Trabalho'!$A:$I,8,0))*20%*E$44*E$45,"") | F46: =IFERROR(SUM(F$32,F$35,F$39)/(VLOOKUP(F$26,'Apoio - Regime de Trabalho'!$A:$I,8,0))*20%*F$44*F$45,"") | G46: =IFERROR(SUM(G$32,G$35,G$39)/(VLOOKUP(G$26,'Apoio - Regime de Trabalho'!$A:$I,8,0))*20%*G$44*G$45,"") | H46: =IFERROR(SUM(H$32,H$35,H$39)/(VLOOKUP(H$26,'Apoio - Regime de Trabalho'!$A:$I,8,0))*20%*H$44*H$45,"") | I46: =IFERROR(SUM(I$32,I$35,I$39)/(VLOOKUP(I$26,'Apoio - Regime de Trabalho'!$A:$I,8,0))*20%*I$44*I$45,"") | J46: =IFERROR(SUM(J$32,J$35,J$39)/(VLOOKUP(J$26,'Apoio - Regime de Trabalho'!$A:$I,8,0))*20%*J$44*J$45,"") | K46: =IFERROR(SUM(K$32,K$35,K$39)/(VLOOKUP(K$26,'Apoio - Regime de Trabalho'!$A:$I,8,0))*20%*K$44*K$45,"") | L46: =IFERROR(SUM(L$32,L$35,L$39)/(VLOOKUP(L$26,'Apoio - Regime de Trabalho'!$A:$I,8,0))*20%*L$44*L$45,"") | ... X46: =IFERROR(SUM(X$32,X$35,X$39)/(VLOOKUP(X$26,'Apoio - Regime de Trabalho'!$A:$I,8,0))*20%*X$44*X$45,"")
B47: F | C47: Adicional de Hora Noturna Reduzida
C48: Quantidade de horas noturnas reduzidas por mês | E48: =IF(E44="","",E45*E44*('Apoio - Notas Explicativas'!$D$11/'Apoio - Notas Explicativas'!$D$12-1) *IF(AND(E20=5173,E26="12x36 Noturno"),0,1)) | F48: =IF(F44="","",F45*F44*('Apoio - Notas Explicativas'!$D$11/'Apoio - Notas Explicativas'!$D$12-1) *IF(AND(F20=5173,F26="12x36 Noturno"),0,1)) | G48: =IF(G44="","",G45*G44*('Apoio - Notas Explicativas'!$D$11/'Apoio - Notas Explicativas'!$D$12-1) *IF(AND(G20=5173,G26="12x36 Noturno"),0,1)) | H48: =IF(H44="","",H45*H44*('Apoio - Notas Explicativas'!$D$11/'Apoio - Notas Explicativas'!$D$12-1) *IF(AND(H20=5173,H26="12x36 Noturno"),0,1)) | I48: =IF(I44="","",I45*I44*('Apoio - Notas Explicativas'!$D$11/'Apoio - Notas Explicativas'!$D$12-1) *IF(AND(I20=5173,I26="12x36 Noturno"),0,1)) | J48: =IF(J44="","",J45*J44*('Apoio - Notas Explicativas'!$D$11/'Apoio - Notas Explicativas'!$D$12-1) *IF(AND(J20=5173,J26="12x36 Noturno"),0,1)) | K48: =IF(K44="","",K45*K44*('Apoio - Notas Explicativas'!$D$11/'Apoio - Notas Explicativas'!$D$12-1) *IF(AND(K20=5173,K26="12x36 Noturno"),0,1)) | L48: =IF(L44="","",L45*L44*('Apoio - Notas Explicativas'!$D$11/'Apoio - Notas Explicativas'!$D$12-1) *IF(AND(L20=5173,L26="12x36 Noturno"),0,1)) | ... X48: =IF(X44="","",X45*X44*('Apoio - Notas Explicativas'!$D$11/'Apoio - Notas Explicativas'!$D$12-1) *IF(AND(X20=5173,X26="12x36 Noturno"),0,1))
D49: Valor (R$) | E49: =IFERROR(E48*(SUM(E$32,E$35,E$39)/(VLOOKUP(E$26,'Apoio - Regime de Trabalho'!$A:$I,8,0))*120%),"") | F49: =IFERROR(F48*(SUM(F$32,F$35,F$39)/(VLOOKUP(F$26,'Apoio - Regime de Trabalho'!$A:$I,8,0))*120%),"") | G49: =IFERROR(G48*(SUM(G$32,G$35,G$39)/(VLOOKUP(G$26,'Apoio - Regime de Trabalho'!$A:$I,8,0))*120%),"") | H49: =IFERROR(H48*(SUM(H$32,H$35,H$39)/(VLOOKUP(H$26,'Apoio - Regime de Trabalho'!$A:$I,8,0))*120%),"") | I49: =IFERROR(I48*(SUM(I$32,I$35,I$39)/(VLOOKUP(I$26,'Apoio - Regime de Trabalho'!$A:$I,8,0))*120%),"") | J49: =IFERROR(J48*(SUM(J$32,J$35,J$39)/(VLOOKUP(J$26,'Apoio - Regime de Trabalho'!$A:$I,8,0))*120%),"") | K49: =IFERROR(K48*(SUM(K$32,K$35,K$39)/(VLOOKUP(K$26,'Apoio - Regime de Trabalho'!$A:$I,8,0))*120%),"") | L49: =IFERROR(L48*(SUM(L$32,L$35,L$39)/(VLOOKUP(L$26,'Apoio - Regime de Trabalho'!$A:$I,8,0))*120%),"") | ... X49: =IFERROR(X48*(SUM(X$32,X$35,X$39)/(VLOOKUP(X$26,'Apoio - Regime de Trabalho'!$A:$I,8,0))*120%),"")
B50: G | C50: Horas Extras (com adicionais)
C51: Percentual de incidência | E51: 0.5
C52: Quantidade de Horas Extras mensal | E52: 8
D53: Valor (R$) | E53: =IFERROR(SUM(E$32,E$35,E$39,E$46)/(VLOOKUP(E$26,'Apoio - Regime de Trabalho'!$A:$I,8,0))*(1+E$51)*E$52,"") -> 117.774 | F53: =IFERROR(SUM(F$32,F$35,F$39,F$46)/(VLOOKUP(F$26,'Apoio - Regime de Trabalho'!$A:$I,8,0))*(1+F$51)*F$52,"") | G53: =IFERROR(SUM(G$32,G$35,G$39,G$46)/(VLOOKUP(G$26,'Apoio - Regime de Trabalho'!$A:$I,8,0))*(1+G$51)*G$52,"") | H53: =IFERROR(SUM(H$32,H$35,H$39,H$46)/(VLOOKUP(H$26,'Apoio - Regime de Trabalho'!$A:$I,8,0))*(1+H$51)*H$52,"") | I53: =IFERROR(SUM(I$32,I$35,I$39,I$46)/(VLOOKUP(I$26,'Apoio - Regime de Trabalho'!$A:$I,8,0))*(1+I$51)*I$52,"") | J53: =IFERROR(SUM(J$32,J$35,J$39,J$46)/(VLOOKUP(J$26,'Apoio - Regime de Trabalho'!$A:$I,8,0))*(1+J$51)*J$52,"") | K53: =IFERROR(SUM(K$32,K$35,K$39,K$46)/(VLOOKUP(K$26,'Apoio - Regime de Trabalho'!$A:$I,8,0))*(1+K$51)*K$52,"") | L53: =IFERROR(SUM(L$32,L$35,L$39,L$46)/(VLOOKUP(L$26,'Apoio - Regime de Trabalho'!$A:$I,8,0))*(1+L$51)*L$52,"") | ... X53: =IFERROR(SUM(X$32,X$35,X$39,X$46)/(VLOOKUP(X$26,'Apoio - Regime de Trabalho'!$A:$I,8,0))*(1+X$51)*X$52,"")
B54: H | C54: Descanso Semanal Remunerado
C55: Sobre Adicional Noturno e Hora Noturna Reduzida | E55: =IF(E18="","",IFERROR(SUM(E$46,E49)*20%,"")) -> 0 | F55: =IF(F18="","",IFERROR(SUM(F$46,F49)*20%,"")) | G55: =IF(G18="","",IFERROR(SUM(G$46,G49)*20%,"")) | H55: =IF(H18="","",IFERROR(SUM(H$46,H49)*20%,"")) | I55: =IF(I18="","",IFERROR(SUM(I$46,I49)*20%,"")) | J55: =IF(J18="","",IFERROR(SUM(J$46,J49)*20%,"")) | K55: =IF(K18="","",IFERROR(SUM(K$46,K49)*20%,"")) | L55: =IF(L18="","",IFERROR(SUM(L$46,L49)*20%,"")) | ... X55: =IF(X18="","",IFERROR(SUM(X$46,X49)*20%,""))
C56: Sobre Horas Extras | D56: Sim | E56: =IFERROR(IF(E18="","",IF(D56="Não",0,E53*20%)),"") -> 23.5548 | F56: =IFERROR(IF(F18="","",IF(E56="Não",0,F53*20%)),"") | G56: =IFERROR(IF(G18="","",IF(F56="Não",0,G53*20%)),"") | H56: =IFERROR(IF(H18="","",IF(G56="Não",0,H53*20%)),"") | I56: =IFERROR(IF(I18="","",IF(H56="Não",0,I53*20%)),"") | J56: =IFERROR(IF(J18="","",IF(I56="Não",0,J53*20%)),"") | K56: =IFERROR(IF(K18="","",IF(J56="Não",0,K53*20%)),"") | L56: =IFERROR(IF(L18="","",IF(K56="Não",0,L53*20%)),"") | ... X56: =IFERROR(IF(X18="","",IF(W56="Não",0,X53*20%)),"")
C57: Sobre Adicional de Troca de Uniforme | E57: =IF(E21="","",IFERROR(E$59*20%,"")) -> 0 | F57: =IF(F21="","",IFERROR(F$59*20%,"")) | G57: =IF(G21="","",IFERROR(G$59*20%,"")) | H57: =IF(H21="","",IFERROR(H$59*20%,"")) | I57: =IF(I21="","",IFERROR(I$59*20%,"")) | J57: =IF(J21="","",IFERROR(J$59*20%,"")) | K57: =IF(K21="","",IFERROR(K$59*20%,"")) | L57: =IF(L21="","",IFERROR(L$59*20%,"")) | ... X57: =IF(X21="","",IFERROR(X$59*20%,""))
D58: Valor (R$) | E58: =IF(SUM(E55:E57)=0,"",SUM(E55:E57)) -> 23.5548 | F58: =IF(SUM(F55:F57)=0,"",SUM(F55:F57)) | G58: =IF(SUM(G55:G57)=0,"",SUM(G55:G57)) | H58: =IF(SUM(H55:H57)=0,"",SUM(H55:H57)) | I58: =IF(SUM(I55:I57)=0,"",SUM(I55:I57)) | J58: =IF(SUM(J55:J57)=0,"",SUM(J55:J57)) | K58: =IF(SUM(K55:K57)=0,"",SUM(K55:K57)) | L58: =IF(SUM(L55:L57)=0,"",SUM(L55:L57)) | ... X58: =IF(SUM(X55:X57)=0,"",SUM(X55:X57))
B59: I | C59: Adicional de Troca de Uniforme | E59: =IFERROR(IFERROR(VLOOKUP(E$18,'Apoio - Posto'!$A:$AA,12,0),"")*VLOOKUP(E26,'Apoio - Regime de Trabalho'!$A:$I,7,0),"") -> 0 | F59: =IFERROR(IFERROR(VLOOKUP(F$18,'Apoio - Posto'!$A:$AA,12,0),"")*VLOOKUP(F26,'Apoio - Regime de Trabalho'!$A:$I,7,0),"") | G59: =IFERROR(IFERROR(VLOOKUP(G$18,'Apoio - Posto'!$A:$AA,12,0),"")*VLOOKUP(G26,'Apoio - Regime de Trabalho'!$A:$I,7,0),"") | H59: =IFERROR(IFERROR(VLOOKUP(H$18,'Apoio - Posto'!$A:$AA,12,0),"")*VLOOKUP(H26,'Apoio - Regime de Trabalho'!$A:$I,7,0),"") | I59: =IFERROR(IFERROR(VLOOKUP(I$18,'Apoio - Posto'!$A:$AA,12,0),"")*VLOOKUP(I26,'Apoio - Regime de Trabalho'!$A:$I,7,0),"") | J59: =IFERROR(IFERROR(VLOOKUP(J$18,'Apoio - Posto'!$A:$AA,12,0),"")*VLOOKUP(J26,'Apoio - Regime de Trabalho'!$A:$I,7,0),"") | K59: =IFERROR(IFERROR(VLOOKUP(K$18,'Apoio - Posto'!$A:$AA,12,0),"")*VLOOKUP(K26,'Apoio - Regime de Trabalho'!$A:$I,7,0),"") | L59: =IFERROR(IFERROR(VLOOKUP(L$18,'Apoio - Posto'!$A:$AA,12,0),"")*VLOOKUP(L26,'Apoio - Regime de Trabalho'!$A:$I,7,0),"") | ... X59: =IFERROR(IFERROR(VLOOKUP(X$18,'Apoio - Posto'!$A:$AA,12,0),"")*VLOOKUP(X26,'Apoio - Regime de Trabalho'!$A:$I,7,0),"")
B60: J | C60: Outras remunerações (especificar)
C61: TOTAL MÓDULO 1 | E61: =IF(E21="","",SUM(E32,E35,E39,E42,E46,E49,E53,E58,E59,E60)) -> 2300.5188 | F61: =IF(F21="","",SUM(F32,F35,F39,F42,F46,F49,F53,F58,F59,F60)) | G61: =IF(G21="","",SUM(G32,G35,G39,G42,G46,G49,G53,G58,G59,G60)) | H61: =IF(H21="","",SUM(H32,H35,H39,H42,H46,H49,H53,H58,H59,H60)) | I61: =IF(I21="","",SUM(I32,I35,I39,I42,I46,I49,I53,I58,I59,I60)) | J61: =IF(J21="","",SUM(J32,J35,J39,J42,J46,J49,J53,J58,J59,J60)) | K61: =IF(K21="","",SUM(K32,K35,K39,K42,K46,K49,K53,K58,K59,K60)) | L61: =IF(L21="","",SUM(L32,L35,L39,L42,L46,L49,L53,L58,L59,L60)) | ... X61: =IF(X21="","",SUM(X32,X35,X39,X42,X46,X49,X53,X58,X59,X60))
C63: MÓDULO 2 - ENCARGOS E BENEFÍCIOS ANUAIS, MENSAIS E DIÁRIOS
C65: SUBMÓDULO 2.1 - 13º Salário, Férias e Adicional de Férias
B66: A | C66: 13º salário | D66: =IFERROR(INDEX('Apoio - Notas Explicativas'!Q:Q,MATCH(C66,'Apoio - Notas Explicativas'!C:C,0)),"") -> 0.0833 | E66: =IFERROR($D66*E$61,"") -> 191.63322 | F66: =IFERROR($D66*F$61,"") | G66: =IFERROR($D66*G$61,"") | H66: =IFERROR($D66*H$61,"") | I66: =IFERROR($D66*I$61,"") | J66: =IFERROR($D66*J$61,"") | K66: =IFERROR($D66*K$61,"") | L66: =IFERROR($D66*L$61,"") | ... X66: =IFERROR($D66*X$61,"")
B67: B | C67: Férias e Adicional de Férias | D67: =IFERROR(INDEX('Apoio - Notas Explicativas'!Q:Q,MATCH(C67,'Apoio - Notas Explicativas'!C:C,0)),"") -> 0.1111 | E67: =IFERROR($D67*E$61,"") -> 255.58764 | F67: =IFERROR($D67*F$61,"") | G67: =IFERROR($D67*G$61,"") | H67: =IFERROR($D67*H$61,"") | I67: =IFERROR($D67*I$61,"") | J67: =IFERROR($D67*J$61,"") | K67: =IFERROR($D67*K$61,"") | L67: =IFERROR($D67*L$61,"") | ... X67: =IFERROR($D67*X$61,"")
B68: C | C68: Incidência no Submódulo 2.2 sobre 13º salário e Férias | D68: =IFERROR(INDEX('Apoio - Notas Explicativas'!Q:Q,MATCH(C68,'Apoio - Notas Explicativas'!C:C,0)),"") -> 0.0716 | E68: =IFERROR($D68*E$61,"") -> 164.71715 | F68: =IFERROR($D68*F$61,"") | G68: =IFERROR($D68*G$61,"") | H68: =IFERROR($D68*H$61,"") | I68: =IFERROR($D68*I$61,"") | J68: =IFERROR($D68*J$61,"") | K68: =IFERROR($D68*K$61,"") | L68: =IFERROR($D68*L$61,"") | ... X68: =IFERROR($D68*X$61,"")
C69: TOTAL SUBMÓDULO 2.1 | E69: =IF(SUM(E66:E68)=0,"",SUM(E66:E68)) -> 611.938 | F69: =IF(SUM(F66:F68)=0,"",SUM(F66:F68)) | G69: =IF(SUM(G66:G68)=0,"",SUM(G66:G68)) | H69: =IF(SUM(H66:H68)=0,"",SUM(H66:H68)) | I69: =IF(SUM(I66:I68)=0,"",SUM(I66:I68)) | J69: =IF(SUM(J66:J68)=0,"",SUM(J66:J68)) | K69: =IF(SUM(K66:K68)=0,"",SUM(K66:K68)) | L69: =IF(SUM(L66:L68)=0,"",SUM(L66:L68)) | ... X69: =IF(SUM(X66:X68)=0,"",SUM(X66:X68))
C71: SUBMÓDULO 2.2 - Encargos Previdenciários e FGTS e Outras Contribuições
B72: A | C72: INSS | D72: =IFERROR(INDEX('Apoio - Notas Explicativas'!Q:Q,MATCH(C72,'Apoio - Notas Explicativas'!C:C,0)),"") -> 0.2 | E72: =IFERROR($D72*E$61,"") -> 460.10376 | F72: =IFERROR($D72*F$61,"") | G72: =IFERROR($D72*G$61,"") | H72: =IFERROR($D72*H$61,"") | I72: =IFERROR($D72*I$61,"") | J72: =IFERROR($D72*J$61,"") | K72: =IFERROR($D72*K$61,"") | L72: =IFERROR($D72*L$61,"") | ... X72: =IFERROR($D72*X$61,"")
B73: B | C73: SESI OU SESC | D73: =IFERROR(INDEX('Apoio - Notas Explicativas'!Q:Q,MATCH(C73,'Apoio - Notas Explicativas'!C:C,0)),"") -> 0.015 | E73: =IFERROR($D73*E$61,"") -> 34.507782 | F73: =IFERROR($D73*F$61,"") | G73: =IFERROR($D73*G$61,"") | H73: =IFERROR($D73*H$61,"") | I73: =IFERROR($D73*I$61,"") | J73: =IFERROR($D73*J$61,"") | K73: =IFERROR($D73*K$61,"") | L73: =IFERROR($D73*L$61,"") | ... X73: =IFERROR($D73*X$61,"")
B74: C | C74: SENAI OU SENAC | D74: =IFERROR(INDEX('Apoio - Notas Explicativas'!Q:Q,MATCH(C74,'Apoio - Notas Explicativas'!C:C,0)),"") -> 0.01 | E74: =IFERROR($D74*E$61,"") -> 23.005188 | F74: =IFERROR($D74*F$61,"") | G74: =IFERROR($D74*G$61,"") | H74: =IFERROR($D74*H$61,"") | I74: =IFERROR($D74*I$61,"") | J74: =IFERROR($D74*J$61,"") | K74: =IFERROR($D74*K$61,"") | L74: =IFERROR($D74*L$61,"") | ... X74: =IFERROR($D74*X$61,"")
B75: D | C75: INCRA | D75: =IFERROR(INDEX('Apoio - Notas Explicativas'!Q:Q,MATCH(C75,'Apoio - Notas Explicativas'!C:C,0)),"") -> 0.002 | E75: =IFERROR($D75*E$61,"") -> 4.6010376 | F75: =IFERROR($D75*F$61,"") | G75: =IFERROR($D75*G$61,"") | H75: =IFERROR($D75*H$61,"") | I75: =IFERROR($D75*I$61,"") | J75: =IFERROR($D75*J$61,"") | K75: =IFERROR($D75*K$61,"") | L75: =IFERROR($D75*L$61,"") | ... X75: =IFERROR($D75*X$61,"")
B76: E | C76: Salário educação | D76: =IFERROR(INDEX('Apoio - Notas Explicativas'!Q:Q,MATCH(C76,'Apoio - Notas Explicativas'!C:C,0)),"") -> 0.025 | E76: =IFERROR($D76*E$61,"") -> 57.51297 | F76: =IFERROR($D76*F$61,"") | G76: =IFERROR($D76*G$61,"") | H76: =IFERROR($D76*H$61,"") | I76: =IFERROR($D76*I$61,"") | J76: =IFERROR($D76*J$61,"") | K76: =IFERROR($D76*K$61,"") | L76: =IFERROR($D76*L$61,"") | ... X76: =IFERROR($D76*X$61,"")
B77: F | C77: FGTS | D77: =IFERROR(INDEX('Apoio - Notas Explicativas'!Q:Q,MATCH(C77,'Apoio - Notas Explicativas'!C:C,0)),"") -> 0.08 | E77: =IFERROR($D77*E$61,"") -> 184.0415 | F77: =IFERROR($D77*F$61,"") | G77: =IFERROR($D77*G$61,"") | H77: =IFERROR($D77*H$61,"") | I77: =IFERROR($D77*I$61,"") | J77: =IFERROR($D77*J$61,"") | K77: =IFERROR($D77*K$61,"") | L77: =IFERROR($D77*L$61,"") | ... X77: =IFERROR($D77*X$61,"")
B78: G | C78: =CONCATENATE("GILL/RAT (RAT ",D79," x FAP ",D80,")") -> GILL/RAT (RAT 0,03 x FAP 1)
C79: RAT | D79: =VLOOKUP(C79,'Apoio - Notas Explicativas'!$C:$Q,14,0) -> 0.03
C80: FAP | D80: =VLOOKUP(C80,'Apoio - Notas Explicativas'!$C:$Q,14,0) -> 1
D81: =D80*D79 -> 0.03 | E81: =IFERROR($D81*E$61,"") -> 69.015564 | F81: =IFERROR($D81*F$61,"") | G81: =IFERROR($D81*G$61,"") | H81: =IFERROR($D81*H$61,"") | I81: =IFERROR($D81*I$61,"") | J81: =IFERROR($D81*J$61,"") | K81: =IFERROR($D81*K$61,"") | L81: =IFERROR($D81*L$61,"") | ... X81: =IFERROR($D81*X$61,"")
B82: H | C82: SEBRAE | D82: =IFERROR(INDEX('Apoio - Notas Explicativas'!Q:Q,MATCH(C82,'Apoio - Notas Explicativas'!C:C,0)),"") -> 0.006 | E82: =IFERROR($D82*E$61,"") -> 13.803113 | F82: =IFERROR($D82*F$61,"") | G82: =IFERROR($D82*G$61,"") | H82: =IFERROR($D82*H$61,"") | I82: =IFERROR($D82*I$61,"") | J82: =IFERROR($D82*J$61,"") | K82: =IFERROR($D82*K$61,"") | L82: =IFERROR($D82*L$61,"") | ... X82: =IFERROR($D82*X$61,"")
C83: TOTAL SUBMÓDULO 2.2 | E83: =IF((SUM(E72:E77,E81,E82))=0,"",(SUM(E72:E77,E81,E82))) -> 846.59092 | F83: =IF((SUM(F72:F77,F81,F82))=0,"",(SUM(F72:F77,F81,F82))) | G83: =IF((SUM(G72:G77,G81,G82))=0,"",(SUM(G72:G77,G81,G82))) | H83: =IF((SUM(H72:H77,H81,H82))=0,"",(SUM(H72:H77,H81,H82))) | I83: =IF((SUM(I72:I77,I81,I82))=0,"",(SUM(I72:I77,I81,I82))) | J83: =IF((SUM(J72:J77,J81,J82))=0,"",(SUM(J72:J77,J81,J82))) | K83: =IF((SUM(K72:K77,K81,K82))=0,"",(SUM(K72:K77,K81,K82))) | L83: =IF((SUM(L72:L77,L81,L82))=0,"",(SUM(L72:L77,L81,L82))) | ... X83: =IF((SUM(X72:X77,X81,X82))=0,"",(SUM(X72:X77,X81,X82)))
C85: SUBMÓDULO 2.3 - Encargos e Benefícios Anuais, Mensais e Diários
B86: A | C86: Auxílio Transporte
C87: Valor da passagem do transporte coletivo | E87: =IF(E18="","",5) -> 5 | F87: =IF(F18="","",5) | G87: =IF(G18="","",5) | H87: =IF(H18="","",5) | I87: =IF(I18="","",5) | J87: =IF(J18="","",4.8) | K87: =IF(K18="","",4.8) | L87: =IF(L18="","",4.8) | M87: =IF(M18="","",4.8) | N87: =IF(N18="","",4.8) | O87: =IF(O18="","",4.8) | P87: =IF(P18="","",4.8) | Q87: =IF(Q18="","",4.8) | ... X87: =IF(X18="","",4.8)
C88: Quantidade de passagens por dia | E88: =IF(E18="","",2) -> 2 | F88: =IF(F18="","",2) | G88: =IF(G18="","",2) | H88: =IF(H18="","",2) | I88: =IF(I18="","",2) | J88: =IF(J18="","",2) | K88: =IF(K18="","",2) | L88: =IF(L18="","",2) | ... X88: =IF(X18="","",2)
C89: Quantidade de dias do mês de recebimento | E89: =IFERROR(IF(E18="","",VLOOKUP(E26,'Apoio - Regime de Trabalho'!$A:$G,7,0)),"") -> 22 | F89: =IFERROR(IF(F18="","",VLOOKUP(F26,'Apoio - Regime de Trabalho'!$A:$G,7,0)),"") | G89: =IFERROR(IF(G18="","",VLOOKUP(G26,'Apoio - Regime de Trabalho'!$A:$G,7,0)),"") | H89: =IFERROR(IF(H18="","",VLOOKUP(H26,'Apoio - Regime de Trabalho'!$A:$G,7,0)),"") | I89: =IFERROR(IF(I18="","",VLOOKUP(I26,'Apoio - Regime de Trabalho'!$A:$G,7,0)),"") | J89: =IFERROR(IF(J18="","",VLOOKUP(J26,'Apoio - Regime de Trabalho'!$A:$G,7,0)),"") | K89: =IFERROR(IF(K18="","",VLOOKUP(K26,'Apoio - Regime de Trabalho'!$A:$G,7,0)),"") | L89: =IFERROR(IF(L18="","",VLOOKUP(L26,'Apoio - Regime de Trabalho'!$A:$G,7,0)),"") | ... X89: =IFERROR(IF(X18="","",VLOOKUP(X26,'Apoio - Regime de Trabalho'!$A:$G,7,0)),"")
C90: Participação do empregado no custo | E90: =IF(E18="","",IFERROR(VLOOKUP(E$18,'Apoio - Posto'!$A:$AA,16,0),6%)) -> 0.06 | F90: =IF(F18="","",IFERROR(VLOOKUP(F$18,'Apoio - Posto'!$A:$AA,16,0),6%)) | G90: =IF(G18="","",IFERROR(VLOOKUP(G$18,'Apoio - Posto'!$A:$AA,16,0),6%)) | H90: =IF(H18="","",IFERROR(VLOOKUP(H$18,'Apoio - Posto'!$A:$AA,16,0),6%)) | I90: =IF(I18="","",IFERROR(VLOOKUP(I$18,'Apoio - Posto'!$A:$AA,16,0),6%)) | J90: =IF(J18="","",IFERROR(VLOOKUP(J$18,'Apoio - Posto'!$A:$AA,16,0),6%)) | K90: =IF(K18="","",IFERROR(VLOOKUP(K$18,'Apoio - Posto'!$A:$AA,16,0),6%)) | L90: =IF(L18="","",IFERROR(VLOOKUP(L$18,'Apoio - Posto'!$A:$AA,16,0),6%)) | ... X90: =IF(X18="","",IFERROR(VLOOKUP(X$18,'Apoio - Posto'!$A:$AA,16,0),6%))
D91: Valor (R$) | E91: =IFERROR(MAX((E87*E88*E89)-(E$90*E$32),0),"") -> 90.4486 | F91: =IFERROR(MAX((F87*F88*F89)-(F$90*F$32),0),"") | G91: =IFERROR(MAX((G87*G88*G89)-(G$90*G$32),0),"") | H91: =IFERROR(MAX((H87*H88*H89)-(H$90*H$32),0),"") | I91: =IFERROR(MAX((I87*I88*I89)-(I$90*I$32),0),"") | J91: =IFERROR(MAX((J87*J88*J89)-(J$90*J$32),0),"") | K91: =IFERROR(MAX((K87*K88*K89)-(K$90*K$32),0),"") | L91: =IFERROR(MAX((L87*L88*L89)-(L$90*L$32),0),"") | ... X91: =IFERROR(MAX((X87*X88*X89)-(X$90*X$32),0),"")
B92: B | C92: Auxílio-Refeição/Alimentação
C93: Valor do Auxílio-Alimentação | E93: =IFERROR(VLOOKUP(E$18,'Apoio - Posto'!$A:$AA,IF(VLOOKUP(E26,'Apoio - Regime de Trabalho'!$A:$I,8,0)>=200,9,10),0),"") -> 30 | F93: =IFERROR(VLOOKUP(F$18,'Apoio - Posto'!$A:$AA,IF(VLOOKUP(F26,'Apoio - Regime de Trabalho'!$A:$I,8,0)>=200,9,10),0),"") | G93: =IFERROR(VLOOKUP(G$18,'Apoio - Posto'!$A:$AA,IF(VLOOKUP(G26,'Apoio - Regime de Trabalho'!$A:$I,8,0)>=200,9,10),0),"") | H93: =IFERROR(VLOOKUP(H$18,'Apoio - Posto'!$A:$AA,IF(VLOOKUP(H26,'Apoio - Regime de Trabalho'!$A:$I,8,0)>=200,9,10),0),"") | I93: =IFERROR(VLOOKUP(I$18,'Apoio - Posto'!$A:$AA,IF(VLOOKUP(I26,'Apoio - Regime de Trabalho'!$A:$I,8,0)>=200,9,10),0),"") | J93: =IFERROR(VLOOKUP(J$18,'Apoio - Posto'!$A:$AA,IF(VLOOKUP(J26,'Apoio - Regime de Trabalho'!$A:$I,8,0)>=200,9,10),0),"") | K93: =IFERROR(VLOOKUP(K$18,'Apoio - Posto'!$A:$AA,IF(VLOOKUP(K26,'Apoio - Regime de Trabalho'!$A:$I,8,0)>=200,9,10),0),"") | L93: =IFERROR(VLOOKUP(L$18,'Apoio - Posto'!$A:$AA,IF(VLOOKUP(L26,'Apoio - Regime de Trabalho'!$A:$I,8,0)>=200,9,10),0),"") | ... X93: =IFERROR(VLOOKUP(X$18,'Apoio - Posto'!$A:$AA,IF(VLOOKUP(X26,'Apoio - Regime de Trabalho'!$A:$I,8,0)>=200,9,10),0),"")
C94: Quantidade de vales recebidos por funcionário | E94: =IFERROR(IF(E18="","",VLOOKUP(E26,'Apoio - Regime de Trabalho'!$A:$G,7,0)),"") -> 22 | F94: =IFERROR(IF(F18="","",VLOOKUP(F26,'Apoio - Regime de Trabalho'!$A:$G,7,0)),"") | G94: =IFERROR(IF(G18="","",VLOOKUP(G26,'Apoio - Regime de Trabalho'!$A:$G,7,0)),"") | H94: =IFERROR(IF(H18="","",VLOOKUP(H26,'Apoio - Regime de Trabalho'!$A:$G,7,0)),"") | I94: =IFERROR(IF(I18="","",VLOOKUP(I26,'Apoio - Regime de Trabalho'!$A:$G,7,0)),"") | J94: =IFERROR(IF(J18="","",VLOOKUP(J26,'Apoio - Regime de Trabalho'!$A:$G,7,0)),"") | K94: =IFERROR(IF(K18="","",VLOOKUP(K26,'Apoio - Regime de Trabalho'!$A:$G,7,0)),"") | L94: =IFERROR(IF(L18="","",VLOOKUP(L26,'Apoio - Regime de Trabalho'!$A:$G,7,0)),"") | ... X94: =IFERROR(IF(X18="","",VLOOKUP(X26,'Apoio - Regime de Trabalho'!$A:$G,7,0)),"")
C95: Participação do empregado no custo (%) | E95: =IFERROR(VLOOKUP(E$18,'Apoio - Posto'!$A:$AA,17,0),"") -> 0.2 | F95: =IFERROR(VLOOKUP(F$18,'Apoio - Posto'!$A:$AA,17,0),"") | G95: =IFERROR(VLOOKUP(G$18,'Apoio - Posto'!$A:$AA,17,0),"") | H95: =IFERROR(VLOOKUP(H$18,'Apoio - Posto'!$A:$AA,17,0),"") | I95: =IFERROR(VLOOKUP(I$18,'Apoio - Posto'!$A:$AA,17,0),"") | J95: =IFERROR(VLOOKUP(J$18,'Apoio - Posto'!$A:$AA,17,0),"") | K95: =IFERROR(VLOOKUP(K$18,'Apoio - Posto'!$A:$AA,17,0),"") | L95: =IFERROR(VLOOKUP(L$18,'Apoio - Posto'!$A:$AA,17,0),"") | ... X95: =IFERROR(VLOOKUP(X$18,'Apoio - Posto'!$A:$AA,17,0),"")
D96: Valor (R$) | E96: =IFERROR((E93*E94)-(E$93*E$94*E$95),"") -> 528 | F96: =IFERROR((F93*F94)-(F$93*F$94*F$95),"") | G96: =IFERROR((G93*G94)-(G$93*G$94*G$95),"") | H96: =IFERROR((H93*H94)-(H$93*H$94*H$95),"") | I96: =IFERROR((I93*I94)-(I$93*I$94*I$95),"") | J96: =IFERROR((J93*J94)-(J$93*J$94*J$95),"") | K96: =IFERROR((K93*K94)-(K$93*K$94*K$95),"") | L96: =IFERROR((L93*L94)-(L$93*L$94*L$95),"") | ... X96: =IFERROR((X93*X94)-(X$93*X$94*X$95),"")
B97: C | C97: Assistência Médica e Familiar
C98: Valor previsto em CCT/ACT
C99: Participação do empregado no custo (%)
D100: Valor (R$) | E100: =IF(E21="","",IFERROR((E$98)-(E$99*E$98),"")) -> 0 | F100: =IF(F21="","",IFERROR((F$98)-(F$99*F$98),"")) | G100: =IF(G21="","",IFERROR((G$98)-(G$99*G$98),"")) | H100: =IF(H21="","",IFERROR((H$98)-(H$99*H$98),"")) | I100: =IF(I21="","",IFERROR((I$98)-(I$99*I$98),"")) | J100: =IF(J21="","",IFERROR((J$98)-(J$99*J$98),"")) | K100: =IF(K21="","",IFERROR((K$98)-(K$99*K$98),"")) | L100: =IF(L21="","",IFERROR((L$98)-(L$99*L$98),"")) | ... X100: =IF(X21="","",IFERROR((X$98)-(X$99*X$98),""))
B101: D | C101: Seguro de vida em grupo | E101: =IFERROR(VLOOKUP(E$18,'Apoio - Posto'!$A:$AA,19,0),"") -> 24.1 | F101: =IFERROR(VLOOKUP(F$18,'Apoio - Posto'!$A:$AA,19,0),"") | G101: =IFERROR(VLOOKUP(G$18,'Apoio - Posto'!$A:$AA,19,0),"") | H101: =IFERROR(VLOOKUP(H$18,'Apoio - Posto'!$A:$AA,19,0),"") | I101: =IFERROR(VLOOKUP(I$18,'Apoio - Posto'!$A:$AA,19,0),"") | J101: =IFERROR(VLOOKUP(J$18,'Apoio - Posto'!$A:$AA,19,0),"") | K101: =IFERROR(VLOOKUP(K$18,'Apoio - Posto'!$A:$AA,19,0),"") | L101: =IFERROR(VLOOKUP(L$18,'Apoio - Posto'!$A:$AA,19,0),"") | ... X101: =IFERROR(VLOOKUP(X$18,'Apoio - Posto'!$A:$AA,19,0),"")
B102: E | C102: Auxílio-Funeral
B103: F | C103: Cesta Básica
C104: Valor previsto em CCT/ACT
C105: Participação do empregado no custo
D106: Valor (R$) | E106: =IF(E21="","",IFERROR((E104)-(E$105*E$104),"")) -> 0 | F106: =IF(F21="","",IFERROR((F104)-(F$105*F$104),"")) | G106: =IF(G21="","",IFERROR((G104)-(G$105*G$104),"")) | H106: =IF(H21="","",IFERROR((H104)-(H$105*H$104),"")) | I106: =IF(I21="","",IFERROR((I104)-(I$105*I$104),"")) | J106: =IF(J21="","",IFERROR((J104)-(J$105*J$104),"")) | K106: =IF(K21="","",IFERROR((K104)-(K$105*K$104),"")) | L106: =IF(L21="","",IFERROR((L104)-(L$105*L$104),"")) | ... X106: =IF(X21="","",IFERROR((X104)-(X$105*X$104),""))
B107: G | C107: Plano de Benefício Social Familiar | D107: =IFERROR(VLOOKUP(E18,'Apoio - Posto'!A:J,14,0),"") | E107: =IFERROR(VLOOKUP(E$18,'Apoio - Posto'!$A:$AA,18,0),"") -> 0 | F107: =IFERROR(VLOOKUP(F$18,'Apoio - Posto'!$A:$AA,18,0),"") | G107: =IFERROR(VLOOKUP(G$18,'Apoio - Posto'!$A:$AA,18,0),"") | H107: =IFERROR(VLOOKUP(H$18,'Apoio - Posto'!$A:$AA,18,0),"") | I107: =IFERROR(VLOOKUP(I$18,'Apoio - Posto'!$A:$AA,18,0),"") | J107: =IFERROR(VLOOKUP(J$18,'Apoio - Posto'!$A:$AA,18,0),"") | K107: =IFERROR(VLOOKUP(K$18,'Apoio - Posto'!$A:$AA,18,0),"") | L107: =IFERROR(VLOOKUP(L$18,'Apoio - Posto'!$A:$AA,18,0),"") | ... X107: =IFERROR(VLOOKUP(X$18,'Apoio - Posto'!$A:$AA,18,0),"")
B108: H | C108: Outros (especificar)
...

Sheet Mat Individual e Uniformes
B2: UNIFORMES, MATERIAIS DE USO INDIVIDUAL, CURSOS E TREINAMENTOS | J2: QUANTIDADE CONTRATUAL POR PROFISSIONAL
B3: Nº | C3: Código | D3: Descrição | E3: Unidade | F3: Valor (R$) | G3: Taxa de depreciação anual | H3: Valor pago durante a vigência do contrato | J3: =IF(IFERROR(SUM(Produtividade!$L$193:$L$218)>0,FALSE()),Produtividade!E17,'Mão de Obra'!E17) -> Posto A | K3: =IF(IFERROR(SUM(Produtividade!$L$193:$L$218)>0,FALSE()),Produtividade!F17,'Mão de Obra'!F17) -> Posto B | L3: =IF(IFERROR(SUM(Produtividade!$L$193:$L$218)>0,FALSE()),Produtividade!G17,'Mão de Obra'!G17) -> Posto C | M3: =IF(IFERROR(SUM(Produtividade!$L$193:$L$218)>0,FALSE()),Produtividade!H17,'Mão de Obra'!H17) -> Posto D | N3: =IF(IFERROR(SUM(Produtividade!$L$193:$L$218)>0,FALSE()),Produtividade!I17,'Mão de Obra'!I17) -> Posto E | O3: =IF(IFERROR(SUM(Produtividade!$L$193:$L$218)>0,FALSE()),Produtividade!J17,'Mão de Obra'!J17) -> Posto F | P3: =IF(IFERROR(SUM(Produtividade!$L$193:$L$218)>0,FALSE()),Produtividade!K17,'Mão de Obra'!K17) -> Posto G | Q3: =IF(IFERROR(SUM(Produtividade!$L$193:$L$218)>0,FALSE()),Produtividade!L17,'Mão de Obra'!L17) -> Posto H | ... AC3: =IF(IFERROR(SUM(Produtividade!$L$193:$L$218)>0,FALSE()),Produtividade!X17,'Mão de Obra'!X17) -> Posto T
F4: TOTAL CONTRATUAL: | J4: =IFERROR(ROUND(SUMPRODUCT(J6:J1000,$H$6:$H$1000),2),"") -> 1497.64 | K4: =IFERROR(ROUND(SUMPRODUCT(K6:K1000,$H$6:$H$1000),2),"") -> 0 | L4: =IFERROR(ROUND(SUMPRODUCT(L6:L1000,$H$6:$H$1000),2),"") -> 0 | M4: =IFERROR(ROUND(SUMPRODUCT(M6:M1000,$H$6:$H$1000),2),"") -> 0 | N4: =IFERROR(ROUND(SUMPRODUCT(N6:N1000,$H$6:$H$1000),2),"") -> 0 | O4: =IFERROR(ROUND(SUMPRODUCT(O6:O1000,$H$6:$H$1000),2),"") -> 0 | P4: =IFERROR(ROUND(SUMPRODUCT(P6:P1000,$H$6:$H$1000),2),"") -> 0 | Q4: =IFERROR(ROUND(SUMPRODUCT(Q6:Q1000,$H$6:$H$1000),2),"") -> 0 | ... AC4: =IFERROR(ROUND(SUMPRODUCT(AC6:AC1000,$H$6:$H$1000),2),"") -> 0
B6: 1 | D6: crachá de identificação | E6: unidade | F6: 7.9 | H6: =IFERROR(IF(ISNUMBER(G6),G6*'Mão de Obra'!$D$12/12,1)*F6,"") -> 7.9 | J6: 1
B7: 2 | D7: calça preta | E7: unidade | F7: 59 | H7: =IFERROR(IF(ISNUMBER(G7),G7*'Mão de Obra'!$D$12/12,1)*F7,"") -> 59 | J7: 4
B8: 3 | D8: camisa social manga curta, branca | E8: unidade | F8: 90 | H8: =IFERROR(IF(ISNUMBER(G8),G8*'Mão de Obra'!$D$12/12,1)*F8,"") -> 90 | J8: 4
B9: 4 | D9: camisa social manga longa, branca | E9: unidade | F9: 106.63 | H9: =IFERROR(IF(ISNUMBER(G9),G9*'Mão de Obra'!$D$12/12,1)*F9,"") -> 106.63 | J9: 4
B10: 5 | D10: cinto de couro | E10: unidade | F10: 26.18 | H10: =IFERROR(IF(ISNUMBER(G10),G10*'Mão de Obra'!$D$12/12,1)*F10,"") -> 26.18 | J10: 1
B11: 6 | D11: sapato/tênis | E11: par | F11: 86.45 | H11: =IFERROR(IF(ISNUMBER(G11),G11*'Mão de Obra'!$D$12/12,1)*F11,"") -> 86.45 | J11: 2
B12: 7 | D12: meia | E12: par | F12: 7.95 | H12: =IFERROR(IF(ISNUMBER(G12),G12*'Mão de Obra'!$D$12/12,1)*F12,"") -> 7.95 | J12: 4
B13: 8 | D13: jaqueta/japona/paletó | E13: unidade | F13: 158.7 | H13: =IFERROR(IF(ISNUMBER(G13),G13*'Mão de Obra'!$D$12/12,1)*F13,"") -> 158.7 | J13: 1
B14: 9 | D14: controle de ponto digital | E14: licença | F14: 6.47 | H14: =IFERROR(IF(ISNUMBER(G14),G14*'Mão de Obra'!$D$12/12,1)*F14,"") -> 6.47 | J14: 12
B15: 10 | H15: =IFERROR(IF(ISNUMBER(G15),G15*'Mão de Obra'!$D$12/12,1)*F15,"") -> 0
B16: 11 | H16: =IFERROR(IF(ISNUMBER(G16),G16*'Mão de Obra'!$D$12/12,1)*F16,"") -> 0
B17: 12 | H17: =IFERROR(IF(ISNUMBER(G17),G17*'Mão de Obra'!$D$12/12,1)*F17,"") -> 0
B18: 13 | H18: =IFERROR(IF(ISNUMBER(G18),G18*'Mão de Obra'!$D$12/12,1)*F18,"") -> 0
B19: 14 | H19: =IFERROR(IF(ISNUMBER(G19),G19*'Mão de Obra'!$D$12/12,1)*F19,"") -> 0
B20: 15 | H20: =IFERROR(IF(ISNUMBER(G20),G20*'Mão de Obra'!$D$12/12,1)*F20,"") -> 0
B21: 16 | H21: =IFERROR(IF(ISNUMBER(G21),G21*'Mão de Obra'!$D$12/12,1)*F21,"") -> 0
B22: 17 | H22: =IFERROR(IF(ISNUMBER(G22),G22*'Mão de Obra'!$D$12/12,1)*F22,"") -> 0
B23: 18 | H23: =IFERROR(IF(ISNUMBER(G23),G23*'Mão de Obra'!$D$12/12,1)*F23,"") -> 0
B24: 19 | H24: =IFERROR(IF(ISNUMBER(G24),G24*'Mão de Obra'!$D$12/12,1)*F24,"") -> 0
B25: 20 | H25: =IFERROR(IF(ISNUMBER(G25),G25*'Mão de Obra'!$D$12/12,1)*F25,"") -> 0

Sheet Mat Coletivo e Equipamentos
B2: CUSTOS DIRETOS COM MATERIAIS E EQUIPAMENTOS DE USO COLETIVO
B3: Nº | C3: Código | D3: Descrição | E3: Unidade | F3: Quantidade contratual | G3: Valor (R$) | H3: Taxa de depreciação anual | I3: Custo direto mensal | J3: Custo direto contratual
I4: =SUM(I5:I251) -> 65.483833 | J4: =SUM(J5:J251) -> 3929.03
B6: 1 | D6: smartphone | E6: unidade | F6: 1 | G6: 631.43 | H6: 0.2 | I6: =IFERROR(J6/'Mão de Obra'!$D$12,"") -> 10.523833 | J6: =IFERROR(IF(ISNUMBER(H6),H6*'Mão de Obra'!$D$12/12,1)*G6*F6,"") -> 631.43
B7: 2 | D7: dados para internet e operadora com sinal disponível mínimo 8GB/mês | E7: mês | F7: 60 | G7: 54.96 | I7: =IFERROR(J7/'Mão de Obra'!$D$12,"") -> 54.96 | J7: =IFERROR(IF(ISNUMBER(H7),H7*'Mão de Obra'!$D$12/12,1)*G7*F7,"") -> 3297.6
B8: 3 | I8: =IFERROR(J8/'Mão de Obra'!$D$12,"") -> 0 | J8: =IFERROR(IF(ISNUMBER(H8),H8*'Mão de Obra'!$D$12/12,1)*G8*F8,"") -> 0
B9: 4 | I9: =IFERROR(J9/'Mão de Obra'!$D$12,"") -> 0 | J9: =IFERROR(IF(ISNUMBER(H9),H9*'Mão de Obra'!$D$12/12,1)*G9*F9,"") -> 0
B10: 5 | I10: =IFERROR(J10/'Mão de Obra'!$D$12,"") -> 0 | J10: =IFERROR(IF(ISNUMBER(H10),H10*'Mão de Obra'!$D$12/12,1)*G10*F10,"") -> 0
B11: 6 | I11: =IFERROR(J11/'Mão de Obra'!$D$12,"") -> 0 | J11: =IFERROR(IF(ISNUMBER(H11),H11*'Mão de Obra'!$D$12/12,1)*G11*F11,"") -> 0
B12: 7 | I12: =IFERROR(J12/'Mão de Obra'!$D$12,"") -> 0 | J12: =IFERROR(IF(ISNUMBER(H12),H12*'Mão de Obra'!$D$12/12,1)*G12*F12,"") -> 0
B13: 8 | I13: =IFERROR(J13/'Mão de Obra'!$D$12,"") -> 0 | J13: =IFERROR(IF(ISNUMBER(H13),H13*'Mão de Obra'!$D$12/12,1)*G13*F13,"") -> 0
B14: 9 | I14: =IFERROR(J14/'Mão de Obra'!$D$12,"") -> 0 | J14: =IFERROR(IF(ISNUMBER(H14),H14*'Mão de Obra'!$D$12/12,1)*G14*F14,"") -> 0
B15: 10 | I15: =IFERROR(J15/'Mão de Obra'!$D$12,"") -> 0 | J15: =IFERROR(IF(ISNUMBER(H15),H15*'Mão de Obra'!$D$12/12,1)*G15*F15,"") -> 0
B16: 11 | I16: =IFERROR(J16/'Mão de Obra'!$D$12,"") -> 0 | J16: =IFERROR(IF(ISNUMBER(H16),H16*'Mão de Obra'!$D$12/12,1)*G16*F16,"") -> 0
B17: 12 | I17: =IFERROR(J17/'Mão de Obra'!$D$12,"") -> 0 | J17: =IFERROR(IF(ISNUMBER(H17),H17*'Mão de Obra'!$D$12/12,1)*G17*F17,"") -> 0
B18: 13 | I18: =IFERROR(J18/'Mão de Obra'!$D$12,"") -> 0 | J18: =IFERROR(IF(ISNUMBER(H18),H18*'Mão de Obra'!$D$12/12,1)*G18*F18,"") -> 0
B19: 14 | I19: =IFERROR(J19/'Mão de Obra'!$D$12,"") -> 0 | J19: =IFERROR(IF(ISNUMBER(H19),H19*'Mão de Obra'!$D$12/12,1)*G19*F19,"") -> 0
... B205: 200 | I205: =IFERROR(J205/'Mão de Obra'!$D$12,"") -> 0 | J205: =IFERROR(IF(ISNUMBER(H205),H205*'Mão de Obra'!$D$12/12,1)*G205*F205,"") -> 0

Sheet Veículos
C2: DADOS REFERENTES À CONTRATAÇÃO | E2: Veículo A | F2: Veículo B | G2: Veículo C | H2: Veículo D | I2: Veículo E
C3: Tipo de Veículo | E3: Van mín. 14 passageiros
C4: Quantidade de veículos | E4: 1
C5: Quilômetros por mês | E5: 2600
C7: DETALHAMENTO MÓDULO 1 - MANUTENÇÃO MENSAL DO VEÍCULO
B8: A | C8: Custos com Combustível
C9: Quilometragem/litro | E9: 8
C10: Tipo de Combustível | E10: Diesel
C11: Preço por litro | E11: 6.16
D12: Valor (R$) | E12: =IFERROR(E5*E11/E9,"") -> 2002 | F12: =IFERROR(F5*F11/F9,"") | G12: =IFERROR(G5*G11/G9,"") | H12: =IFERROR(H5*H11/H9,"") | I12: =IFERROR(I5*I11/I9,"")
B13: B | C13: Custos com Óleo
C14: Litros por troca | E14: 12
C15: Frequência da troca (em km) | E15: 10000
C16: Preço por Litro - Óleo Motor | E16: 40
D17: Valor (R$) | E17: =IFERROR(IF(E3="","",E16*E14*E5/E15),"") -> 124.8 | F17: =IFERROR(IF(F3="","",F16*F14*F5/F15),"") | G17: =IFERROR(IF(G3="","",G16*G14*G5/G15),"") | H17: =IFERROR(IF(H3="","",H16*H14*H5/H15),"") | I17: =IFERROR(IF(I3="","",I16*I14*I5/I15),"")
B18: C | C18: Custos com Filtro Óleo
C19: Frequência da troca (em km) | E19: 10000
C20: Preço Filtro de óleo | E20: 30
D21: Valor (R$) | E21: =IFERROR(IF(E3="","",E20*E5/E19),"") -> 7.8 | F21: =IFERROR(IF(F3="","",F20*F5/F19),"") | G21: =IFERROR(IF(G3="","",G20*G5/G19),"") | H21: =IFERROR(IF(H3="","",H20*H5/H19),"") | I21: =IFERROR(IF(I3="","",I20*I5/I19),"")
B22: D | C22: Custo com Pneu
C23: Custo do jogo de pneus | E23: 1000
C24: Quantidade | E24: 4
C25: Durabilidade (em Km) | E25: 50000
D26: Valor (R$) | E26: =IFERROR((E23*E24*E5/E25),"") -> 208 | F26: =IFERROR((F23*F24*F5/F25),"") | G26: =IFERROR((G23*G24*G5/G25),"") | H26: =IFERROR((H23*H24*H5/H25),"") | I26: =IFERROR((I23*I24*I5/I25),"")
B27: E | C27: Custo estimado com manutenção
C28: Taxa de manutenção anual | E28: 0.03
C29: Custo de aquisição do veículo | E29: 204542.33
C30: Outros custos (especificar)
C31: Outros custos (especificar)
C32: Custo de aquisição do veículo (total) | E32: =IF(E3="","",SUM(E29:E31)) -> 204542.33 | F32: =IF(F3="","",SUM(F29:F31)) | G32: =IF(G3="","",SUM(G29:G31)) | H32: =IF(H3="","",SUM(H29:H31)) | I32: =IF(I3="","",SUM(I29:I31))
D33: Valor (R$) | E33: =IF(E3="","",E28*E32/12) -> 511.35582 | F33: =IF(F3="","",F28*F32/12) | G33: =IF(G3="","",G28*G32/12) | H33: =IF(H3="","",H28*H32/12) | I33: =IF(I3="","",I28*I32/12)
C34: SUBTOTAL MÓDULO | E34: =IF(E3="","",SUM(E12,E17,E21,E26,E33)) -> 2853.9558 | F34: =IF(F3="","",SUM(F12,F17,F21,F26,F33)) | G34: =IF(G3="","",SUM(G12,G17,G21,G26,G33)) | H34: =IF(H3="","",SUM(H12,H17,H21,H26,H33)) | I34: =IF(I3="","",SUM(I12,I17,I21,I26,I33))
C36: DETALHAMENTO MÓDULO 2 - CUSTOS OBRIGATÓRIOS MENSAIS DO VEÍCULO
B37: A | C37: IPVA | D37: 0.01 | E37: =IF(E3="","",E29*$D$37/Proposta!$J$6) -> 34.090388 | F37: =IF(F3="","",F29*$D$37/Proposta!$J$6) | G37: =IF(G3="","",G29*$D$37/Proposta!$J$6) | H37: =IF(H3="","",H29*$D$37/Proposta!$J$6) | I37: =IF(I3="","",I29*$D$37/Proposta!$J$6)
B38: B | C38: Licenciamento | D38: 286.94 | E38: =IF(E$3="","",$D$38/Proposta!$J$6) -> 4.7823333 | F38: =IF(F$3="","",$D$38/Proposta!$J$6) | G38: =IF(G$3="","",$D$38/Proposta!$J$6) | H38: =IF(H$3="","",$D$38/Proposta!$J$6) | I38: =IF(I$3="","",$D$38/Proposta!$J$6)
B39: C | C39: Vistoria EPTC
C40: Quantidade de vistorias no período contratual | E40: 2
C41: Valor da vistoria | E41: =IF(E3="","",77.88) -> 77.88 | F41: =IF(F3="","",77.88) | G41: =IF(G3="","",77.88) | H41: =IF(H3="","",77.88) | I41: =IF(I3="","",77.88)
D42: Valor (R$) | E42: =IF(E$3="","",E40*E41/Proposta!$J$6) -> 2.596 | F42: =IF(F$3="","",F40*F41/Proposta!$J$6) | G42: =IF(G$3="","",G40*G41/Proposta!$J$6) | H42: =IF(H$3="","",H40*H41/Proposta!$J$6) | I42: =IF(I$3="","",I40*I41/Proposta!$J$6)
B43: D | C43: Seguro contra terceiros | D43: 0.02 | E43: =IF(E3="","",E32*$D$43/Proposta!$J$6) -> 68.180777 | F43: =IF(F3="","",F32*$D$43/Proposta!$J$6) | G43: =IF(G3="","",G32*$D$43/Proposta!$J$6) | H43: =IF(H3="","",H32*$D$43/Proposta!$J$6) | I43: =IF(I3="","",I32*$D$43/Proposta!$J$6)
B44: E | C44: Rastreador GPS
C45: Custos de instalação (informar custo total) | E45: 290
C46: Custos de mensalidade | E46: 139
D47: Valor (R$) | E47: =IF(E3="","",IFERROR((E45/Proposta!$J$6)+E46,0)) -> 143.83333 | F47: =IF(F3="","",IFERROR((F45/Proposta!$J$6)+F46,0)) | G47: =IF(G3="","",IFERROR((G45/Proposta!$J$6)+G46,0)) | H47: =IF(H3="","",IFERROR((H45/Proposta!$J$6)+H46,0)) | I47: =IF(I3="","",IFERROR((I45/Proposta!$J$6)+I46,0))
C48: SUBTOTAL MÓDULO 2 | E48: =IF(E3="","",SUM(E37,E38,E42,E43,E47)) -> 253.48283 | F48: =IF(F3="","",SUM(F37,F38,F42,F43,F47)) | G48: =IF(G3="","",SUM(G37,G38,G42,G43,G47)) | H48: =IF(H3="","",SUM(H37,H38,H42,H43,H47)) | I48: =IF(I3="","",SUM(I37,I38,I42,I43,I47))
C50: DETALHAMENTO MÓDULO 3 - REMUNERAÇÃO DO CAPITAL E DEPRECIAÇÃO MENSAL DO VEÍCULO
B51: A | C51: Depreciação mensal | D51: =IFERROR(($D$53)/D52,"") -> 0.0033333333
C52: Tempo de depreciação | D52: 120
C53: Valor a depreciar | D53: 0.4 | E53: =IF(E3="","",IFERROR(E32*$D$53,"")) -> 81816.932 | F53: =IF(F3="","",IFERROR(F32*$D$53,"")) | G53: =IF(G3="","",IFERROR(G32*$D$53,"")) | H53: =IF(H3="","",IFERROR(H32*$D$53,"")) | I53: =IF(I3="","",IFERROR(I32*$D$53,""))
D54: Valor (R$) | E54: =IF(E3="","",IFERROR(E32*$D$51,"")) -> 681.80777 | F54: =IF(F3="","",IFERROR(F32*$D$51,"")) | G54: =IF(G3="","",IFERROR(G32*$D$51,"")) | H54: =IF(H3="","",IFERROR(H32*$D$51,"")) | I54: =IF(I3="","",IFERROR(I32*$D$51,""))
B55: B | C55: Remuneração mensal de capital
C56: Taxa anual | D56: 0.1425
C57: Taxa mensal | D57: =ROUND(POWER((100%+D56),1/12)-100%,4) -> 0.0112
D58: Valor (R$) | E58: =IF(E3="","",IFERROR(E32*$D$57,"")) -> 2290.8741 | F58: =IF(F3="","",IFERROR(F32*$D$57,"")) | G58: =IF(G3="","",IFERROR(G32*$D$57,"")) | H58: =IF(H3="","",IFERROR(H32*$D$57,"")) | I58: =IF(I3="","",IFERROR(I32*$D$57,""))
C59: SUBTOTAL MÓDULO 3 | E59: =IF(E3="","",SUM(E58,E54)) -> 2972.6819 | F59: =IF(F3="","",SUM(F58,F54)) | G59: =IF(G3="","",SUM(G58,G54)) | H59: =IF(H3="","",SUM(H58,H54)) | I59: =IF(I3="","",SUM(I58,I54))
C61: MÓDULO 4 - CUSTOS INDIRETOS
C63: SUBMÓDULO 4.1 - Custos administrativos e lucros
B64: A | C64: Custos administrativos | D64: ='Mão de Obra'!D155 -> 0.05 | E64: =IF(E3="","",IFERROR(ROUND($D64*E$88,2),"")) -> 304.01 | F64: =IF(F3="","",IFERROR(ROUND($D64*F$88,2),"")) | G64: =IF(G3="","",IFERROR(ROUND($D64*G$88,2),"")) | H64: =IF(H3="","",IFERROR(ROUND($D64*H$88,2),"")) | I64: =IF(I3="","",IFERROR(ROUND($D64*I$88,2),""))
B65: B | C65: Lucros | D65: ='Mão de Obra'!D156 -> 0.1 | E65: =IF(E4="","",IFERROR(ROUND($D65*SUM(E$64,E$88),2),"")) -> 638.41 | F65: =IF(F4="","",IFERROR(ROUND($D65*SUM(F$64,F$88),2),"")) | G65: =IF(G4="","",IFERROR(ROUND($D65*SUM(G$64,G$88),2),"")) | H65: =IF(H4="","",IFERROR(ROUND($D65*SUM(H$64,H$88),2),"")) | I65: =IF(I4="","",IFERROR(ROUND($D65*SUM(I$64,I$88),2),""))
C66: TOTAL SUBMÓDULO 4.1 | E66: =IF(E3="","",SUM(E64:E65)) -> 942.42 | F66: =IF(F3="","",SUM(F64:F65)) | G66: =IF(G3="","",SUM(G64:G65)) | H66: =IF(H3="","",SUM(H64:H65)) | I66: =IF(I3="","",SUM(I64:I65))
C68: SUBMÓDULO 4.2 - Tributos
B69: A | C69: COFINS | D69: ='Mão de Obra'!D160 -> 0.03 | E69: =IF(E$3="","",IFERROR(ROUND(SUM(E$88,E$66)*$D69/(1-SUM($D$69:$D$74,E$72)),2),"")) -> 224.48 | F69: =IF(F$3="","",IFERROR(ROUND(SUM(F$88,F$66)*$D69/(1-SUM($D$69:$D$74,F$72)),2),"")) | G69: =IF(G$3="","",IFERROR(ROUND(SUM(G$88,G$66)*$D69/(1-SUM($D$69:$D$74,G$72)),2),"")) | H69: =IF(H$3="","",IFERROR(ROUND(SUM(H$88,H$66)*$D69/(1-SUM($D$69:$D$74,H$72)),2),"")) | I69: =IF(I$3="","",IFERROR(ROUND(SUM(I$88,I$66)*$D69/(1-SUM($D$69:$D$74,I$72)),2),""))
B70: B | C70: PIS/PASEP | D70: ='Mão de Obra'!D161 -> 0.0065 | E70: =IF(E$3="","",IFERROR(ROUND(SUM(E$88,E$66)*$D70/(1-SUM($D$69:$D$74,E$72)),2),"")) -> 48.64 | F70: =IF(F$3="","",IFERROR(ROUND(SUM(F$88,F$66)*$D70/(1-SUM($D$69:$D$74,F$72)),2),"")) | G70: =IF(G$3="","",IFERROR(ROUND(SUM(G$88,G$66)*$D70/(1-SUM($D$69:$D$74,G$72)),2),"")) | H70: =IF(H$3="","",IFERROR(ROUND(SUM(H$88,H$66)*$D70/(1-SUM($D$69:$D$74,H$72)),2),"")) | I70: =IF(I$3="","",IFERROR(ROUND(SUM(I$88,I$66)*$D70/(1-SUM($D$69:$D$74,I$72)),2),""))
B71: C | C71: ISSQN
C72: Alíquota | E72: 0.025 | F72: 0.025 | G72: 0.025 | H72: 0.025 | I72: 0.025
D73: Valor (R$) | E73: =IF(E$3="","",IFERROR(ROUND(SUM(E$88,E$66)*$E72/(1-SUM($D$69:$D$74,E$72)),2),"")) -> 187.07 | F73: =IF(F$3="","",IFERROR(ROUND(SUM(F$88,F$66)*$E72/(1-SUM($D$69:$D$74,F$72)),2),"")) | G73: =IF(G$3="","",IFERROR(ROUND(SUM(G$88,G$66)*$E72/(1-SUM($D$69:$D$74,G$72)),2),"")) | H73: =IF(H$3="","",IFERROR(ROUND(SUM(H$88,H$66)*$E72/(1-SUM($D$69:$D$74,H$72)),2),"")) | I73: =IF(I$3="","",IFERROR(ROUND(SUM(I$88,I$66)*$E72/(1-SUM($D$69:$D$74,I$72)),2),""))
B74: D | C74: Outros | D74: ='Mão de Obra'!D165 -> 0 | E74: =IF(E$3="","",IFERROR(ROUND(SUM(E$88,E$66)*$D74/(1-SUM($D$69:$D$74,E$72)),2),"")) -> 0 | F74: =IF(F$3="","",IFERROR(ROUND(SUM(F$88,F$66)*$D74/(1-SUM($D$69:$D$74,F$72)),2),"")) | G74: =IF(G$3="","",IFERROR(ROUND(SUM(G$88,G$66)*$D74/(1-SUM($D$69:$D$74,G$72)),2),"")) | H74: =IF(H$3="","",IFERROR(ROUND(SUM(H$88,H$66)*$D74/(1-SUM($D$69:$D$74,H$72)),2),"")) | I74: =IF(I$3="","",IFERROR(ROUND(SUM(I$88,I$66)*$D74/(1-SUM($D$69:$D$74,I$72)),2),""))
C75: TOTAL SUBMÓDULO 4.2 | E75: =IF(E4="","",SUM(E69:E70,E73:E74)) -> 460.19 | F75: =IF(F4="","",SUM(F69:F70,F73:F74)) | G75: =IF(G4="","",SUM(G69:G70,G73:G74)) | H75: =IF(H4="","",SUM(H69:H70,H73:H74)) | I75: =IF(I4="","",SUM(I69:I70,I73:I74))
C77: TOTAL MÓDULO 4 | E77: =IF(E$3="","",SUM(E75,E66)) -> 1402.61 | F77: =IF(F$3="","",SUM(F75,F66)) | G77: =IF(G$3="","",SUM(G75,G66)) | H77: =IF(H$3="","",SUM(H75,H66)) | I77: =IF(I$3="","",SUM(I75,I66))
C79: QUADRO 1 - RESUMO DOS CUSTOS
C81: 1.A - Custos por hora e quilômetro
B82: A | C82: Custo variável por quilômetro | E82: =IFERROR(ROUND(E34*(1+E89/E88),2)/E5,"") -> 1.3508962 | F82: =IFERROR(ROUND(F34*(1+F89/F88),2)/F5,"") | G82: =IFERROR(ROUND(G34*(1+G89/G88),2)/G5,"") | H82: =IFERROR(ROUND(H34*(1+H89/H88),2)/H5,"") | I82: =IFERROR(ROUND(I34*(1+I89/I88),2)/I5,"")
B83: B | C83: Custo por hora
C84: Horas consideradas | E84: =IF(E3="","",IFERROR( IFERROR( INDEX('Apoio - Regime de Trabalho'!$I:$I,MATCH( INDEX('Mão de Obra'!$26:$26,MATCH(7823,'Mão de Obra'!$20:$20,0)),'Apoio - Regime de Trabalho'!$A:$A,0)), INDEX('Apoio - Regime de Trabalho'!$I:$I,MATCH( INDEX('Mão de Obra'!$26:$26,MATCH(7825,'Mão de Obra'!$20:$20,0)),'Apoio - Regime de Trabalho'!$A:$A,0))) + IFERROR(INDEX('Mão de Obra'!$52:$52,MATCH(7823,'Mão de Obra'!$20:$20,0)),IFERROR(INDEX('Mão de Obra'!$52:$52,MATCH(7825,'Mão de Obra'!$20:$20,0)),0)),"")) -> 200 | F84: =IF(F3="","",IFERROR( IFERROR( INDEX('Apoio - Regime de Trabalho'!$I:$I,MATCH( INDEX('Mão de Obra'!$26:$26,MATCH(7823,'Mão de Obra'!$20:$20,0)),'Apoio - Regime de Trabalho'!$A:$A,0)), INDEX('Apoio - Regime de Trabalho'!$I:$I,MATCH( INDEX('Mão de Obra'!$26:$26,MATCH(7825,'Mão de Obra'!$20:$20,0)),'Apoio - Regime de Trabalho'!$A:$A,0))) + IFERROR(INDEX('Mão de Obra'!$52:$52,MATCH(7823,'Mão de Obra'!$20:$20,0)),IFERROR(INDEX('Mão de Obra'!$52:$52,MATCH(7825,'Mão de Obra'!$20:$20,0)),0)),"")) | G84: =IF(G3="","",IFERROR( IFERROR( INDEX('Apoio - Regime de Trabalho'!$I:$I,MATCH( INDEX('Mão de Obra'!$26:$26,MATCH(7823,'Mão de Obra'!$20:$20,0)),'Apoio - Regime de Trabalho'!$A:$A,0)), INDEX('Apoio - Regime de Trabalho'!$I:$I,MATCH( INDEX('Mão de Obra'!$26:$26,MATCH(7825,'Mão de Obra'!$20:$20,0)),'Apoio - Regime de Trabalho'!$A:$A,0))) + IFERROR(INDEX('Mão de Obra'!$52:$52,MATCH(7823,'Mão de Obra'!$20:$20,0)),IFERROR(INDEX('Mão de Obra'!$52:$52,MATCH(7825,'Mão de Obra'!$20:$20,0)),0)),"")) | H84: =IF(H3="","",IFERROR( IFERROR( INDEX('Apoio - Regime de Trabalho'!$I:$I,MATCH( INDEX('Mão de Obra'!$26:$26,MATCH(7823,'Mão de Obra'!$20:$20,0)),'Apoio - Regime de Trabalho'!$A:$A,0)), INDEX('Apoio - Regime de Trabalho'!$I:$I,MATCH( INDEX('Mão de Obra'!$26:$26,MATCH(7825,'Mão de Obra'!$20:$20,0)),'Apoio - Regime de Trabalho'!$A:$A,0))) + IFERROR(INDEX('Mão de Obra'!$52:$52,MATCH(7823,'Mão de Obra'!$20:$20,0)),IFERROR(INDEX('Mão de Obra'!$52:$52,MATCH(7825,'Mão de Obra'!$20:$20,0)),0)),"")) | I84: =IF(I3="","",IFERROR( IFERROR( INDEX('Apoio - Regime de Trabalho'!$I:$I,MATCH( INDEX('Mão de Obra'!$26:$26,MATCH(7823,'Mão de Obra'!$20:$20,0)),'Apoio - Regime de Trabalho'!$A:$A,0)), INDEX('Apoio - Regime de Trabalho'!$I:$I,MATCH( INDEX('Mão de Obra'!$26:$26,MATCH(7825,'Mão de Obra'!$20:$20,0)),'Apoio - Regime de Trabalho'!$A:$A,0))) + IFERROR(INDEX('Mão de Obra'!$52:$52,MATCH(7823,'Mão de Obra'!$20:$20,0)),IFERROR(INDEX('Mão de Obra'!$52:$52,MATCH(7825,'Mão de Obra'!$20:$20,0)),0)),""))
D85: Valor (R$) | E85: =IFERROR(ROUND(SUM(E48,E59)*(1+E89/E88),2)/E84,"") -> 19.852 | F85: =IFERROR(ROUND(SUM(F48,F59)*(1+F89/F88),2)/F84,"") | G85: =IFERROR(ROUND(SUM(G48,G59)*(1+G89/G88),2)/G84,"") | H85: =IFERROR(ROUND(SUM(H48,H59)*(1+H89/H88),2)/H84,"") | I85: =IFERROR(ROUND(SUM(I48,I59)*(1+I89/I88),2)/I84,"")
C87: 1.B - Custos por veículo
B88: A | C88: Custos diretos por mês | E88: =IF(E3="","",ROUND(SUM(E59,E48,E34),2)) -> 6080.12 | F88: =IF(F3="","",ROUND(SUM(F59,F48,F34),2)) | G88: =IF(G3="","",ROUND(SUM(G59,G48,G34),2)) | H88: =IF(H3="","",ROUND(SUM(H59,H48,H34),2)) | I88: =IF(I3="","",ROUND(SUM(I59,I48,I34),2))
B89: B | C89: Custos Indiretos por mês | E89: =IFERROR(ROUND(E77,2),"") -> 1402.61 | F89: =IFERROR(ROUND(F77,2),"") | G89: =IFERROR(ROUND(G77,2),"") | H89: =IFERROR(ROUND(H77,2),"") | I89: =IFERROR(ROUND(I77,2),"")
B90: C | C90: Custos por mês | E90: =IF(E3="","",IFERROR(SUM(E88:E89),2)) -> 7482.73 | F90: =IF(F3="","",IFERROR(SUM(F88:F89),2)) | G90: =IF(G3="","",IFERROR(SUM(G88:G89),2)) | H90: =IF(H3="","",IFERROR(SUM(H88:H89),2)) | I90: =IF(I3="","",IFERROR(SUM(I88:I89),2))
C92: 1.C - Total por veículo
B93: A | C93: Custos diretos por mês | E93: =IF(E$3="","",ROUND(E88*E$4,2)) -> 6080.12 | F93: =IF(F$3="","",ROUND(F88*F$4,2)) | G93: =IF(G$3="","",ROUND(G88*G$4,2)) | H93: =IF(H$3="","",ROUND(H88*H$4,2)) | I93: =IF(I$3="","",ROUND(I88*I$4,2))
B94: B | C94: Custos Indiretos por mês | E94: =IF(E$3="","",ROUND(E89*E$4,2)) -> 1402.61 | F94: =IF(F$3="","",ROUND(F89*F$4,2)) | G94: =IF(G$3="","",ROUND(G89*G$4,2)) | H94: =IF(H$3="","",ROUND(H89*H$4,2)) | I94: =IF(I$3="","",ROUND(I89*I$4,2))
B95: C | C95: Custos por mês | E95: =IF(E$3="","",ROUND(E90*E$4,2)) -> 7482.73 | F95: =IF(F$3="","",ROUND(F90*F$4,2)) | G95: =IF(G$3="","",ROUND(G90*G$4,2)) | H95: =IF(H$3="","",ROUND(H90*H$4,2)) | I95: =IF(I$3="","",ROUND(I90*I$4,2))
B96: D | C96: Custos contratual | E96: =IF(E3="","",IFERROR(ROUND(E95*Proposta!$J$6,2),"")) -> 448963.8 | F96: =IF(F3="","",IFERROR(ROUND(F95*Proposta!$J$6,2),"")) | G96: =IF(G3="","",IFERROR(ROUND(G95*Proposta!$J$6,2),"")) | H96: =IF(H3="","",IFERROR(ROUND(H95*Proposta!$J$6,2),"")) | I96: =IF(I3="","",IFERROR(ROUND(I95*Proposta!$J$6,2),""))

Sheet Produtividade
A2: =CONCATENATE("PREFEITURA MUNICIPAL DE PORTO ALEGRE ",D5," FORMAÇÃO DE PREÇOS DE REFERÊNCIA - CESSÃO DE MÃO DE OBRA") -> PREFEITURA MUNICIPAL DE PORTO ALEGRE FORMAÇÃO DE PREÇOS DE REFERÊNCIA - CESSÃO DE MÃO DE OBRA
C4: DADOS REFERENTES À CONTRATAÇÃO
B5: A | C5: Órgão Demandante | H5: 3
B6: B | C6: Pregão Eletrônico nº:
B7: C | C7: Processo SEI nº:
B8: D | C8: Objeto:
B9: E | C9: Responsável
B10: F | C10: Data de conclusão
B11: G | C11: Pagamento do Contrato:
B12: H | C12: Duração do Contrato em meses: | D12: ='Mão de Obra'!D12 -> 60
B13: I | C13: Regime Tributário | D13: Lucro Presumido
B14: J | C14: Receita Bruta
B15: K | C15: Salário Mínimo | D15: ='Mão de Obra'!D15:E15 -> 1518
C17: DADOS REFERENTES AOS POSTOS | E17: Aux. Limpeza | F17: Sup. Limpeza | G17: Alpinista | H17: Sup. Alpinista | I17: =CONCATENATE("Posto ",CHAR(COLUMN()+60)) -> Posto E
B18: A | C18: Função do Posto | E18: Aux. Limpeza, Serv. Gerais | F18: Aux. Limpeza, Serv. Gerais | G18: Limpador Alpinista | H18: Limpador Alpinista
B19: B | C19: Observação
B20: C | C20: Classificação Brasileira de Ocupações (CBO) | E20: =IFERROR(VLOOKUP(E$18,'Apoio - Posto'!$A:$J,2,0),"") -> 5143 | F20: =IFERROR(VLOOKUP(F$18,'Apoio - Posto'!$A:$J,2,0),"") -> 5143 | G20: =IFERROR(VLOOKUP(G$18,'Apoio - Posto'!$A:$J,2,0),"") -> 5143 | H20: =IFERROR(VLOOKUP(H$18,'Apoio - Posto'!$A:$J,2,0),"") -> 5143 | I20: =IFERROR(VLOOKUP(I$18,'Apoio - Posto'!$A:$J,2,0),"")
B21: D | C21: Valor do Piso normativo da Categoria | E21: =IFERROR(VLOOKUP(E$18,'Apoio - Posto'!$A:$AA,7,0),"") -> 1653.58 | F21: =IFERROR(VLOOKUP(F$18,'Apoio - Posto'!$A:$AA,7,0),"") -> 1653.58 | G21: =IFERROR(VLOOKUP(G$18,'Apoio - Posto'!$A:$AA,7,0),"") -> 2101.14 | H21: =IFERROR(VLOOKUP(H$18,'Apoio - Posto'!$A:$AA,7,0),"") -> 2101.14 | I21: =IFERROR(VLOOKUP(I$18,'Apoio - Posto'!$A:$AA,7,0),"")
B22: E | C22: Regime de trabalho da convenção coletiva (mensal) | E22: =IFERROR(VLOOKUP(E$18,'Apoio - Posto'!$A:$AA,8,0),"") -> 220 | F22: =IFERROR(VLOOKUP(F$18,'Apoio - Posto'!$A:$AA,8,0),"") -> 220 | G22: =IFERROR(VLOOKUP(G$18,'Apoio - Posto'!$A:$AA,8,0),"") -> 220 | H22: =IFERROR(VLOOKUP(H$18,'Apoio - Posto'!$A:$AA,8,0),"") -> 220 | I22: =IFERROR(VLOOKUP(I$18,'Apoio - Posto'!$A:$AA,8,0),"")
B23: F | C23: Sindicato representativo da categoria profissional | E23: =IFERROR(VLOOKUP(E$18,'Apoio - Posto'!$A:$J,3,0),"") -> SINDASSEIO | F23: =IFERROR(VLOOKUP(F$18,'Apoio - Posto'!$A:$J,3,0),"") -> SINDASSEIO | G23: =IFERROR(VLOOKUP(G$18,'Apoio - Posto'!$A:$J,3,0),"") -> SINDASSEIO | H23: =IFERROR(VLOOKUP(H$18,'Apoio - Posto'!$A:$J,3,0),"") -> SINDASSEIO | I23: =IFERROR(VLOOKUP(I$18,'Apoio - Posto'!$A:$J,3,0),"")
B24: G | C24: Data base da categoria | E24: =IFERROR(VLOOKUP(E$18,'Apoio - Posto'!$A:$J,5,0),"") -> 45658 | F24: =IFERROR(VLOOKUP(F$18,'Apoio - Posto'!$A:$J,5,0),"") -> 45658 | G24: =IFERROR(VLOOKUP(G$18,'Apoio - Posto'!$A:$J,5,0),"") -> 45658 | H24: =IFERROR(VLOOKUP(H$18,'Apoio - Posto'!$A:$J,5,0),"") -> 45658 | I24: =IFERROR(VLOOKUP(I$18,'Apoio - Posto'!$A:$J,5,0),"")
B25: H | C25: Registro no MTE | E25: =IFERROR(VLOOKUP(E$18,'Apoio - Posto'!$A:$J,4,0),"") -> RS000040/2025 | F25: =IFERROR(VLOOKUP(F$18,'Apoio - Posto'!$A:$J,4,0),"") -> RS000040/2025 | G25: =IFERROR(VLOOKUP(G$18,'Apoio - Posto'!$A:$J,4,0),"") -> RS000040/2025 | H25: =IFERROR(VLOOKUP(H$18,'Apoio - Posto'!$A:$J,4,0),"") -> RS000040/2025 | I25: =IFERROR(VLOOKUP(I$18,'Apoio - Posto'!$A:$J,4,0),"")
B26: I | C26: Regime de trabalho do Contrato (semanal) | E26: 44h (5 dia/sem) | F26: 44h (5 dia/sem) | G26: 44h (5 dia/sem) | H26: 44h (5 dia/sem)
B27: J | C27: Quantidade de postos | E27: =8*SUM(K190:K209,K211:K213,K217:K218)/VLOOKUP(E26,'Apoio - Regime de Trabalho'!$A:$K,10,0) -> 0 | F27: =1/30*E27 -> 0 | G27: =8*SUM(K209:K210,K215:K216)/VLOOKUP(G26,'Apoio - Regime de Trabalho'!$A:$K,10,0) -> 0 | H27: =1/4*G27 -> 0
B28: K | C28: Quantidade de profissional por posto | E28: =IFERROR(VLOOKUP(E26,'Apoio - Regime de Trabalho'!$A:$I,2,0),"") -> 1 | F28: =IFERROR(VLOOKUP(F26,'Apoio - Regime de Trabalho'!$A:$I,2,0),"") -> 1 | G28: =IFERROR(VLOOKUP(G26,'Apoio - Regime de Trabalho'!$A:$I,2,0),"") -> 1 | H28: =IFERROR(VLOOKUP(H26,'Apoio - Regime de Trabalho'!$A:$I,2,0),"") -> 1 | I28: =IFERROR(VLOOKUP(I26,'Apoio - Regime de Trabalho'!$A:$I,10,0),"")
B29: L | C29: Quantidade total de profissionais | E29: =IFERROR(IF(E18="","",E28*E27),"") -> 0 | F29: =IFERROR(IF(F18="","",F28*F27),"") -> 0 | G29: =IFERROR(IF(G18="","",G28*G27),"") -> 0 | H29: =IFERROR(IF(H18="","",H28*H27),"") -> 0 | I29: =IFERROR(IF(I18="","",I28*I27),"")
C31: MÓDULO 1: COMPOSIÇÃO DA REMUNERAÇÃO
B32: A | C32: Salário-Base | E32: =IFERROR(E21*VLOOKUP(E26,'Apoio - Regime de Trabalho'!$A:$I,8,0)/(E22),"") -> 1653.58 | F32: =IFERROR(F21*VLOOKUP(F26,'Apoio - Regime de Trabalho'!$A:$I,8,0)/(F22),"") -> 1653.58 | G32: =IFERROR(G21*VLOOKUP(G26,'Apoio - Regime de Trabalho'!$A:$I,8,0)/(G22),"") -> 2101.14 | H32: =IFERROR(H21*VLOOKUP(H26,'Apoio - Regime de Trabalho'!$A:$I,8,0)/(H22),"") -> 2101.14 | I32: =IFERROR(ROUND(I21*VLOOKUP(I26,'Apoio - Regime de Trabalho'!$A:$I,8,0)/(I22),2),"")
B33: B | C33: Adicional de Periculosidade
C34: Incidência | E34: =IFERROR(VLOOKUP(E$18,'Apoio - Posto'!$A:$AA,15,0),"") -> 0 | F34: =IFERROR(VLOOKUP(F$18,'Apoio - Posto'!$A:$AA,15,0),"") -> 0 | G34: =IFERROR(VLOOKUP(G$18,'Apoio - Posto'!$A:$AA,15,0),"") -> 0.3 | H34: =IFERROR(VLOOKUP(H$18,'Apoio - Posto'!$A:$AA,15,0),"") -> 0.3 | I34: =IFERROR(VLOOKUP(I$18,'Apoio - Posto'!$A:$AA,15,0),"")
D35: Valor (R$) | E35: =IFERROR((E32)*E34,"") -> 0 | F35: =IFERROR((F32)*F34,"") -> 0 | G35: =IFERROR((G32)*G34,"") -> 630.342 | H35: =IFERROR((H32)*H34,"") -> 630.342 | I35: =IFERROR(ROUND((I32)*I34,2),"")
B36: C | C36: Adicional de Insalubridade
C37: Base de incindência | E37: =IFERROR(VLOOKUP(E$18,'Apoio - Posto'!$A:$AA,14,0),"") -> Salário Base | F37: =IFERROR(VLOOKUP(F$18,'Apoio - Posto'!$A:$AA,14,0),"") -> Salário Base | G37: =IFERROR(VLOOKUP(G$18,'Apoio - Posto'!$A:$AA,14,0),"") -> Salário Base | H37: =IFERROR(VLOOKUP(H$18,'Apoio - Posto'!$A:$AA,14,0),"") -> Salário Base | I37: =IFERROR(VLOOKUP(I$18,'Apoio - Posto'!$A:$AA,14,0),"")
C38: Percentual de incidência | E38: 0.4 | F38: 0.2 | I38: =IFERROR(VLOOKUP(I$18,'Apoio - Posto'!$A:$AA,13,0),"")
D39: Valor (R$) | E39: =IF(E21="","",IFERROR(IF(E37="Salário Base",E$32,IF(E37="Salário Mínimo",$D$15,0))*E38,"")) -> 661.432 | F39: =IF(F21="","",IFERROR(IF(F37="Salário Base",F$32,IF(F37="Salário Mínimo",$D$15,0))*F38,"")) -> 330.716 | G39: =IF(G21="","",IFERROR(IF(G37="Salário Base",G$32,IF(G37="Salário Mínimo",$D$15,0))*G38,"")) -> 0 | H39: =IF(H21="","",IFERROR(IF(H37="Salário Base",H$32,IF(H37="Salário Mínimo",$D$15,0))*H38,"")) -> 0 | I39: =IF(I21="","",IFERROR(ROUND(IF(I37="Salário Base",I$32,IF(I37="Salário Mínimo",$D$15,0))*I38,2),""))
B40: D | C40: Gratificação de Função
C41: Percentual de incidência | F41: 0.2 | H41: 0.2
D42: Valor (R$) | E42: =IFERROR(E41*E$32,"") -> 0 | F42: =IFERROR(F41*F$32,"") -> 330.716 | G42: =IFERROR(G41*G$32,"") -> 0 | H42: =IFERROR(H41*H$32,"") -> 420.228 | I42: =IFERROR(ROUND(I41*I$32,2),"")
B43: E | C43: Adicional Noturno
C44: Número de horas noturnas por dia | E44: =IF(AND(E20=5173,E26="12x36 Noturno"),8,"") | F44: =IF(AND(F20=5173,F26="12x36 Noturno"),8,"") | G44: =IF(AND(G20=5173,G26="12x36 Noturno"),8,"") | H44: =IF(AND(H20=5173,H26="12x36 Noturno"),8,"") | I44: =IF(AND(I20=5173,I26="12x36 Noturno"),8,"")
C45: Número de dias laborados a noite | E45: =IF(E44="","",VLOOKUP(E26,'Apoio - Regime de Trabalho'!$A:$I,7,0)) | F45: =IF(F44="","",VLOOKUP(F26,'Apoio - Regime de Trabalho'!$A:$I,7,0)) | G45: =IF(G44="","",VLOOKUP(G26,'Apoio - Regime de Trabalho'!$A:$I,7,0)) | H45: =IF(H44="","",VLOOKUP(H26,'Apoio - Regime de Trabalho'!$A:$I,7,0)) | I45: =IF(I44="","",VLOOKUP(I26,'Apoio - Regime de Trabalho'!$A:$I,7,0))
D46: Valor (R$) | E46: =IFERROR(SUM(E$32,E$35,E$39)/(VLOOKUP(E$26,'Apoio - Regime de Trabalho'!$A:$I,8,0))*20%*E$44*E$45,"") | F46: =IFERROR(SUM(F$32,F$35,F$39)/(VLOOKUP(F$26,'Apoio - Regime de Trabalho'!$A:$I,8,0))*20%*F$44*F$45,"") | G46: =IFERROR(SUM(G$32,G$35,G$39)/(VLOOKUP(G$26,'Apoio - Regime de Trabalho'!$A:$I,8,0))*20%*G$44*G$45,"") | H46: =IFERROR(SUM(H$32,H$35,H$39)/(VLOOKUP(H$26,'Apoio - Regime de Trabalho'!$A:$I,8,0))*20%*H$44*H$45,"") | I46: =IFERROR(ROUND(SUM(I$32,I$35,I$39)/(VLOOKUP(I$26,'Apoio - Regime de Trabalho'!$A:$I,8,0))*20%*I$44*I$45,2),"")
B47: F | C47: Adicional de Hora Noturna Reduzida
C48: Quantidade de horas noturnas reduzidas por mês | E48: =IF(E44="","",E45*E44*('Apoio - Notas Explicativas'!$D$11/'Apoio - Notas Explicativas'!$D$12-1) *IF(AND(E20=5173,E26="12x36 Noturno"),0,1)) | F48: =IF(F44="","",F45*F44*('Apoio - Notas Explicativas'!$D$11/'Apoio - Notas Explicativas'!$D$12-1) *IF(AND(F20=5173,F26="12x36 Noturno"),0,1)) | G48: =IF(G44="","",G45*G44*('Apoio - Notas Explicativas'!$D$11/'Apoio - Notas Explicativas'!$D$12-1) *IF(AND(G20=5173,G26="12x36 Noturno"),0,1)) | H48: =IF(H44="","",H45*H44*('Apoio - Notas Explicativas'!$D$11/'Apoio - Notas Explicativas'!$D$12-1) *IF(AND(H20=5173,H26="12x36 Noturno"),0,1)) | I48: =IF(I44="","",I45*I44*('Apoio - Notas Explicativas'!$D$11/'Apoio - Notas Explicativas'!$D$12-1) *IF(AND(I20=5173,I26="12x36 Noturno"),0,1))
D49: Valor (R$) | E49: =IFERROR(E48*(SUM(E$32,E$35,E$39)/(VLOOKUP(E$26,'Apoio - Regime de Trabalho'!$A:$I,8,0))*120%),"") | F49: =IFERROR(F48*(SUM(F$32,F$35,F$39)/(VLOOKUP(F$26,'Apoio - Regime de Trabalho'!$A:$I,8,0))*120%),"") | G49: =IFERROR(G48*(SUM(G$32,G$35,G$39)/(VLOOKUP(G$26,'Apoio - Regime de Trabalho'!$A:$I,8,0))*120%),"") | H49: =IFERROR(H48*(SUM(H$32,H$35,H$39)/(VLOOKUP(H$26,'Apoio - Regime de Trabalho'!$A:$I,8,0))*120%),"") | I49: =IFERROR(ROUND(I48*(SUM(I$32+I$35+I$39)/(VLOOKUP(I$26,'Apoio - Regime de Trabalho'!$A:$I,8,0))*120%),2),"")
B50: G | C50: Horas Extras (com adicionais)
C51: Percentual de incidência
C52: Quantidade de Horas Extras mensal
D53: Valor (R$) | E53: =IFERROR(SUM(E$32,E$35,E$39,E$46)/(VLOOKUP(E$26,'Apoio - Regime de Trabalho'!$A:$I,8,0))*(1+E$51)*E$52,"") -> 0 | F53: =IFERROR(SUM(F$32,F$35,F$39,F$46)/(VLOOKUP(F$26,'Apoio - Regime de Trabalho'!$A:$I,8,0))*(1+F$51)*F$52,"") -> 0 | G53: =IFERROR(SUM(G$32,G$35,G$39,G$46)/(VLOOKUP(G$26,'Apoio - Regime de Trabalho'!$A:$I,8,0))*(1+G$51)*G$52,"") -> 0 | H53: =IFERROR(SUM(H$32,H$35,H$39,H$46)/(VLOOKUP(H$26,'Apoio - Regime de Trabalho'!$A:$I,8,0))*(1+H$51)*H$52,"") -> 0 | I53: =IFERROR(ROUND(SUM(I$32,I$35,I$39,I$46)/(VLOOKUP(I$26,'Apoio - Regime de Trabalho'!$A:$I,8,0))*(1+I$51)*I$52,2),"")
B54: H | C54: Descanso Semanal Remunerado
C55: Sobre Adicional Noturno e Hora Noturna Reduzida | E55: =IF(E18="","",IFERROR(SUM(E$46,E49)*20%,"")) -> 0 | F55: =IF(F18="","",IFERROR(SUM(F$46,F49)*20%,"")) -> 0 | G55: =IF(G18="","",IFERROR(SUM(G$46,G49)*20%,"")) -> 0 | H55: =IF(H18="","",IFERROR(SUM(H$46,H49)*20%,"")) -> 0 | I55: =IF(I18="","",IFERROR(ROUND(SUM(I$46,I49)*20%,2),""))
C56: Sobre Horas Extras | D56: Sim | E56: =IFERROR(IF(E18="","",IF(D56="Não",0,E53*20%)),"") -> 0 | F56: =IFERROR(IF(F18="","",IF(E56="Não",0,F53*20%)),"") -> 0 | G56: =IFERROR(IF(G18="","",IF(F56="Não",0,G53*20%)),"") -> 0 | H56: =IFERROR(IF(H18="","",IF(G56="Não",0,H53*20%)),"") -> 0 | I56: =IFERROR(IF(I18="","",IF(H56="Não",0,ROUND(I53*20%,2))),"")
C57: Sobre Adicional de Troca de Uniforme | E57: =IF(E21="","",IFERROR(E$59*20%,"")) -> 0 | F57: =IF(F21="","",IFERROR(F$59*20%,"")) -> 0 | G57: =IF(G21="","",IFERROR(G$59*20%,"")) -> 0 | H57: =IF(H21="","",IFERROR(H$59*20%,"")) -> 0 | I57: =IF(I21="","",IFERROR(ROUND(I$59*20%,2),""))
D58: Valor (R$) | E58: =IF(SUM(E55:E57)=0,"",SUM(E55:E57)) | F58: =IF(SUM(F55:F57)=0,"",SUM(F55:F57)) | G58: =IF(SUM(G55:G57)=0,"",SUM(G55:G57)) | H58: =IF(SUM(H55:H57)=0,"",SUM(H55:H57)) | I58: =IF(SUM(I55:I57)=0,"",SUM(I55:I57))
B59: I | C59: Adicional de Troca de Uniforme | E59: =IFERROR(IFERROR(VLOOKUP(E$18,'Apoio - Posto'!$A:$AA,12,0),"")*VLOOKUP(E26,'Apoio - Regime de Trabalho'!$A:$I,7,0),"") -> 0 | F59: =IFERROR(IFERROR(VLOOKUP(F$18,'Apoio - Posto'!$A:$AA,12,0),"")*VLOOKUP(F26,'Apoio - Regime de Trabalho'!$A:$I,7,0),"") -> 0 | G59: =IFERROR(IFERROR(VLOOKUP(G$18,'Apoio - Posto'!$A:$AA,12,0),"")*VLOOKUP(G26,'Apoio - Regime de Trabalho'!$A:$I,7,0),"") -> 0 | H59: =IFERROR(IFERROR(VLOOKUP(H$18,'Apoio - Posto'!$A:$AA,12,0),"")*VLOOKUP(H26,'Apoio - Regime de Trabalho'!$A:$I,7,0),"") -> 0 | I59: =IFERROR(IFERROR(VLOOKUP(I$18,'Apoio - Posto'!$A:$AA,12,0),"")*VLOOKUP(I26,'Apoio - Regime de Trabalho'!$A:$I,7,0),"")
B60: J | C60: Outras remunerações (especificar)
C61: TOTAL MÓDULO 1 | E61: =IF(E21="","",SUM(E32,E35,E39,E42,E46,E49,E53,E58,E59,E60)) -> 2315.012 | F61: =IF(F21="","",SUM(F32,F35,F39,F42,F46,F49,F53,F58,F59,F60)) -> 2315.012 | G61: =IF(G21="","",SUM(G32,G35,G39,G42,G46,G49,G53,G58,G59,G60)) -> 2731.482 | H61: =IF(H21="","",SUM(H32,H35,H39,H42,H46,H49,H53,H58,H59,H60)) -> 3151.71 | I61: =IF(I21="","",SUM(I32,I35,I39,I42,I46,I49,I53,I58,I59,I60))
C63: MÓDULO 2 - ENCARGOS E BENEFÍCIOS ANUAIS, MENSAIS E DIÁRIOS
C65: SUBMÓDULO 2.1 - 13º Salário, Férias e Adicional de Férias
B66: A | C66: 13º salário | D66: =IFERROR(INDEX('Apoio - Notas Explicativas'!Q:Q,MATCH(C66,'Apoio - Notas Explicativas'!C:C,0)),"") -> 0.0833 | E66: =IFERROR($D66*E$61,"") -> 192.8405 | F66: =IFERROR($D66*F$61,"") -> 192.8405 | G66: =IFERROR($D66*G$61,"") -> 227.53245 | H66: =IFERROR($D66*H$61,"") -> 262.53744 | I66: =IFERROR(ROUND($D66*I$61,2),"")
B67: B | C67: Férias e Adicional de Férias | D67: =IFERROR(INDEX('Apoio - Notas Explicativas'!Q:Q,MATCH(C67,'Apoio - Notas Explicativas'!C:C,0)),"") -> 0.1111 | E67: =IFERROR($D67*E$61,"") -> 257.19783 | F67: =IFERROR($D67*F$61,"") -> 257.19783 | G67: =IFERROR($D67*G$61,"") -> 303.46765 | H67: =IFERROR($D67*H$61,"") -> 350.15498 | I67: =IFERROR(ROUND($D67*I$61,2),"")
B68: C | C68: Incidência no Submódulo 2.2 sobre 13º salário e Férias | D68: =IFERROR(INDEX('Apoio - Notas Explicativas'!Q:Q,MATCH(C68,'Apoio - Notas Explicativas'!C:C,0)),"") -> 0.0716 | E68: =IFERROR($D68*E$61,"") -> 165.75486 | F68: =IFERROR($D68*F$61,"") -> 165.75486 | G68: =IFERROR($D68*G$61,"") -> 195.57411 | H68: =IFERROR($D68*H$61,"") -> 225.66244 | I68: =IFERROR(ROUND($D68*I$61,2),"")
C69: TOTAL SUBMÓDULO 2.1 | E69: =IF(SUM(E66:E68)=0,"",SUM(E66:E68)) -> 615.79319 | F69: =IF(SUM(F66:F68)=0,"",SUM(F66:F68)) -> 615.79319 | G69: =IF(SUM(G66:G68)=0,"",SUM(G66:G68)) -> 726.57421 | H69: =IF(SUM(H66:H68)=0,"",SUM(H66:H68)) -> 838.35486 | I69: =IF(SUM(I66:I68)=0,"",SUM(I66:I68))
C71: SUBMÓDULO 2.2 - Encargos Previdenciários e FGTS e Outras Contribuições
B72: A | C72: INSS | D72: =IFERROR(INDEX('Apoio - Notas Explicativas'!Q:Q,MATCH(C72,'Apoio - Notas Explicativas'!C:C,0)),"") -> 0.2 | E72: =IFERROR($D72*E$61,"") -> 463.0024 | F72: =IFERROR($D72*F$61,"") -> 463.0024 | G72: =IFERROR($D72*G$61,"") -> 546.2964 | H72: =IFERROR($D72*H$61,"") -> 630.342 | I72: =IFERROR(ROUND($D72*I$61,2),"")
B73: B | C73: SESI OU SESC | D73: =IFERROR(INDEX('Apoio - Notas Explicativas'!Q:Q,MATCH(C73,'Apoio - Notas Explicativas'!C:C,0)),"") -> 0.015 | E73: =IFERROR($D73*E$61,"") -> 34.72518 | F73: =IFERROR($D73*F$61,"") -> 34.72518 | G73: =IFERROR($D73*G$61,"") -> 40.97223 | H73: =IFERROR($D73*H$61,"") -> 47.27565 | I73: =IFERROR(ROUND($D73*I$61,2),"")
B74: C | C74: SENAI OU SENAC | D74: =IFERROR(INDEX('Apoio - Notas Explicativas'!Q:Q,MATCH(C74,'Apoio - Notas Explicativas'!C:C,0)),"") -> 0.01 | E74: =IFERROR($D74*E$61,"") -> 23.15012 | F74: =IFERROR($D74*F$61,"") -> 23.15012 | G74: =IFERROR($D74*G$61,"") -> 27.31482 | H74: =IFERROR($D74*H$61,"") -> 31.5171 | I74: =IFERROR(ROUND($D74*I$61,2),"")
B75: D | C75: INCRA | D75: =IFERROR(INDEX('Apoio - Notas Explicativas'!Q:Q,MATCH(C75,'Apoio - Notas Explicativas'!C:C,0)),"") -> 0.002 | E75: =IFERROR($D75*E$61,"") -> 4.630024 | F75: =IFERROR($D75*F$61,"") -> 4.630024 | G75: =IFERROR($D75*G$61,"") -> 5.462964 | H75: =IFERROR($D75*H$61,"") -> 6.30342 | I75: =IFERROR(ROUND($D75*I$61,2),"")
B76: E | C76: Salário educação | D76: =IFERROR(INDEX('Apoio - Notas Explicativas'!Q:Q,MATCH(C76,'Apoio - Notas Explicativas'!C:C,0)),"") -> 0.025 | E76: =IFERROR($D76*E$61,"") -> 57.8753 | F76: =IFERROR($D76*F$61,"") -> 57.8753 | G76: =IFERROR($D76*G$61,"") -> 68.28705 | H76: =IFERROR($D76*H$61,"") -> 78.79275 | I76: =IFERROR(ROUND($D76*I$61,2),"")
B77: F | C77: FGTS | D77: =IFERROR(INDEX('Apoio - Notas Explicativas'!Q:Q,MATCH(C77,'Apoio - Notas Explicativas'!C:C,0)),"") -> 0.08 | E77: =IFERROR($D77*E$61,"") -> 185.20096 | F77: =IFERROR($D77*F$61,"") -> 185.20096 | G77: =IFERROR($D77*G$61,"") -> 218.51856 | H77: =IFERROR($D77*H$61,"") -> 252.1368 | I77: =IFERROR(ROUND($D77*I$61,2),"")
B78: G | C78: =CONCATENATE("GILL/RAT (RAT ",D79," x FAP ",D80,")") -> GILL/RAT (RAT 0,03 x FAP 1)
C79: RAT | D79: =VLOOKUP(C79,'Apoio - Notas Explicativas'!$C:$Q,14,0) -> 0.03
C80: FAP | D80: =VLOOKUP(C80,'Apoio - Notas Explicativas'!$C:$Q,14,0) -> 1
D81: =D80*D79 -> 0.03 | E81: =IFERROR($D81*E$61,"") -> 69.45036 | F81: =IFERROR($D81*F$61,"") -> 69.45036 | G81: =IFERROR($D81*G$61,"") -> 81.94446 | H81: =IFERROR($D81*H$61,"") -> 94.5513 | I81: =IFERROR(ROUND($D81*I$61,2),"")
B82: H | C82: SEBRAE | D82: =IFERROR(INDEX('Apoio - Notas Explicativas'!Q:Q,MATCH(C82,'Apoio - Notas Explicativas'!C:C,0)),"") -> 0.006 | E82: =IFERROR($D82*E$61,"") -> 13.890072 | F82: =IFERROR($D82*F$61,"") -> 13.890072 | G82: =IFERROR($D82*G$61,"") -> 16.388892 | H82: =IFERROR($D82*H$61,"") -> 18.91026 | I82: =IFERROR(ROUND($D82*I$61,2),"")
C83: TOTAL SUBMÓDULO 2.2 | E83: =IF((SUM(E72:E77,E81,E82))=0,"",(SUM(E72:E77,E81,E82))) -> 851.92442 | F83: =IF((SUM(F72:F77,F81,F82))=0,"",(SUM(F72:F77,F81,F82))) -> 851.92442 | G83: =IF((SUM(G72:G77,G81,G82))=0,"",(SUM(G72:G77,G81,G82))) -> 1005.1854 | H83: =IF((SUM(H72:H77,H81,H82))=0,"",(SUM(H72:H77,H81,H82))) -> 1159.8293 | I83: =IF((SUM(I72:I77,I81,I82))=0,"",(SUM(I72:I77,I81,I82)))
C85: SUBMÓDULO 2.3 - Encargos e Benefícios Anuais, Mensais e Diários
B86: A | C86: Auxílio Transporte
C87: Valor da passagem do transporte coletivo | E87: =IF(E18="","",4.8) -> 4.8 | F87: =IF(F18="","",4.8) -> 4.8 | G87: =IF(G18="","",4.8) -> 4.8 | H87: =IF(H18="","",4.8) -> 4.8 | I87: =IF(I18="","",4.8)
C88: Quantidade de passagens por dia | E88: =IF(E18="","",2) -> 2 | F88: =IF(F18="","",2) -> 2 | G88: =IF(G18="","",2) -> 2 | H88: =IF(H18="","",2) -> 2 | I88: =IF(I18="","",2)
C89: Quantidade de dias do mês de recebimento | E89: =IFERROR(IF(E18="","",VLOOKUP(E26,'Apoio - Regime de Trabalho'!$A:$G,7,0)),"") -> 22 | F89: =IFERROR(IF(F18="","",VLOOKUP(F26,'Apoio - Regime de Trabalho'!$A:$G,7,0)),"") -> 22 | G89: =IFERROR(IF(G18="","",VLOOKUP(G26,'Apoio - Regime de Trabalho'!$A:$G,7,0)),"") -> 22 | H89: =IFERROR(IF(H18="","",VLOOKUP(H26,'Apoio - Regime de Trabalho'!$A:$G,7,0)),"") -> 22 | I89: =IFERROR(IF(I18="","",VLOOKUP(I26,'Apoio - Regime de Trabalho'!$A:$G,7,0)),"")
C90: Participação do empregado no custo | E90: =IF(E18="","",IFERROR(VLOOKUP(E$18,'Apoio - Posto'!$A:$AA,16,0),6%)) -> 0.06 | F90: =IF(F18="","",IFERROR(VLOOKUP(F$18,'Apoio - Posto'!$A:$AA,16,0),6%)) -> 0.06 | G90: =IF(G18="","",IFERROR(VLOOKUP(G$18,'Apoio - Posto'!$A:$AA,16,0),6%)) -> 0.06 | H90: =IF(H18="","",IFERROR(VLOOKUP(H$18,'Apoio - Posto'!$A:$AA,16,0),6%)) -> 0.06 | I90: =IFERROR(VLOOKUP(I$18,'Apoio - Posto'!$A:$AA,16,0),"")
D91: Valor (R$) | E91: =IFERROR(MAX((E87*E88*E89)-(E$90*E$32),0),"") -> 111.9852 | F91: =IFERROR(MAX((F87*F88*F89)-(F$90*F$32),0),"") -> 111.9852 | G91: =IFERROR(MAX((G87*G88*G89)-(G$90*G$32),0),"") -> 85.1316 | H91: =IFERROR(MAX((H87*H88*H89)-(H$90*H$32),0),"") -> 85.1316 | I91: =IFERROR(ROUND((I87*I88*I89)-(I$90*I$32),2),"")
B92: B | C92: Auxílio-Refeição/Alimentação
C93: Valor do Auxílio-Alimentação | E93: =IFERROR(VLOOKUP(E$18,'Apoio - Posto'!$A:$AA,IF(VLOOKUP(E26,'Apoio - Regime de Trabalho'!$A:$I,8,0)>=200,9,10),0),"") -> 25.42 | F93: =IFERROR(VLOOKUP(F$18,'Apoio - Posto'!$A:$AA,IF(VLOOKUP(F26,'Apoio - Regime de Trabalho'!$A:$I,8,0)>=200,9,10),0),"") -> 25.42 | G93: =IFERROR(VLOOKUP(G$18,'Apoio - Posto'!$A:$AA,IF(VLOOKUP(G26,'Apoio - Regime de Trabalho'!$A:$I,8,0)>=200,9,10),0),"") -> 25.42 | H93: =IFERROR(VLOOKUP(H$18,'Apoio - Posto'!$A:$AA,IF(VLOOKUP(H26,'Apoio - Regime de Trabalho'!$A:$I,8,0)>=200,9,10),0),"") -> 25.42 | I93: =IFERROR(VLOOKUP(I$18,'Apoio - Posto'!$A:$AA,IF(VLOOKUP(I26,'Apoio - Regime de Trabalho'!$A:$I,8,0)>180,9,10),0),"")
C94: Quantidade de vales recebidos por funcionário | E94: =IFERROR(IF(E18="","",VLOOKUP(E26,'Apoio - Regime de Trabalho'!$A:$G,7,0)),"") -> 22 | F94: =IFERROR(IF(F18="","",VLOOKUP(F26,'Apoio - Regime de Trabalho'!$A:$G,7,0)),"") -> 22 | G94: =IFERROR(IF(G18="","",VLOOKUP(G26,'Apoio - Regime de Trabalho'!$A:$G,7,0)),"") -> 22 | H94: =IFERROR(IF(H18="","",VLOOKUP(H26,'Apoio - Regime de Trabalho'!$A:$G,7,0)),"") -> 22 | I94: =IFERROR(IF(I18="","",VLOOKUP(I26,'Apoio - Regime de Trabalho'!$A:$G,7,0)),"")
C95: Participação do empregado no custo (%) | E95: =IFERROR(VLOOKUP(E$18,'Apoio - Posto'!$A:$AA,17,0),"") -> 0.19 | F95: =IFERROR(VLOOKUP(F$18,'Apoio - Posto'!$A:$AA,17,0),"") -> 0.19 | G95: =IFERROR(VLOOKUP(G$18,'Apoio - Posto'!$A:$AA,17,0),"") -> 0.19 | H95: =IFERROR(VLOOKUP(H$18,'Apoio - Posto'!$A:$AA,17,0),"") -> 0.19 | I95: =IFERROR(VLOOKUP(I$18,'Apoio - Posto'!$A:$AA,17,0),"")
D96: Valor (R$) | E96: =IFERROR((E93*E94)-(E$93*E$94*E$95),"") -> 452.9844 | F96: =IFERROR((F93*F94)-(F$93*F$94*F$95),"") -> 452.9844 | G96: =IFERROR((G93*G94)-(G$93*G$94*G$95),"") -> 452.9844 | H96: =IFERROR((H93*H94)-(H$93*H$94*H$95),"") -> 452.9844 | I96: =IFERROR(ROUND((I93*I94)-(I$93*I$94*I$95),2),"")
B97: C | C97: Assistência Médica e Familiar
C98: Valor previsto em CCT/ACT
C99: Participação do empregado no custo (%)
D100: Valor (R$) | E100: =IF(E21="","",IFERROR((E$98)-(E$99*E$98),"")) -> 0 | F100: =IF(F21="","",IFERROR((F$98)-(F$99*F$98),"")) -> 0 | G100: =IF(G21="","",IFERROR((G$98)-(G$99*G$98),"")) -> 0 | H100: =IF(H21="","",IFERROR((H$98)-(H$99*H$98),"")) -> 0 | I100: =IF(I21="","",IFERROR(ROUND((I$98)-(I$99*I$98),2),""))
B101: D | C101: Seguro de vida em grupo | E101: =IFERROR(VLOOKUP(E$18,'Apoio - Posto'!$A:$AA,19,0),"") -> 0 | F101: =IFERROR(VLOOKUP(F$18,'Apoio - Posto'!$A:$AA,19,0),"") -> 0 | G101: =IFERROR(VLOOKUP(G$18,'Apoio - Posto'!$A:$AA,19,0),"") -> 0 | H101: =IFERROR(VLOOKUP(H$18,'Apoio - Posto'!$A:$AA,19,0),"") -> 0 | I101: =IFERROR(VLOOKUP(I$18,'Apoio - Posto'!$A:$AA,19,0),"")
B102: E | C102: Auxílio-Funeral
B103: F | C103: Cesta Básica
C104: Valor previsto em CCT/ACT
C105: Participação do empregado no custo
D106: Valor (R$) | E106: =IF(E21="","",IFERROR((E104)-(E$105*E$104),"")) -> 0 | F106: =IF(F21="","",IFERROR((F104)-(F$105*F$104),"")) -> 0 | G106: =IF(G21="","",IFERROR((G104)-(G$105*G$104),"")) -> 0 | H106: =IF(H21="","",IFERROR((H104)-(H$105*H$104),"")) -> 0 | I106: =IF(I21="","",IFERROR(ROUND((I104)-(I$105*I$104),2),""))
B107: G | C107: Plano de Benefício Social Familiar | D107: =IFERROR(VLOOKUP(E18,'Apoio - Posto'!A:J,14,0),"") | E107: =IFERROR(VLOOKUP(E$18,'Apoio - Posto'!$A:$AA,18,0),"") -> 24.1 | F107: =IFERROR(VLOOKUP(F$18,'Apoio - Posto'!$A:$AA,18,0),"") -> 24.1 | G107: =IFERROR(VLOOKUP(G$18,'Apoio - Posto'!$A:$AA,18,0),"") -> 24.1 | H107: =IFERROR(VLOOKUP(H$18,'Apoio - Posto'!$A:$AA,18,0),"") -> 24.1 | I107: =IFERROR(VLOOKUP(I$18,'Apoio - Posto'!$A:$AA,18,0),"")
B108: H | C108: Outros (especificar)
...

Sheet Proposta
B2: PREFEITURA MUNICIPAL DE PORTO ALEGRE
B3: =IF(IFERROR(SUM(Produtividade!L193:L218)>0,FALSE()),Produtividade!D5, IF(IFERROR(Veículos!$E$3<>"",FALSE()),'Mão de Obra'!D5,'Mão de Obra'!D5)) -> SECRETARIA MUNICIPAL DE EDUCAÇÃO (SMED)
B4: PLANILHA DE CUSTOS E FORMAÇÃO DE PREÇOS
B6: Pregão Eletrônico Nº: | C6: =IF(IFERROR(SUM(Produtividade!L193:L218)>0,FALSE()),Produtividade!D6, IF(IFERROR(Veículos!$E$3<>"",FALSE()),'Mão de Obra'!D6, 'Mão de Obra'!D6)) -> 0 | G6: Tempo de Duração do Contrato: | J6: =IF(IFERROR(SUM(Produtividade!L193:L218)>0,FALSE()),Produtividade!D12, IF(IFERROR(Veículos!$E$3<>"",FALSE()),'Mão de Obra'!D12, 'Mão de Obra'!D12)) -> 60
B7: Processo SEI Nº: | C7: =IF(IFERROR(SUM(Produtividade!L193:L218)>0,FALSE()),Produtividade!D7, IF(IFERROR(Veículos!$E$3<>"",FALSE()),'Mão de Obra'!D7, 'Mão de Obra'!D7)) -> 25.0.000013034-9 | G7: Forma de Pagamento do Contrato: | J7: =IF(IFERROR(SUM(Produtividade!L193:L218)>0,FALSE()),Produtividade!D11, IF(IFERROR(Veículos!$E$3<>"",FALSE()),'Mão de Obra'!D11, 'Mão de Obra'!D11)) -> Mês
B8: =CONCATENATE("OBJETO: ", IF(IFERROR(SUM(Produtividade!L193:L218)>0,FALSE()),Produtividade!D8, IF(IFERROR(Veículos!$E$3<>"",FALSE()),'Mão de Obra'!D8, 'Mão de Obra'!D8))) -> OBJETO: Locação de veículo com motorista
B9: Nome da Empresa: | G9: Regime Tributário: | J9: =IF(IFERROR(SUM(Produtividade!L193:L218)>0,FALSE()),Produtividade!D13, IF(IFERROR(Veículos!$E$3<>"",FALSE()),'Mão de Obra'!D13, 'Mão de Obra'!D13)) -> Lucro Presumido
B10: CNPJ Matriz: | G10: Receita Bruta Anual: | J10: =IF(IFERROR(SUM(Produtividade!L193:L218)>0,FALSE()),Produtividade!D14, IF(IFERROR(Veículos!$E$3<>"",FALSE()),'Mão de Obra'!D14, 'Mão de Obra'!D14)) -> 0
B11: Endereço da Empresa: | G11: Telefone:
B12: Nome do Responsável: | G12: CPF Responsável:
B13: Endereço eletrônico: | G13: Dados Bancários:
B15: DEMONSTRATIVO DE CUSTOS COM MÃO DE OBRA POR POSTO
B16: Função | C16: Posto | D16: Regime | E16: Qnt. de Postos | F16: Qnt. de Profissionais | G16: Custo hora | H16: Custo dia | I16: Custo mês | J16: Total mensal | K16: Total contratual
B17: =IF( INDEX('Mão de Obra'!$E$18:$X$18,1,ROW()-ROW($B$16))<>0, INDEX('Mão de Obra'!$E$18:$X$18,1,ROW()-ROW($B$16)), "OCULTAR ESTA LINHA" ) -> Motorista Van | C17: =INDEX('Mão de Obra'!$E$17:$X$17,1,ROW()-ROW($C$16)) -> Posto A | D17: =INDEX('Mão de Obra'!$E$26:$X$26,1,ROW()-ROW($D$16)) -> 44h (5 dia/sem) | E17: =INDEX('Mão de Obra'!$E$27:$X$27,1,ROW()-ROW($E$16)) -> 1 | F17: =INDEX('Mão de Obra'!$E$29:$X$29,1,ROW()-ROW($F$16)) -> 1 | G17: =INDEX('Mão de Obra'!$E$173:$X$173,1,ROW()-ROW($G$16)) -> 28.92 | H17: =INDEX('Mão de Obra'!$E$174:$X$174,1,ROW()-ROW($I$16)) -> 262.9 | I17: =INDEX('Mão de Obra'!$E$176:$X$176,1,ROW()-ROW($I$16)) -> 5783.9 | J17: =INDEX('Mão de Obra'!$E$182:$X$182,1,ROW()-ROW($I$16)) -> 5783.9 | K17: =INDEX('Mão de Obra'!$E$188:$X$188,1,ROW()-ROW($I$16)) -> 347034
B18: =IF( INDEX('Mão de Obra'!$E$18:$X$18,1,ROW()-ROW($B$16))<>0, INDEX('Mão de Obra'!$E$18:$X$18,1,ROW()-ROW($B$16)), "OCULTAR ESTA LINHA" ) -> OCULTAR ESTA LINHA | C18: =INDEX('Mão de Obra'!$E$17:$X$17,1,ROW()-ROW($C$16)) -> Posto B | D18: =INDEX('Mão de Obra'!$E$26:$X$26,1,ROW()-ROW($D$16)) -> 0 | E18: =INDEX('Mão de Obra'!$E$27:$X$27,1,ROW()-ROW($E$16)) -> 0 | F18: =INDEX('Mão de Obra'!$E$29:$X$29,1,ROW()-ROW($F$16)) | G18: =INDEX('Mão de Obra'!$E$173:$X$173,1,ROW()-ROW($G$16)) | H18: =INDEX('Mão de Obra'!$E$174:$X$174,1,ROW()-ROW($I$16)) | I18: =INDEX('Mão de Obra'!$E$176:$X$176,1,ROW()-ROW($I$16)) | J18: =INDEX('Mão de Obra'!$E$182:$X$182,1,ROW()-ROW($I$16)) | K18: =INDEX('Mão de Obra'!$E$188:$X$188,1,ROW()-ROW($I$16))
B19: =IF( INDEX('Mão de Obra'!$E$18:$X$18,1,ROW()-ROW($B$16))<>0, INDEX('Mão de Obra'!$E$18:$X$18,1,ROW()-ROW($B$16)), "OCULTAR ESTA LINHA" ) -> OCULTAR ESTA LINHA | C19: =INDEX('Mão de Obra'!$E$17:$X$17,1,ROW()-ROW($C$16)) -> Posto C | D19: =INDEX('Mão de Obra'!$E$26:$X$26,1,ROW()-ROW($D$16)) -> 0 | E19: =INDEX('Mão de Obra'!$E$27:$X$27,1,ROW()-ROW($E$16)) -> 0 | F19: =INDEX('Mão de Obra'!$E$29:$X$29,1,ROW()-ROW($F$16)) | G19: =INDEX('Mão de Obra'!$E$173:$X$173,1,ROW()-ROW($G$16)) | H19: =INDEX('Mão de Obra'!$E$174:$X$174,1,ROW()-ROW($I$16)) | I19: =INDEX('Mão de Obra'!$E$176:$X$176,1,ROW()-ROW($I$16)) | J19: =INDEX('Mão de Obra'!$E$182:$X$182,1,ROW()-ROW($I$16)) | K19: =INDEX('Mão de Obra'!$E$188:$X$188,1,ROW()-ROW($I$16))
B20: =IF( INDEX('Mão de Obra'!$E$18:$X$18,1,ROW()-ROW($B$16))<>0, INDEX('Mão de Obra'!$E$18:$X$18,1,ROW()-ROW($B$16)), "OCULTAR ESTA LINHA" ) -> OCULTAR ESTA LINHA | C20: =INDEX('Mão de Obra'!$E$17:$X$17,1,ROW()-ROW($C$16)) -> Posto D | D20: =INDEX('Mão de Obra'!$E$26:$X$26,1,ROW()-ROW($D$16)) -> 0 | E20: =INDEX('Mão de Obra'!$E$27:$X$27,1,ROW()-ROW($E$16)) -> 0 | F20: =INDEX('Mão de Obra'!$E$29:$X$29,1,ROW()-ROW($F$16)) | G20: =INDEX('Mão de Obra'!$E$173:$X$173,1,ROW()-ROW($G$16)) | H20: =INDEX('Mão de Obra'!$E$174:$X$174,1,ROW()-ROW($I$16)) | I20: =INDEX('Mão de Obra'!$E$176:$X$176,1,ROW()-ROW($I$16)) | J20: =INDEX('Mão de Obra'!$E$182:$X$182,1,ROW()-ROW($I$16)) | K20: =INDEX('Mão de Obra'!$E$188:$X$188,1,ROW()-ROW($I$16))
B21: =IF( INDEX('Mão de Obra'!$E$18:$X$18,1,ROW()-ROW($B$16))<>0, INDEX('Mão de Obra'!$E$18:$X$18,1,ROW()-ROW($B$16)), "OCULTAR ESTA LINHA" ) -> OCULTAR ESTA LINHA | C21: =INDEX('Mão de Obra'!$E$17:$X$17,1,ROW()-ROW($C$16)) -> Posto E | D21: =INDEX('Mão de Obra'!$E$26:$X$26,1,ROW()-ROW($D$16)) -> 0 | E21: =INDEX('Mão de Obra'!$E$27:$X$27,1,ROW()-ROW($E$16)) -> 0 | F21: =INDEX('Mão de Obra'!$E$29:$X$29,1,ROW()-ROW($F$16)) | G21: =INDEX('Mão de Obra'!$E$173:$X$173,1,ROW()-ROW($G$16)) | H21: =INDEX('Mão de Obra'!$E$174:$X$174,1,ROW()-ROW($I$16)) | I21: =INDEX('Mão de Obra'!$E$176:$X$176,1,ROW()-ROW($I$16)) | J21: =INDEX('Mão de Obra'!$E$182:$X$182,1,ROW()-ROW($I$16)) | K21: =INDEX('Mão de Obra'!$E$188:$X$188,1,ROW()-ROW($I$16))
B22: =IF( INDEX('Mão de Obra'!$E$18:$X$18,1,ROW()-ROW($B$16))<>0, INDEX('Mão de Obra'!$E$18:$X$18,1,ROW()-ROW($B$16)), "OCULTAR ESTA LINHA" ) -> OCULTAR ESTA LINHA | C22: =INDEX('Mão de Obra'!$E$17:$X$17,1,ROW()-ROW($C$16)) -> Posto F | D22: =INDEX('Mão de Obra'!$E$26:$X$26,1,ROW()-ROW($D$16)) -> 0 | E22: =INDEX('Mão de Obra'!$E$27:$X$27,1,ROW()-ROW($E$16)) -> 0 | F22: =INDEX('Mão de Obra'!$E$29:$X$29,1,ROW()-ROW($F$16)) | G22: =INDEX('Mão de Obra'!$E$173:$X$173,1,ROW()-ROW($G$16)) | H22: =INDEX('Mão de Obra'!$E$174:$X$174,1,ROW()-ROW($I$16)) | I22: =INDEX('Mão de Obra'!$E$176:$X$176,1,ROW()-ROW($I$16)) | J22: =INDEX('Mão de Obra'!$E$182:$X$182,1,ROW()-ROW($I$16)) | K22: =INDEX('Mão de Obra'!$E$188:$X$188,1,ROW()-ROW($I$16))
B23: =IF( INDEX('Mão de Obra'!$E$18:$X$18,1,ROW()-ROW($B$16))<>0, INDEX('Mão de Obra'!$E$18:$X$18,1,ROW()-ROW($B$16)), "OCULTAR ESTA LINHA" ) -> OCULTAR ESTA LINHA | C23: =INDEX('Mão de Obra'!$E$17:$X$17,1,ROW()-ROW($C$16)) -> Posto G | D23: =INDEX('Mão de Obra'!$E$26:$X$26,1,ROW()-ROW($D$16)) -> 0 | E23: =INDEX('Mão de Obra'!$E$27:$X$27,1,ROW()-ROW($E$16)) -> 0 | F23: =INDEX('Mão de Obra'!$E$29:$X$29,1,ROW()-ROW($F$16)) | G23: =INDEX('Mão de Obra'!$E$173:$X$173,1,ROW()-ROW($G$16)) | H23: =INDEX('Mão de Obra'!$E$174:$X$174,1,ROW()-ROW($I$16)) | I23: =INDEX('Mão de Obra'!$E$176:$X$176,1,ROW()-ROW($I$16)) | J23: =INDEX('Mão de Obra'!$E$182:$X$182,1,ROW()-ROW($I$16)) | K23: =INDEX('Mão de Obra'!$E$188:$X$188,1,ROW()-ROW($I$16))
B24: =IF( INDEX('Mão de Obra'!$E$18:$X$18,1,ROW()-ROW($B$16))<>0, INDEX('Mão de Obra'!$E$18:$X$18,1,ROW()-ROW($B$16)), "OCULTAR ESTA LINHA" ) -> OCULTAR ESTA LINHA | C24: =INDEX('Mão de Obra'!$E$17:$X$17,1,ROW()-ROW($C$16)) -> Posto H | D24: =INDEX('Mão de Obra'!$E$26:$X$26,1,ROW()-ROW($D$16)) -> 0 | E24: =INDEX('Mão de Obra'!$E$27:$X$27,1,ROW()-ROW($E$16)) -> 0 | F24: =INDEX('Mão de Obra'!$E$29:$X$29,1,ROW()-ROW($F$16)) | G24: =INDEX('Mão de Obra'!$E$173:$X$173,1,ROW()-ROW($G$16)) | H24: =INDEX('Mão de Obra'!$E$174:$X$174,1,ROW()-ROW($I$16)) | I24: =INDEX('Mão de Obra'!$E$176:$X$176,1,ROW()-ROW($I$16)) | J24: =INDEX('Mão de Obra'!$E$182:$X$182,1,ROW()-ROW($I$16)) | K24: =INDEX('Mão de Obra'!$E$188:$X$188,1,ROW()-ROW($I$16))
B25: =IF( INDEX('Mão de Obra'!$E$18:$X$18,1,ROW()-ROW($B$16))<>0, INDEX('Mão de Obra'!$E$18:$X$18,1,ROW()-ROW($B$16)), "OCULTAR ESTA LINHA" ) -> OCULTAR ESTA LINHA | C25: =INDEX('Mão de Obra'!$E$17:$X$17,1,ROW()-ROW($C$16)) -> Posto I | D25: =INDEX('Mão de Obra'!$E$26:$X$26,1,ROW()-ROW($D$16)) -> 0 | E25: =INDEX('Mão de Obra'!$E$27:$X$27,1,ROW()-ROW($E$16)) -> 0 | F25: =INDEX('Mão de Obra'!$E$29:$X$29,1,ROW()-ROW($F$16)) | G25: =INDEX('Mão de Obra'!$E$173:$X$173,1,ROW()-ROW($G$16)) | H25: =INDEX('Mão de Obra'!$E$174:$X$174,1,ROW()-ROW($I$16)) | I25: =INDEX('Mão de Obra'!$E$176:$X$176,1,ROW()-ROW($I$16)) | J25: =INDEX('Mão de Obra'!$E$182:$X$182,1,ROW()-ROW($I$16)) | K25: =INDEX('Mão de Obra'!$E$188:$X$188,1,ROW()-ROW($I$16))
B26: =IF( INDEX('Mão de Obra'!$E$18:$X$18,1,ROW()-ROW($B$16))<>0, INDEX('Mão de Obra'!$E$18:$X$18,1,ROW()-ROW($B$16)), "OCULTAR ESTA LINHA" ) -> OCULTAR ESTA LINHA | C26: =INDEX('Mão de Obra'!$E$17:$X$17,1,ROW()-ROW($C$16)) -> Posto J | D26: =INDEX('Mão de Obra'!$E$26:$X$26,1,ROW()-ROW($D$16)) -> 0 | E26: =INDEX('Mão de Obra'!$E$27:$X$27,1,ROW()-ROW($E$16)) -> 0 | F26: =INDEX('Mão de Obra'!$E$29:$X$29,1,ROW()-ROW($F$16)) | G26: =INDEX('Mão de Obra'!$E$173:$X$173,1,ROW()-ROW($G$16)) | H26: =INDEX('Mão de Obra'!$E$174:$X$174,1,ROW()-ROW($I$16)) | I26: =INDEX('Mão de Obra'!$E$176:$X$176,1,ROW()-ROW($I$16)) | J26: =INDEX('Mão de Obra'!$E$182:$X$182,1,ROW()-ROW($I$16)) | K26: =INDEX('Mão de Obra'!$E$188:$X$188,1,ROW()-ROW($I$16))
E27: =SUM(E17:E26) -> 1 | F27: =SUM(F17:F26) -> 1 | J27: =SUM(J17:J26) -> 5783.9 | K27: =SUM(K17:K26) -> 347034
B29: DEMONSTRATIVO DOS CUSTOS TOTAIS COM MATERIAIS E EQUIPAMENTOS DE USO COLETIVO
B30: Materiais e equipamentos coletivos | J30: Total mensal | K30: Total contratual
B31: Materiais e equipamentos coletivos | J31: =IFERROR( 'Mat Coletivo e Equipamentos'!I4 * (1+J67/J62),0) -> 80.59023 | K31: =IFERROR( 'Mat Coletivo e Equipamentos'!J4 * (1+J67/J62),0) -> 4835.4138
J32: =SUM(J31) -> 80.59023 | K32: =SUM(K31) -> 4835.4138
B34: DEMONSTRATIVO DE CUSTOS COM LOCAÇÃO DE VEÍCULOS
B35: Veículo | D35: Qnt. | E35: Qnt Horas | F35: Km/mês | G35: Custo hora | H35: Custo km rodado | I35: Custo mês | J35: Total mensal | K35: Total contratual
B36: =IF( INDEX(Veículos!$E$3:$AR$3,1,ROW()-ROW(B$35))<>"", INDEX(Veículos!$E$3:$AR$3,1,ROW()-ROW(B$35)), "OCULTAR ESTA LINHA") -> Van mín. 14 passageiros | D36: =INDEX(Veículos!$E$4:$CS$4,1,ROW()-ROW(D$35)) -> 1 | E36: =INDEX(Veículos!$E$84:$CS$84,1,ROW()-ROW(E$35)) -> 200 | F36: =INDEX(Veículos!$E$5:$AR$5,1,ROW()-ROW(F$35)) -> 2600 | G36: =INDEX(Veículos!$E$85:$CS$85,1,ROW()-ROW(G$35)) -> 19.852 | H36: =INDEX(Veículos!$E$82:$CS$82,1,ROW()-ROW(H$35)) -> 1.3508962 | I36: =INDEX(Veículos!$E$90:$CS$90,1,ROW()-ROW(I$35)) -> 7482.73 | J36: =INDEX(Veículos!$E$95:$CS$95,1,ROW()-ROW(J$35)) -> 7482.73 | K36: =INDEX(Veículos!$E$96:$CS$96,1,ROW()-ROW(K$35)) -> 448963.8
B37: =IF( INDEX(Veículos!$E$3:$AR$3,1,ROW()-ROW(B$35))<>"", INDEX(Veículos!$E$3:$AR$3,1,ROW()-ROW(B$35)), "OCULTAR ESTA LINHA") -> OCULTAR ESTA LINHA | D37: =INDEX(Veículos!$E$4:$CS$4,1,ROW()-ROW(D$35)) -> 0 | E37: =INDEX(Veículos!$E$84:$CS$84,1,ROW()-ROW(E$35)) | F37: =INDEX(Veículos!$E$5:$AR$5,1,ROW()-ROW(F$35)) -> 0 | G37: =INDEX(Veículos!$E$85:$CS$85,1,ROW()-ROW(G$35)) | H37: =INDEX(Veículos!$E$82:$CS$82,1,ROW()-ROW(H$35)) | I37: =INDEX(Veículos!$E$90:$CS$90,1,ROW()-ROW(I$35)) | J37: =INDEX(Veículos!$E$95:$CS$95,1,ROW()-ROW(J$35)) | K37: =INDEX(Veículos!$E$96:$CS$96,1,ROW()-ROW(K$35))
B38: =IF( INDEX(Veículos!$E$3:$AR$3,1,ROW()-ROW(B$35))<>"", INDEX(Veículos!$E$3:$AR$3,1,ROW()-ROW(B$35)), "OCULTAR ESTA LINHA") -> OCULTAR ESTA LINHA | D38: =INDEX(Veículos!$E$4:$CS$4,1,ROW()-ROW(D$35)) -> 0 | E38: =INDEX(Veículos!$E$84:$CS$84,1,ROW()-ROW(E$35)) | F38: =INDEX(Veículos!$E$5:$AR$5,1,ROW()-ROW(F$35)) -> 0 | G38: =INDEX(Veículos!$E$85:$CS$85,1,ROW()-ROW(G$35)) | H38: =INDEX(Veículos!$E$82:$CS$82,1,ROW()-ROW(H$35)) | I38: =INDEX(Veículos!$E$90:$CS$90,1,ROW()-ROW(I$35)) | J38: =INDEX(Veículos!$E$95:$CS$95,1,ROW()-ROW(J$35)) | K38: =INDEX(Veículos!$E$96:$CS$96,1,ROW()-ROW(K$35))
B39: =IF( INDEX(Veículos!$E$3:$AR$3,1,ROW()-ROW(B$35))<>"", INDEX(Veículos!$E$3:$AR$3,1,ROW()-ROW(B$35)), "OCULTAR ESTA LINHA") -> OCULTAR ESTA LINHA | D39: =INDEX(Veículos!$E$4:$CS$4,1,ROW()-ROW(D$35)) -> 0 | E39: =INDEX(Veículos!$E$84:$CS$84,1,ROW()-ROW(E$35)) | F39: =INDEX(Veículos!$E$5:$AR$5,1,ROW()-ROW(F$35)) -> 0 | G39: =INDEX(Veículos!$E$85:$CS$85,1,ROW()-ROW(G$35)) | H39: =INDEX(Veículos!$E$82:$CS$82,1,ROW()-ROW(H$35)) | I39: =INDEX(Veículos!$E$90:$CS$90,1,ROW()-ROW(I$35)) | J39: =INDEX(Veículos!$E$95:$CS$95,1,ROW()-ROW(J$35)) | K39: =INDEX(Veículos!$E$96:$CS$96,1,ROW()-ROW(K$35))
B40: =IF( INDEX(Veículos!$E$3:$AR$3,1,ROW()-ROW(B$35))<>"", INDEX(Veículos!$E$3:$AR$3,1,ROW()-ROW(B$35)), "OCULTAR ESTA LINHA") -> OCULTAR ESTA LINHA | D40: =INDEX(Veículos!$E$4:$CS$4,1,ROW()-ROW(D$35)) -> 0 | E40: =INDEX(Veículos!$E$84:$CS$84,1,ROW()-ROW(E$35)) | F40: =INDEX(Veículos!$E$5:$AR$5,1,ROW()-ROW(F$35)) -> 0 | G40: =INDEX(Veículos!$E$85:$CS$85,1,ROW()-ROW(G$35)) | H40: =INDEX(Veículos!$E$82:$CS$82,1,ROW()-ROW(H$35)) | I40: =INDEX(Veículos!$E$90:$CS$90,1,ROW()-ROW(I$35)) | J40: =INDEX(Veículos!$E$95:$CS$95,1,ROW()-ROW(J$35)) | K40: =INDEX(Veículos!$E$96:$CS$96,1,ROW()-ROW(K$35))
J41: =SUM(J36:J40) -> 7482.73 | K41: =SUM(K36:K40) -> 448963.8
B43: DEMONSTRATIVO DE CUSTOS COM MÃO DE OBRA POR PRODUTIVIDADE
B44: Tipo de Piso | F44: Código | G44: Tipo de Área | H44: Área (m²) | I44: Custo por m² | J44: Custo mensal | K44: Custo total
B45: =IF( 'Apoio - Dados'!J2<>"", 'Apoio - Dados'!J2, "OCULTAR ESTA LINHA") -> OCULTAR ESTA LINHA | F45: =IFERROR(INDEX(Produtividade!B:B,MATCH($B45,Produtividade!C:C,0)),"") | G45: =IFERROR(INDEX('Apoio - Dados'!F:F,MATCH($B45,'Apoio - Dados'!E:E,0)),"") | H45: =IFERROR(INDEX(Produtividade!L:L,MATCH($B45,Produtividade!C:C,0)),"") | I45: =IFERROR(INDEX(Produtividade!M:M,MATCH($B45,Produtividade!C:C,0)),"") | J45: =IFERROR(INDEX(Produtividade!N:N,MATCH($B45,Produtividade!C:C,0)),"") | K45: =IFERROR(INDEX(Produtividade!O:O,MATCH($B45,Produtividade!C:C,0)),"")
B46: =IF( 'Apoio - Dados'!J3<>"", 'Apoio - Dados'!J3, "OCULTAR ESTA LINHA") -> OCULTAR ESTA LINHA | F46: =IFERROR(INDEX(Produtividade!B:B,MATCH($B46,Produtividade!C:C,0)),"") | G46: =IFERROR(INDEX('Apoio - Dados'!F:F,MATCH($B46,'Apoio - Dados'!E:E,0)),"") | H46: =IFERROR(INDEX(Produtividade!L:L,MATCH($B46,Produtividade!C:C,0)),"") | I46: =IFERROR(INDEX(Produtividade!M:M,MATCH($B46,Produtividade!C:C,0)),"") | J46: =IFERROR(INDEX(Produtividade!N:N,MATCH($B46,Produtividade!C:C,0)),"") | K46: =IFERROR(INDEX(Produtividade!O:O,MATCH($B46,Produtividade!C:C,0)),"")
B47: =IF( 'Apoio - Dados'!J4<>"", 'Apoio - Dados'!J4, "OCULTAR ESTA LINHA") -> OCULTAR ESTA LINHA | F47: =IFERROR(INDEX(Produtividade!B:B,MATCH($B47,Produtividade!C:C,0)),"") | G47: =IFERROR(INDEX('Apoio - Dados'!F:F,MATCH($B47,'Apoio - Dados'!E:E,0)),"") | H47: =IFERROR(INDEX(Produtividade!L:L,MATCH($B47,Produtividade!C:C,0)),"") | I47: =IFERROR(INDEX(Produtividade!M:M,MATCH($B47,Produtividade!C:C,0)),"") | J47: =IFERROR(INDEX(Produtividade!N:N,MATCH($B47,Produtividade!C:C,0)),"") | K47: =IFERROR(INDEX(Produtividade!O:O,MATCH($B47,Produtividade!C:C,0)),"")
B48: =IF( 'Apoio - Dados'!J5<>"", 'Apoio - Dados'!J5, "OCULTAR ESTA LINHA") -> OCULTAR ESTA LINHA | F48: =IFERROR(INDEX(Produtividade!B:B,MATCH($B48,Produtividade!C:C,0)),"") | G48: =IFERROR(INDEX('Apoio - Dados'!F:F,MATCH($B48,'Apoio - Dados'!E:E,0)),"") | H48: =IFERROR(INDEX(Produtividade!L:L,MATCH($B48,Produtividade!C:C,0)),"") | I48: =IFERROR(INDEX(Produtividade!M:M,MATCH($B48,Produtividade!C:C,0)),"") | J48: =IFERROR(INDEX(Produtividade!N:N,MATCH($B48,Produtividade!C:C,0)),"") | K48: =IFERROR(INDEX(Produtividade!O:O,MATCH($B48,Produtividade!C:C,0)),"")
B49: =IF( 'Apoio - Dados'!J6<>"", 'Apoio - Dados'!J6, "OCULTAR ESTA LINHA") -> OCULTAR ESTA LINHA | F49: =IFERROR(INDEX(Produtividade!B:B,MATCH($B49,Produtividade!C:C,0)),"") | G49: =IFERROR(INDEX('Apoio - Dados'!F:F,MATCH($B49,'Apoio - Dados'!E:E,0)),"") | H49: =IFERROR(INDEX(Produtividade!L:L,MATCH($B49,Produtividade!C:C,0)),"") | I49: =IFERROR(INDEX(Produtividade!M:M,MATCH($B49,Produtividade!C:C,0)),"") | J49: =IFERROR(INDEX(Produtividade!N:N,MATCH($B49,Produtividade!C:C,0)),"") | K49: =IFERROR(INDEX(Produtividade!O:O,MATCH($B49,Produtividade!C:C,0)),"")
B50: =IF( 'Apoio - Dados'!J7<>"", 'Apoio - Dados'!J7, "OCULTAR ESTA LINHA") -> OCULTAR ESTA LINHA | F50: =IFERROR(INDEX(Produtividade!B:B,MATCH($B50,Produtividade!C:C,0)),"") | G50: =IFERROR(INDEX('Apoio - Dados'!F:F,MATCH($B50,'Apoio - Dados'!E:E,0)),"") | H50: =IFERROR(INDEX(Produtividade!L:L,MATCH($B50,Produtividade!C:C,0)),"") | I50: =IFERROR(INDEX(Produtividade!M:M,MATCH($B50,Produtividade!C:C,0)),"") | J50: =IFERROR(INDEX(Produtividade!N:N,MATCH($B50,Produtividade!C:C,0)),"") | K50: =IFERROR(INDEX(Produtividade!O:O,MATCH($B50,Produtividade!C:C,0)),"")
B51: =IF( 'Apoio - Dados'!J8<>"", 'Apoio - Dados'!J8, "OCULTAR ESTA LINHA") -> OCULTAR ESTA LINHA | F51: =IFERROR(INDEX(Produtividade!B:B,MATCH($B51,Produtividade!C:C,0)),"") | G51: =IFERROR(INDEX('Apoio - Dados'!F:F,MATCH($B51,'Apoio - Dados'!E:E,0)),"") | H51: =IFERROR(INDEX(Produtividade!L:L,MATCH($B51,Produtividade!C:C,0)),"") | I51: =IFERROR(INDEX(Produtividade!M:M,MATCH($B51,Produtividade!C:C,0)),"") | J51: =IFERROR(INDEX(Produtividade!N:N,MATCH($B51,Produtividade!C:C,0)),"") | K51: =IFERROR(INDEX(Produtividade!O:O,MATCH($B51,Produtividade!C:C,0)),"")
B52: =IF( 'Apoio - Dados'!J9<>"", 'Apoio - Dados'!J9, "OCULTAR ESTA LINHA") -> OCULTAR ESTA LINHA | F52: =IFERROR(INDEX(Produtividade!B:B,MATCH($B52,Produtividade!C:C,0)),"") | G52: =IFERROR(INDEX('Apoio - Dados'!F:F,MATCH($B52,'Apoio - Dados'!E:E,0)),"") | H52: =IFERROR(INDEX(Produtividade!L:L,MATCH($B52,Produtividade!C:C,0)),"") | I52: =IFERROR(INDEX(Produtividade!M:M,MATCH($B52,Produtividade!C:C,0)),"") | J52: =IFERROR(INDEX(Produtividade!N:N,MATCH($B52,Produtividade!C:C,0)),"") | K52: =IFERROR(INDEX(Produtividade!O:O,MATCH($B52,Produtividade!C:C,0)),"")
B53: =IF( 'Apoio - Dados'!J10<>"", 'Apoio - Dados'!J10, "OCULTAR ESTA LINHA") -> OCULTAR ESTA LINHA | F53: =IFERROR(INDEX(Produtividade!B:B,MATCH($B53,Produtividade!C:C,0)),"") | G53: =IFERROR(INDEX('Apoio - Dados'!F:F,MATCH($B53,'Apoio - Dados'!E:E,0)),"") | H53: =IFERROR(INDEX(Produtividade!L:L,MATCH($B53,Produtividade!C:C,0)),"") | I53: =IFERROR(INDEX(Produtividade!M:M,MATCH($B53,Produtividade!C:C,0)),"") | J53: =IFERROR(INDEX(Produtividade!N:N,MATCH($B53,Produtividade!C:C,0)),"") | K53: =IFERROR(INDEX(Produtividade!O:O,MATCH($B53,Produtividade!C:C,0)),"")
H54: =SUM(H45:H53) -> 0 | J54: =SUM(J45:J53) -> 0 | K54: =SUM(K45:K53) -> 0
B56: DEMONSTRATIVO DOS CUSTOS DIRETOS E INDIRETOS
B57: Custos Diretos | J57: Custo mensal | K57: Custo total
B58: Custos com mão de obra | J58: =SUM( IFERROR(SUM(Produtividade!$E179:$II179),0), IFERROR(SUM('Mão de Obra'!$E$179:$II$179),0) ) -> 4674.76 | K58: =J58*$J$6 -> 280485.6
B59: Custos com uniformes e material individuais | J59: =SUM( IFERROR(SUMPRODUCT(Produtividade!E148:II148,Produtividade!$E$29:$II$29),0), IFERROR(SUMPRODUCT('Mão de Obra'!E148:II148,'Mão de Obra'!$E$29:$II$29),0) ) -> 24.96 | K59: =J59*$J$6 -> 1497.6
B60: Custos material e equipamentos de uso coletivo | J60: ='Mat Coletivo e Equipamentos'!I4 + SUM( IFERROR(SUMPRODUCT('Mão de Obra'!E149:II149,'Mão de Obra'!$E$29:$II$29),0), IFERROR(SUMPRODUCT(Produtividade!E149:II149,Produtividade!$E$29:$II$29),0)) -> 65.483833 | K60: =J60*$J$6 -> 3929.03
B61: Custos com veículos | J61: =IFERROR(SUM(Veículos!E93:II93),0) -> 6080.12 | K61: =IFERROR(J61*$J$6,0) -> 364807.2
B62: Subtotal | J62: =IFERROR(SUM(J58:J61),0) -> 10845.324 | K62: =SUM(K58:K61) -> 650719.43
B63: Custos Indiretos
B64: Custos Administrativos | J64: =IFERROR( SUM( IFERROR(SUMPRODUCT('Mão de Obra'!E155:II155,'Mão de Obra'!$E$29:$II$29),0), IFERROR(SUMPRODUCT(Produtividade!E155:II155,Produtividade!$E$29:$II$29),0), IFERROR(SUMPRODUCT(Veículos!E64:II64,Veículos!$E$4:$II$4),0) ) * (1+'Mat Coletivo e Equipamentos'!I4/SUM(J62,-'Mat Coletivo e Equipamentos'!I4)),0) -> 542.27424 | K64: =J64*$J$6 -> 32536.454
B65: Lucros | J65: =IFERROR( SUM( IFERROR(SUMPRODUCT('Mão de Obra'!E156:II156,'Mão de Obra'!$E$29:$II$29),0), IFERROR(SUMPRODUCT(Produtividade!E156:II156,Produtividade!$E$29:$II$29),0), IFERROR(SUMPRODUCT(Veículos!E65:II65,Veículos!$E$4:$II$4),0) ) * (1+'Mat Coletivo e Equipamentos'!I4/SUM(J62,-'Mat Coletivo e Equipamentos'!I4)),0) -> 1138.7558 | K65: =J65*$J$6 -> 68325.347
B66: Tributos | J66: =IFERROR( SUM( IFERROR(SUMPRODUCT('Mão de Obra'!E166:II166,'Mão de Obra'!$E$29:$II$29),0), IFERROR(SUMPRODUCT(Produtividade!E166:II166,Produtividade!$E$29:$II$29),0), IFERROR(SUMPRODUCT(Veículos!E75:II75,Veículos!$E$4:$II$4),0) ) * (1+'Mat Coletivo e Equipamentos'!I4/SUM(J62,-'Mat Coletivo e Equipamentos'!I4)),0) -> 820.86637 | K66: =J66*$J$6 -> 49251.982
B67: Subtotal | J67: =SUM(J64:J66) -> 2501.8964 | K67: =SUM(K64:K66) -> 150113.78
B68: VALOR TOTAL ESTIMADO DO CONTRATO | J68: =SUM(J62,J67) -> 13347.22 | K68: =SUM(K62,K67) -> 800833.21

Sheet Apoio - Regime de Trabalho
A1: Regime | B1: Funcionários por posto | C1: Contratação | E1: Dias Semana | F1: Horas Semana | G1: Dias Mês | H1: Horas mês remuneradas | I1: Horas mês trabalhadas | J1: Horas mês dia
A3: 12x36 Diurno | B3: 2 | C3: Mensal | E3: - | G3: 15 | H3: 220 | I3: =G3*12 -> 180 | J3: =I3/G3 -> 12
A4: 12x36 Noturno | B4: 2 | C4: Mensal | E4: - | G4: 15 | H4: 220 | I4: =G4*12 -> 180 | J4: =I4/G4 -> 12
A5: 4h (1 dia/sem) | B5: 1 | C5: Mensal | E5: 1 | F5: 4 | G5: =E5*4 -> 4 | H5: =F5*30/6 -> 20 | I5: =F5*4 -> 16 | J5: =I5/G5 -> 4
A6: 6h (1 dia/sem) | B6: 1 | C6: Mensal | E6: 1 | F6: 6 | G6: =E6*4 -> 4 | H6: =F6*30/6 -> 30 | I6: =F6*4 -> 24 | J6: =I6/G6 -> 6
A7: 8h (1 dia/sem) | B7: 1 | C7: Mensal | E7: 1 | F7: 8 | G7: =E7*4 -> 4 | H7: =F7*30/6 -> 40 | I7: =F7*4 -> 32 | J7: =I7/G7 -> 8
A8: 12h (2 dia/sem) | B8: 1 | C8: Mensal | E8: 2 | F8: 12 | G8: =E8*4 -> 8 | H8: =F8*30/6 -> 60 | I8: =F8*4 -> 48 | J8: =I8/G8 -> 6
A9: 16h (2 dia/sem) | B9: 1 | C9: Mensal | E9: 2 | F9: 16 | G9: =E9*4 -> 8 | H9: =F9*30/6 -> 80 | I9: =F9*4 -> 64 | J9: =I9/G9 -> 8
A10: 20h (5 dia/sem) | B10: 1 | C10: Mensal | E10: 5 | F10: 20 | G10: =E10*4+2 -> 22 | H10: =F10*30/6 -> 100 | I10: =F10*4+2*4 -> 88 | J10: =I10/G10 -> 4
A11: 30h (5 dia/sem) | B11: 1 | C11: Mensal | E11: 5 | F11: 30 | G11: =E11*4+2 -> 22 | H11: =F11*30/6 -> 150 | I11: =F11*4+2*6 -> 132 | J11: =I11/G11 -> 6
A12: 35h (5 dia/sem) | B12: 1 | C12: Mensal | E12: 5 | F12: 35 | G12: =E12*4+2 -> 22 | H12: 175 | I12: =F12*4+2*7 -> 154 | J12: =I12/G12 -> 7
A13: 36h (6 dia/sem) | B13: 1 | C13: Mensal | E13: 6 | F13: 36 | G13: =E13*4+2 -> 26 | H13: =F13*30/6 -> 180 | I13: =F13*4+2*6 -> 156 | J13: =I13/G13 -> 6
A14: 40h (5 dia/sem) | B14: 1 | C14: Mensal | E14: 5 | F14: 40 | G14: =E14*4+2 -> 22 | H14: =F14*30/6 -> 200 | I14: =F14*4+2*8 -> 176 | J14: =I14/G14 -> 8
A15: 44h (5 dia/sem) | B15: 1 | C15: Mensal | E15: 5 | F15: 44 | G15: =E15*4+2 -> 22 | H15: =F15*30/6 -> 220 | I15: =F15*4+2*8 -> 192 | J15: =I15/G15 -> 8.7272727
A16: 44h (6 dia/sem) | B16: 1 | C16: Mensal | E16: 6 | F16: 44 | G16: =E16*4+2 -> 26 | H16: =F16*30/6 -> 220 | I16: =F16*4+2*8 -> 192 | J16: =I16/G16 -> 7.3846154

Sheet Apoio - Notas Explicativas
C2: Equivalência temporal
B3: A | C3: Dias na Semana | D3: 7
B4: B | C4: Dias no Ano | D4: 365.25
B5: C | C5: Dias no Mês | D5: 30
B6: D | C6: Dias úteis no Mês | D6: 22
B7: E | C7: Semanas no Mês | D7: =D9/D10 -> 4.3482143 | F7: =""
B8: F | C8: Quinzenas no Mês | D8: =D7/2 -> 2.1741071
B9: G | C9: Semanas no Ano | D9: =D4/7 -> 52.178571
B10: H | C10: Meses no Ano | D10: 12
B11: I | C11: Hora Normal (em minutos) | D11: 60
B12: J | C12: Hora Noturna (em minutos) | D12: 52.5
D14: MEMÓRIA DE CÁLCULO | E14: FUNDAMENTO | F14: OBSERVAÇÕES | H14: Regime tributário
H15: Lucro Presumido | I15: Lucro Real | J15: Cooperativa | K15: Simples | L15: Simples | M15: Simples | N15: Simples | O15: Simples | P15: Simples | Q15: Considerado
K16: Faixa 1 | L16: Faixa 2 | M16: Faixa 3 | N16: Faixa 4 | O16: Faixa 5 | P16: Faixa 6
C17: Faturamento máximo | K17: 180000 | L17: 360000 | M17: 720000 | N17: 1800000 | O17: 3600000 | P17: 4800000 | Q17: =IF(IFERROR(SUM(Produtividade!L193:L218)>0,FALSE()),Produtividade!D13, IF(IFERROR(Veículos!$E$3<>"",FALSE()),'Mão de Obra'!D13,'Mão de Obra'!D13)) -> Lucro Presumido
C18: Valor a Deduzir | K18: 0 | L18: 9360 | M18: 17640 | N18: 35640 | O18: 125640 | P18: 648000 | Q18: =IF(Q17="Simples", IF(IFERROR(SUM(Produtividade!L193:L218)>0,FALSE()),Produtividade!D14, IF(IFERROR(Veículos!$E$3<>"",FALSE()),'Mão de Obra'!D14,'Mão de Obra'!D14)),"")
C19: Percentual da faixa | K19: 0.06 | L19: 0.112 | M19: 0.135 | N19: 0.16 | O19: 0.21 | P19: 0.33
C21: MÓDULO 1: COMPOSIÇÃO DA REMUNERAÇÃO
B22: A | C22: Salário Base Mensal | E22: Artigo 457 e 458 da CLT. | F22: Salário mensal definido em acordo, dissídio ou convenção coletiva de trabalho no momento da publicação do edital, conforme Instrução Normativa SEGES/MGI nº 176, de 25/11/2024. Na ausência de normativos legais ou coletivos fixando o piso salarial de determinada categoria profissional, o valor do salário de referência poderá ser aquele definido pelo próprio mercado, podendo assumir o valor do salário mínimo. Importante ressaltar que a planilha de custos é baseada em empregados mensalistas, desse modo consideram-se já remunerados os dias de repouso semanal no salário mensal nos termos do § 2º do art. 7º da Lei 605/1949.
B23: B | C23: Adicional Periculosidade | D23: Salário Base x 30% | E23: Súmula 132 TST. Artigo 193 a 197 da CLT. Artigo 7º, inciso XXIII da CF/88. NR 16 do MTE. | F23: O percentual definido pelo art. 193 da CLT, deve ser calculados sobre salário base sem os acréscimos resultantes de gratificações, prêmios ou participações nos lucros da empresa, com exceção à categoria dos eletricitários, em que o cálculo deverá ser feito sobre a totalidade das parcelas de natureza salarial. A caracterização e a classificação da periculosidade far-se-ão por meio de perícia a cargo de Médico do Trabalho ou Engenheiro do Trabalho registrados no Ministério do Trabalho. A Norma Regulamentadora nº 16 estabelece em seus anexos as atividades e as operações perigosas que acarretam ao recebimento do adicional de periculosidade pelo empregado. As Leis nºs 12.740/2012 e 12.997/2014 estenderam o adicional de periculosidade, respectivamente, às atividades profissionais de segurança pessoal ou patrimonial e trabalhador em motocicleta.
B24: C | C24: Adicional Insalubridade | D24: Salário Mínimo ou Base estipulado em instrumento coletivo x (10%, 20% ou 40%) | E24: Regras do instrumento coletivo da categoria, se houver. Artigo 189 a 192 da CLT (10%, 20% ou 40%). Art. 7º, inc. XXIII CF/88. NR 15 do MTE. | F24: Os percentuais definidos pelo art. 192 da CLT, segundo as classificações nos graus máximo, médio e mínimo, devem ser calculados com base no salário mínimo, salvo critério mais vantajoso estabelecido em lei ou em instrumento coletivo de trabalho (Súmula Vinculante nº. 4). O direito ao recebimento do adicional somente pode ser reconhecido mediante laudo pericial que aponte estar a atividade insalubre prevista na relação oficial elaborada pelo Ministério do Trabalho, tal como definido pela NR-15 da Portaria n. 3.214 de 1978.
B25: D | C25: Gratificação de Função | D25: Salário Base x % de incidência | E25: Informada na Convenção Coletiva de Trabalho da categoria profissional a ser contratada ou Termo de Referência. | F25: Convenções Coletivas também podem determinar regras, inclusive para empregados que acumulam funções, conforme Instrução Normativa SEGES/MGI nº 176, de 25/11/2024.
B26: E | C26: Adicional Noturno | D26: (Salário base + adicionais periculosidade/insalubridade) ÷ total de horas mensais (conforme jornada de trabalho da categoria) x 20% x qtde. de horas noturnas x qtde de dias laborados a noite). | E26: Artigo 73 da CLT e artigo 7º, inciso IX da CF. Súmula nº 60 do TST e OJ nº 97 TST/SDI. | F26: A jornada noturna é compreendida entre 22h da noite e 05h da manhã seguinte (considerando que a hora noturna corresponde a 52min e 30 seg), com remuneração adicional de 20%, de acordo com o Art.73 da CLT. Além do ad. noturno e redução da hora noturna, se houver prorrogação do horário noturno, as horas trabalhadas após as 05 horas da manhã, também serão remuneradas com adicional noturno e com aplicação da hora noturna reduzida, nos termos do art. 73, § 5º da CLT e Súmula 60, II, do TST. Com a edição da Lei nº 13.467/2017, a reforma trabalhista, o entendimento da Súmula 60 do TST não é mais aplicado para as jornadas em turnos de revezamento 12x36, pois nesse caso, conforme § 1° do art. 59-A da CLT, serão considerados compensados dentro da jornada, sem necessidade de pagamento de adicional.
B27: F | C27: Adicional de Hora Noturna Reduzida | D27: Qtde. de horas noturnas x qtde de dias laborados a noite x 0,142857 x (Salário base + adicionais periculosidade/insalubridade) ÷ total de horas mensais x 120% | E27: Artigo 73 da CLT e artigo 7º, inciso IX da CF. Súmula nº 60 do TST e OJ nº 97 TST/SDI. | F27: A hora do trabalho noturno será computada como de 52 minutos e 30 segundos.
B28: G | C28: Horas Extras (com adicionais) | D28: (Salário base + adicionais periculosidade/insalubridade/noturno ) ÷ total de horas mensais (conforme jornada de trabalho da categoria) x %de incidência x qtde. de horas extras mensal). | E28: Artigo 7º, inciso XVI, da CF/88. Artigo 59 da CLT. Súmulas 60 e 132 TST. | F28: Indispensável haver justificativa técnica no processo da necessidade de serviço superior a jornada legal e vantajosidade frente a outra solução de jornada. Máximo prorrogação de 2 horas por dia estabelecido no art. 59 da CLT , salvo exceções do art. 61 da CLT.
B29: H | C29: Descanso Semanal Remunerado | D29: (Adicional noturmo + Adicional de hora reduzida+Horas extras+ Adicional de troca de uniforme) x 20% | E29: Artigos 67 a 70 da CLT. Art. 7º, inciso XV CF/88. | F29: Para fins de cálculo: Dias úteis ÷ feriados e domingos ou 25÷5 =20%
B30: I | C30: Adicional de Troca de Uniforme | D30: (Salário base + adicionais periculosidade) ÷ (total de horas mensais (conforme jornada de trabalho da categoria) ÷ 6) x qtde de dias | E30: Súmula nº 366 do TST | F30: O tempo despreendido para a troca de uniforme será remunerado (5 minutos para colocar e 5 minutos para retirar) na proporção de 1/6 do valor da hora normal de trabalho. CCT Sindivigilante.
B31: J | C31: Outras remunerações (especificar)
C33: MÓDULO 2 - ENCARGOS E BENEFÍCIOS ANUAIS, MENSAIS E DIÁRIOS
C35: SUBMÓDULO 2.1 - 13º Salário, Férias e Adicional de Férias
B36: A | C36: 13º salário | D36: ((1÷12) x 100) ≅ 8,33% | E36: Art. 7º, VIII, CF/88. Decreto nº. 57.155/1965. Acórdão TCU nº 6.771/2009 | F36: Gratificação de Natal, instituída pela Lei nº 4.090/1962. O percentual dessa rubrica pode ser obtido pelo cálculo: ((1/12) x 100) = 8,33%. | H36: =(1/12) -> 0.083333333 | I36: =(1/12) -> 0.083333333 | J36: =(1/12) -> 0.083333333 | K36: =(1/12) -> 0.083333333 | L36: =(1/12) -> 0.083333333 | M36: =(1/12) -> 0.083333333 | N36: =(1/12) -> 0.083333333 | O36: =(1/12) -> 0.083333333 | P36: =(1/12) -> 0.083333333 | Q36: =IFERROR(ROUND(IF($Q$17="Simples", INDEX(H36:P36,MATCH($Q$18,$H$18:$P$18,1)), INDEX(H36:P36,MATCH($Q$17,$H$15:$P$15,0)) ),4),"") -> 0.0833
B37: B | C37: Férias e Adicional de Férias | D37: ((1÷12) x 100) + ((1÷3) x (1÷12) x 100) ≅ 11,11% | E37: Art. 7º, XVII, CF/88. Acórdão TCU nº 6.771/2009. | F37: A CF/88, em seu art. 7º, inciso XVII, prevê que as férias sejam pagas com adicional de, pelo menos, 1/3 (um terço) da remuneração do mês. Assim, a provisão para atender as despesas relativas as férias e adicional de férias corresponde a: ((1/12) x 100) + ((1/3) x (1/12) x 100) ≅ 11,11% | H37: =(1/12) +( 1/3)/12 -> 0.11111111 | I37: =(1/12) +( 1/3)/12 -> 0.11111111 | J37: =(1/12) +( 1/3)/12 -> 0.11111111 | K37: =(1/12) +( 1/3)/12 -> 0.11111111 | L37: =(1/12) +( 1/3)/12 -> 0.11111111 | M37: =(1/12) +( 1/3)/12 -> 0.11111111 | N37: =(1/12) +( 1/3)/12 -> 0.11111111 | O37: =(1/12) +( 1/3)/12 -> 0.11111111 | P37: =(1/12) +( 1/3)/12 -> 0.11111111 | Q37: =IFERROR(ROUND(IF($Q$17="Simples", INDEX(H37:P37,MATCH($Q$18,$H$18:$P$18,1)), INDEX(H37:P37,MATCH($Q$17,$H$15:$P$15,0)) ),4),"") -> 0.1111
B38: C | C38: Incidência no Submódulo 2.2 sobre 13º salário e Férias | D38: ((1÷12) x 100) + ((1÷12) x 100) + ((1÷3) x (1÷12) x 100) x Submódulo 2.2 | F38: Sobre o somatório dos itens de custo 13º salário e férias com adicional de férias, há incidência de Encargos Previdenciários e FGTS do submódulo 2.2 | H38: =(H36+H37)*H51 -> 0.071555556 | I38: =(I36+I37)*I51 -> 0.071555556 | J38: =(J36+J37)*J51 -> 0.060277778 | K38: =(K36+K37)*K51 -> 0.060277778 | L38: =(L36+L37)*L51 -> 0.060277778 | M38: =(M36+M37)*M51 -> 0.060277778 | N38: =(N36+N37)*N51 -> 0.060277778 | O38: =(O36+O37)*O51 -> 0.060277778 | P38: =(P36+P37)*P51 -> 0.060277778 | Q38: =IFERROR(ROUND(IF($Q$17="Simples", INDEX(H38:P38,MATCH($Q$18,$H$18:$P$18,1)), INDEX(H38:P38,MATCH($Q$17,$H$15:$P$15,0)) ),4),"") -> 0.0716
C40: SUBMÓDULO 2.2- Encargos Previdenciários (GPS) e FGTS
B41: A | C41: INSS | E41: Art. 22, Inciso I, da Lei nº 8.212/91. Lei nº 13.161/2015 - Contribuição Previdenciária sobre a Receita Bruta (CPRB). | F41: Os encargos previdenciários das empresas dependem: do regime de tributação adotado e segmento econômico ao qual pertencem. | H41: 0.2 | I41: 0.2 | J41: 0.2 | K41: 0.2 | L41: 0.2 | M41: 0.2 | N41: 0.2 | O41: 0.2 | P41: 0.2 | Q41: =IFERROR(ROUND(IF($Q$17="Simples", INDEX(H41:P41,MATCH($Q$18,$H$18:$P$18,1)), INDEX(H41:P41,MATCH($Q$17,$H$15:$P$15,0)) ),4),"") -> 0.2
B42: B | C42: SESI OU SESC | E42: IN RFB nº 2110/2022 ; art. 30 da Lei n° 8.036/90; art. 1°da Lei n° 8.154/90; art. 240 da CF/88. | F42: Os encargos previdenciários das empresas dependem: do regime de tributação adotado e segmento econômico ao qual pertencem. Simples Nacional: dispensa custos de terceiros - LC nº123/06, Art. 13, VI e §3º e Art. 18, §5º C) | H42: 0.015 | I42: 0.015 | Q42: =IFERROR(ROUND(IF($Q$17="Simples", INDEX(H42:P42,MATCH($Q$18,$H$18:$P$18,1)), INDEX(H42:P42,MATCH($Q$17,$H$15:$P$15,0)) ),4),"") -> 0.015
B43: C | C43: SENAI OU SENAC | E43: IN RFB nº 2110/2022; Decreto n.º 2.318/86. | F43: Os encargos previdenciários das empresas dependem: do regime de tributação adotado e segmento econômico ao qual pertencem. Simples Nacional: dispensa custos de terceiros - LC nº123/06, Art. 13, VI e §3º e Art. 18, §5º C) | H43: 0.01 | I43: 0.01 | Q43: =IFERROR(ROUND(IF($Q$17="Simples", INDEX(H43:P43,MATCH($Q$18,$H$18:$P$18,1)), INDEX(H43:P43,MATCH($Q$17,$H$15:$P$15,0)) ),4),"") -> 0.01
B44: D | C44: INCRA | E44: IN RFB nº 2110/2022; Lei nº 7.787/89; DL nº 1.146/70; Lei Complementar nº 11/71. | F44: Os encargos previdenciários das empresas dependem: do regime de tributação adotado e segmento econômico ao qual pertencem. Simples Nacional: dispensa custos de terceiros - LC nº123/06, Art. 13, VI e §3º e Art. 18, §5º C) | H44: 0.002 | I44: 0.002 | Q44: =IFERROR(ROUND(IF($Q$17="Simples", INDEX(H44:P44,MATCH($Q$18,$H$18:$P$18,1)), INDEX(H44:P44,MATCH($Q$17,$H$15:$P$15,0)) ),4),"") -> 0.002
B45: E | C45: Salário educação | E45: IN RFB nº 2110/2022 ; art. 3°, inciso I do Decreto n° 87.043/1982; art. 15 – Lei nº 9.424/96; art. 1º § 1º - Decreto nº 6.003/2006; art. 212 § 5º da CF/88; Súmula nº 732 do STF. | F45: Os encargos previdenciários das empresas dependem: do regime de tributação adotado e segmento econômico ao qual pertencem. Simples Nacional: dispensa custos de terceiros - LC nº123/06, Art. 13, VI e §3º e Art. 18, §5º C) | H45: 0.025 | I45: 0.025 | Q45: =IFERROR(ROUND(IF($Q$17="Simples", INDEX(H45:P45,MATCH($Q$18,$H$18:$P$18,1)), INDEX(H45:P45,MATCH($Q$17,$H$15:$P$15,0)) ),4),"") -> 0.025
B46: F | C46: FGTS | E46: Art. 15, Lei nº 8.036/90 e Art. 7º, III. | H46: 0.08 | I46: 0.08 | J46: 0.08 | K46: 0.08 | L46: 0.08 | M46: 0.08 | N46: 0.08 | O46: 0.08 | P46: 0.08 | Q46: =IFERROR(ROUND(IF($Q$17="Simples", INDEX(H46:P46,MATCH($Q$18,$H$18:$P$18,1)), INDEX(H46:P46,MATCH($Q$17,$H$15:$P$15,0)) ),4),"") -> 0.08
B47: G | C47: GILL/RAT (RAT 0,03 x FAP 1) | D47: RAT 3% x FAP 1 | E47: Anexo V do Regulamento da Previdência Social – RPS (Decreto nº 3.048/1999) e regras de enquadramento dispostas na Instrução Normativa RFB nº 971/2009 e/ou legislação superveniente. Súmula 351 do STJ. | F47: GILL/RAT é a sigla correspondente à Contribuição do Grau de Incidência de Incapacidade Laborativa decorrente dos Riscos Ambientais do Trabalho (o antigo Seguro de Acidente de Trabalho - SAT). A contribuição GILL/RAT é apurada por meio de um indicador criado pela Receita Federal: o RAT Ajustado. Sendo assim, em regra, considera-se para fins de definição da planilha modelo que GILL/RAT = SAT = RAT Ajustado. O cálculo do RAT ajustado é feito mediante aplicação da fórmula: RAT ajustado = RAT x FAP. A aplicação mínima ou máxima do FAP (0,5 a 2,00) sobre as alíquotas do RAT (1% a 3%) levará o percentual ajustado do RAT a uma variação entre 0,5% a 6%. A licitante deve preencher o item G do Submódulo 2.2 das planilhas analíticas de custos e formação de preços com o valor de seu RAT ajustado comprovando o percentual indicado no momento da apresentação da proposta na forma prescrita no edital e nestas notas explicativas. RAT (Riscos Ambientais do Trabalho) contém as alíquotas de 1%, 2% ou 3%, apurada com base na atividade preponderante da empresa (CNAE), deverá ser esclarecida e comprovada quando solicitado pelo pregoeiro, conforme Anexo V do Regulamento da Previdência Social – RPS (Decreto n. 3.048/1999) e regras de enquadramento dispostas na IN RFB nº 2110/2022 e/ou legislação superveniente. FAP (Fator Acidentário de Prevenção) multiplicador variável num intervalo de 0,5 a 2,00 calculado anualmente pelo INSS considerando o número de acidentes do trabalho e doenças profissionais de cada empresa (Decreto nº 6.957/2009). Essa alíquota deverá ser comprovada mediante a apresentação do multiplicador FAP (FapWeb) vigente no momento da contratação, cujo valor é obtido no site da previdência social por meio de acesso individual da proponente. | H47: =ROUND(H48*H49,2) -> 0.03 | I47: =ROUND(I48*I49,2) -> 0.03 | J47: =ROUND(J48*J49,2) -> 0.03 | K47: =ROUND(K48*K49,2) -> 0.03 | L47: =ROUND(L48*L49,2) -> 0.03 | M47: =ROUND(M48*M49,2) -> 0.03 | N47: =ROUND(N48*N49,2) -> 0.03 | O47: =ROUND(O48*O49,2) -> 0.03 | P47: =ROUND(P48*P49,2) -> 0.03 | Q47: =IFERROR(ROUND(IF($Q$17="Simples", INDEX(H47:P47,MATCH($Q$18,$H$18:$P$18,1)), INDEX(H47:P47,MATCH($Q$17,$H$15:$P$15,0)) ),4),"") -> 0.03
C48: RAT | E48: Art. 22 Lei nº 8.212/1991. | H48: 0.03 | I48: =H48 -> 0.03 | J48: =I48 -> 0.03 | K48: =I48 -> 0.03 | L48: =K48 -> 0.03 | M48: =L48 -> 0.03 | N48: =M48 -> 0.03 | O48: =N48 -> 0.03 | P48: =O48 -> 0.03 | Q48: =IFERROR(ROUND(IF($Q$17="Simples", INDEX(H48:P48,MATCH($Q$18,$H$18:$P$18,1)), INDEX(H48:P48,MATCH($Q$17,$H$15:$P$15,0)) ),4),"") -> 0.03
C49: FAP | E49: Lei n° 10.666/2003, Decreto nº 6.042/2007 e nº 6.957/2009. | F49: Documentos que comprovam o FAP: Documento indicativo do Fator Acidentário de Prevenção (FAPWEB), emitido preferencialmente por sítio eletrônico vinculado à Previdência Social e/ou à Dataprev (Empresa de Tecnologia e Informações da Previdência Social) ou Print E-Social ou comprovante DCTFWEb (GFIP da competência anterior à apresentação da proposta). | H49: 1 | I49: =H49 -> 1 | J49: =I49 -> 1 | K49: =I49 -> 1 | L49: =K49 -> 1 | M49: =L49 -> 1 | N49: =M49 -> 1 | O49: =N49 -> 1 | P49: =O49 -> 1 | Q49: =IFERROR(ROUND(IF($Q$17="Simples", INDEX(H49:P49,MATCH($Q$18,$H$18:$P$18,1)), INDEX(H49:P49,MATCH($Q$17,$H$15:$P$15,0)) ),4),"") -> 1
B50: H | C50: SEBRAE | E50: Anexo II da IN RFB n. 971/09. Art. 8º, Lei n.º 8.029/90 e Lei n.º 8154/90 | F50: Os encargos previdenciários das empresas dependem: do regime de tributação adotado e segmento econômico ao qual pertencem. Simples Nacional: dispensa custos de terceiros - LC nº123/06, Art. 13, VI e §3º e Art. 18, §5º C) | H50: 0.006 | I50: 0.006 | Q50: =IFERROR(ROUND(IF($Q$17="Simples", INDEX(H50:P50,MATCH($Q$18,$H$18:$P$18,1)), INDEX(H50:P50,MATCH($Q$17,$H$15:$P$15,0)) ),4),"") -> 0.006
H51: =SUM(H41:H50)-H48-H49 -> 0.368 | I51: =SUM(I41:I50)-I48-I49 -> 0.368 | J51: =SUM(J41:J50)-J48-J49 -> 0.31 | K51: =SUM(K41:K47)+K50 -> 0.31 | L51: =SUM(L41:L50)-L48-L49 -> 0.31 | M51: =SUM(M41:M50)-M48-M49 -> 0.31 | N51: =SUM(N41:N50)-N48-N49 -> 0.31 | O51: =SUM(O41:O50)-O48-O49 -> 0.31 | P51: =SUM(P41:P50)-P48-P49 -> 0.31 | Q51: =IFERROR(ROUND(IF($Q$17="Simples", INDEX(H51:P51,MATCH($Q$18,$H$18:$P$18,1)), INDEX(H51:P51,MATCH($Q$17,$H$15:$P$15,0)) ),4),"") -> 0.368
C53: SUBMÓDULO 2.3 - Encargos e Benefícios Anuais, Mensais e Diários
B54: A | C54: Auxílio Transporte | D54: (Valor da passagem x Quantidade de passagens por dia por empregado x Quantidade de dias trabalhados) - (Participação do empregado no custo x Salário base ) | E54: Art. 4º, § único, da Lei nº 7.418/85 e Art. 114, inciso I, Decreto nº 10.854, de 2021. | F54: Deve ser observado o instrumento coletivo para a fixação do percentual de desconto do empregado, conforme Instrução Normativa SEGES/MGI nº 176, de 25/11/2024.
B55: B | C55: Auxílio-Refeição/Alimentação | D55: (Valor do Auxílio-Alimentação x Quantidade de dias do mês de recebimento de auxílio-alimentação) - (Valor do Auxílio-Alimentação x Quantidade de dias do mês de recebimento de auxílio-alimentação x Participação do empregado no custo ) | E55: Art. 458, §§ 2º e 3º, da CLT, Lei nº 6.321/76, Decreto nº 5/91 e CCT. | F55: Deve ser observado o instrumento coletivo para a fixação do percentual de desconto do empregado, conforme Instrução Normativa SEGES/MGI nº 176, de 25/11/2024. Participação do empregado no custo não deve ultrapassar 20% do seu salário contribuição (art. 458, § 3º CLT)
B56: C | C56: Assistência Médica e Familiar | D56: (Valor previsto em CCT/ACT x Participação do empregado no custo) | E56: Art. 458, inciso IV da CLT e CCT | F56: Deve ser observado o instrumento coletivo para a fixação do percentual de desconto do empregado, conforme Instrução Normativa SEGES/MGI nº 176, de 25/11/2024.
B57: D | C57: Seguro de vida em grupo | D57: Valor previsto em CCT/ACT/TR | E57: Art. 458, inciso IV da CLT e CCT | F57: Deve ser observado o instrumento coletivo, conforme Instrução Normativa SEGES/MGI nº 176, de 25/11/2024.
B58: E | C58: Auxílio-Funeral | D58: Valor previsto em CCT/ACT/TR | F58: Deve ser observado o instrumento coletivo, conforme Instrução Normativa SEGES/MGI nº 176, de 25/11/2024.
B59: F | C59: Cesta Básica | D59: (Valor previsto em CCT/ACT x Participação do empregado no custo) | F59: Deve ser observado o instrumento coletivo para a fixação do percentual de desconto do empregado, conforme Instrução Normativa SEGES/MGI nº 176, de 25/11/2024.
B60: G | C60: Plano de Benefício Social Familiar | D60: Valor previsto em CCT/ACT/TR | F60: Deve ser observado o instrumento coletivo, conforme Instrução Normativa SEGES/MGI nº 176, de 25/11/2024.
B61: H | C61: Outros (especificar) | D61: Valor previsto em CCT/ACT/TR | F61: Deve ser observado o instrumento coletivo, conforme Instrução Normativa SEGES/MGI nº 176, de 25/11/2024.
C63: MÓDULO 3 - PROVISÃO PARA RESCISÃO
C65: Dados Estatísticos
C66: Funcionários demitidos sem justa causa / Total de desligamentos (em %) | H66: 0.05 | I66: =H66 -> 0.05 | J66: =I66 -> 0.05 | K66: =I66 -> 0.05 | L66: =K66 -> 0.05 | M66: =L66 -> 0.05 | N66: =M66 -> 0.05 | O66: =N66 -> 0.05 | P66: =O66 -> 0.05 | Q66: =IFERROR(ROUND(IF($Q$17="Simples", INDEX(H66:P66,MATCH($Q$18,$H$18:$P$18,1)), INDEX(H66:P66,MATCH($Q$17,$H$15:$P$15,0)) ),4),"") -> 0.05
C67: FGTS | H67: 0.08 | I67: =H67 -> 0.08 | J67: =I67 -> 0.08 | K67: =I67 -> 0.08 | L67: =K67 -> 0.08 | M67: =L67 -> 0.08 | N67: =M67 -> 0.08 | O67: =N67 -> 0.08 | P67: =O67 -> 0.08 | Q67: =IFERROR(ROUND(IF($Q$17="Simples", INDEX(H67:P67,MATCH($Q$18,$H$18:$P$18,1)), INDEX(H67:P67,MATCH($Q$17,$H$15:$P$15,0)) ),4),"") -> 0.08
C68: Multa do FGTS (em %) | H68: 0.4 | I68: =H68 -> 0.4 | J68: =I68 -> 0.4 | K68: =I68 -> 0.4 | L68: =K68 -> 0.4 | M68: =L68 -> 0.4 | N68: =M68 -> 0.4 | O68: =N68 -> 0.4 | P68: =O68 -> 0.4 | Q68: =IFERROR(ROUND(IF($Q$17="Simples", INDEX(H68:P68,MATCH($Q$18,$H$18:$P$18,1)), INDEX(H68:P68,MATCH($Q$17,$H$15:$P$15,0)) ),4),"") -> 0.4
C69: Empregados que recebem aviso prévio trabalhado durante o contrato (em %) | H69: 0.02 | I69: =H69 -> 0.02 | J69: =I69 -> 0.02 | K69: =I69 -> 0.02 | L69: =K69 -> 0.02 | M69: =L69 -> 0.02 | N69: =M69 -> 0.02 | O69: =N69 -> 0.02 | P69: =O69 -> 0.02 | Q69: =IFERROR(ROUND(IF($Q$17="Simples", INDEX(H69:P69,MATCH($Q$18,$H$18:$P$18,1)), INDEX(H69:P69,MATCH($Q$17,$H$15:$P$15,0)) ),4),"") -> 0.02
C70: Empregados que recebem aviso prévio trabalhadono final do contrato (em %) | H70: 1 | I70: =H70 -> 1 | J70: =I70 -> 1 | K70: =I70 -> 1 | L70: =K70 -> 1 | M70: =L70 -> 1 | N70: =M70 -> 1 | O70: =N70 -> 1 | P70: =O70 -> 1 | Q70: =IFERROR(ROUND(IF($Q$17="Simples", INDEX(H70:P70,MATCH($Q$18,$H$18:$P$18,1)), INDEX(H70:P70,MATCH($Q$17,$H$15:$P$15,0)) ),4),"") -> 1
C71: Dias APT pagos | H71: 7 | I71: =H71 -> 7 | J71: =I71 -> 7 | K71: =I71 -> 7 | L71: =K71 -> 7 | M71: =L71 -> 7 | N71: =M71 -> 7 | O71: =N71 -> 7 | P71: =O71 -> 7 | Q71: =IFERROR(ROUND(IF($Q$17="Simples", INDEX(H71:P71,MATCH($Q$18,$H$18:$P$18,1)), INDEX(H71:P71,MATCH($Q$17,$H$15:$P$15,0)) ),4),"") -> 7
C73: PROVISÃO PARA RESCISÃO
B74: A | C74: Aviso prévio indenizado | D74: ((30÷30)÷12)X0,05 ≅ 0,42% | E74: Art. 7º, XXI, CF/88. Art. 477, 487 e 491 da CLT. Lei nº 12.506/2011. | F74: Trata-se de valor devido ao empregado no caso de o empregador rescindir o contrato sem justo motivo e sem lhe conceder aviso prévio, conforme disposto no § 1º do art. 487 da CLT. De acordo com levantamento efetuado em diversos contratos, cerca de 5% do pessoal é demitido pelo empregador, antes do término do contrato de trabalho - Acórdão TCU 6.771/2009 – 1ª Câmara. Cálculo ((1/12)x 0,05) x 100 ≅ 0,42%. | H74: =(($D$5/$D$5)/$D$10)*H66 -> 0.0041666667 | I74: =H74 -> 0.0041666667 | J74: =I74 -> 0.0041666667 | K74: =I74 -> 0.0041666667 | L74: =K74 -> 0.0041666667 | M74: =L74 -> 0.0041666667 | N74: =M74 -> 0.0041666667 | O74: =N74 -> 0.0041666667 | P74: =O74 -> 0.0041666667 | Q74: =IFERROR(ROUND(IF($Q$17="Simples", INDEX(H74:P74,MATCH($Q$18,$H$18:$P$18,1)), INDEX(H74:P74,MATCH($Q$17,$H$15:$P$15,0)) ),4),"") -> 0.0042
B75: B | C75: Incidência do FGTS sobre Aviso Prévio indenizado | D75: (0,08 x 0,0042) ≅ 0,03% | E75: Súmula 305 TST. | H75: =(($D$5/$D$5)/$D$10)*H66*H67 -> 0.00033333333 | I75: =H75 -> 0.00033333333 | J75: =I75 -> 0.00033333333 | K75: =I75 -> 0.00033333333 | L75: =K75 -> 0.00033333333 | M75: =L75 -> 0.00033333333 | N75: =M75 -> 0.00033333333 | O75: =N75 -> 0.00033333333 | P75: =O75 -> 0.00033333333 | Q75: =IFERROR(ROUND(IF($Q$17="Simples", INDEX(H75:P75,MATCH($Q$18,$H$18:$P$18,1)), INDEX(H75:P75,MATCH($Q$17,$H$15:$P$15,0)) ),4),"") -> 0.0003
B76: C | C76: Incidência da Multa s/ FGTS incidente no API | D76: (0,08 x 0,0042) x 0,40 ≅ 0,0134 | E76: Art. 18 Lei 8.036/90. Art. 12 Lei 13.932/2019. | F76: Esse item corresponde ao valor da multa do FGTS (40%) que incide sobre o saldo dos depósitos efetuados na conta vinculada ao FGTS do trabalhador. Logo o pagamento da multa para os valores depositados relativos a salários, férias e 13º salário corresponde a:((0,08 x 0,0042) x 100) x 0,40 ≅ 0,0134 | H76: =H74*H67*H68 -> 0.00013333333 | I76: =H76 -> 0.00013333333 | J76: =I76 -> 0.00013333333 | K76: =I76 -> 0.00013333333 | L76: =K76 -> 0.00013333333 | M76: =L76 -> 0.00013333333 | N76: =M76 -> 0.00013333333 | O76: =N76 -> 0.00013333333 | P76: =O76 -> 0.00013333333 | Q76: =IFERROR(ROUND(IF($Q$17="Simples", INDEX(H76:P76,MATCH($Q$18,$H$18:$P$18,1)), INDEX(H76:P76,MATCH($Q$17,$H$15:$P$15,0)) ),4),"") -> 0.0001
B77: D | C77: Aviso prévio trabalhado | D77: ((7÷30)÷12) ≅ 1,94% | E77: Art. 7º, XXI, CF/88, 477,487 e 491 CLT. Lei 12.506/2011. Acórdão nº 1904/2007-TCU-Plenário. Acórdão nº 3006/2010-TCU-Plenário.Acórdão nº 1186/2017-TCU-Plenário | F77: Considera-se que será pago ao final do contrato aviso prévio a 100% dos empregados alocados. Assim sendo, será considerado para o primeiro período contratual [(7/30)/12] ≅ 1,94% para 30 dias de aviso prévio no primeiro ano. Para cada 12 meses adicionais, será acrescido 3 dias, até o máximo, de 60 dias, perfazendo um total de até 90 (noventa) dias. Ou seja (7 dias custo do APT ÷ 30 Dias do mês÷ 12 meses). Art. 488 CLT - previsão de jornada reduzida ou a faculdade de ausência no trabalho, durante Aviso Prévio. | H77: =(H71/$D$5*(1+0.1*MAX(0,ROUNDUP('Mão de Obra'!$D$12/12,0)-1))/'Mão de Obra'!$D$12) -> 0.0054444444 | I77: =H77 -> 0.0054444444 | J77: =I77 -> 0.0054444444 | K77: =I77 -> 0.0054444444 | L77: =K77 -> 0.0054444444 | M77: =L77 -> 0.0054444444 | N77: =M77 -> 0.0054444444 | O77: =N77 -> 0.0054444444 | P77: =O77 -> 0.0054444444 | Q77: =IFERROR(ROUND(IF($Q$17="Simples", INDEX(H77:P77,MATCH($Q$18,$H$18:$P$18,1)), INDEX(H77:P77,MATCH($Q$17,$H$15:$P$15,0)) ),4),"") -> 0.0054
B78: E | C78: Incidência dos encargos do submódulo 2.2 sobre item D | D78: ((0,3680 x 0,0194) x 100) ≅ 0,72% ((0,3100 x 0,0194) x 100) ≅ 0,60% | E78: Acórdãos nº 1904/2007-TCU-Plenário e nº 3006/2010-TCU-Plenário. | F78: Incidência dos encargos previdenciários (GPS) e FGTS sobre as provisões.Tendo em vista que os encargos do submódulo 2.2 é variável, o percentual altera conforme Regime Tributário. | H78: =H77*H51 -> 0.0020035556 | I78: =I77*I51 -> 0.0020035556 | J78: =J77*J51 -> 0.0016877778 | K78: =K77*K51 -> 0.0016877778 | L78: =L77*L51 -> 0.0016877778 | M78: =M77*M51 -> 0.0016877778 | N78: =N77*N51 -> 0.0016877778 | O78: =O77*O51 -> 0.0016877778 | P78: =P77*P51 -> 0.0016877778 | Q78: =IFERROR(ROUND(IF($Q$17="Simples", INDEX(H78:P78,MATCH($Q$18,$H$18:$P$18,1)), INDEX(H78:P78,MATCH($Q$17,$H$15:$P$15,0)) ),4),"") -> 0.002
B79: F | C79: Multa sobre FGTS e contribuições sociais incidentes | D79: Total Remuneração (módulo 1) X 0,04 | E79: Art. 12 Lei 13.932/2019. Acórdãos nº 1904/2007-TCU-Plenário e nº 3006/2010-TCU-Plenário. | F79: Considerando demissão sem justa causa para 100% dos empregado. Orientação SEGES/MP. | H79: 0.04 | I79: =H79 -> 0.04 | J79: =I79 -> 0.04 | K79: =I79 -> 0.04 | L79: =K79 -> 0.04 | M79: =L79 -> 0.04 | N79: =M79 -> 0.04 | O79: =N79 -> 0.04 | P79: =O79 -> 0.04 | Q79: =IFERROR(ROUND(IF($Q$17="Simples", INDEX(H79:P79,MATCH($Q$18,$H$18:$P$18,1)), INDEX(H79:P79,MATCH($Q$17,$H$15:$P$15,0)) ),4),"") -> 0.04
C81: MÓDULO 4 - CUSTO DE REPOSIÇÃO DO PROFISSIONAL AUSENTE
C83: Dados Estatísticos
C84: Dias de Ausências por Doença | F84: ACÓRDÃO 6771/2009 - PRIMEIRA CÂMARA - Estimativa de 5 (cinco) dias de licença por ano. | H84: 5 | I84: =H84 -> 5 | J84: =I84 -> 5 | K84: =I84 -> 5 | L84: =K84 -> 5 | M84: =L84 -> 5 | N84: =M84 -> 5 | O84: =N84 -> 5 | P84: =O84 -> 5 | Q84: =IFERROR(ROUND(IF($Q$17="Simples", INDEX(H84:P84,MATCH($Q$18,$H$18:$P$18,1)), INDEX(H84:P84,MATCH($Q$17,$H$15:$P$15,0)) ),4),"") -> 5
C85: Dias de Licença-Paternidade | H85: 5 | I85: =H85 -> 5 | J85: =I85 -> 5 | K85: =I85 -> 5 | L85: =K85 -> 5 | M85: =L85 -> 5 | N85: =M85 -> 5 | O85: =N85 -> 5 | P85: =O85 -> 5 | Q85: =IFERROR(ROUND(IF($Q$17="Simples", INDEX(H85:P85,MATCH($Q$18,$H$18:$P$18,1)), INDEX(H85:P85,MATCH($Q$17,$H$15:$P$15,0)) ),4),"") -> 5
C86: Trabalhadores com direito a Licença-Paternidade (%) | F86: ACÓRDÃO 6771/2009 - PRIMEIRA CÂMARA - Estimativa de 1,5% (um inteiro e cinco décimos por cento) dos empregados usufruindo 5 (cinco) dias da licença por ano. | H86: 0.015 | I86: =H86 -> 0.015 | J86: =I86 -> 0.015 | K86: =I86 -> 0.015 | L86: =K86 -> 0.015 | M86: =L86 -> 0.015 | N86: =M86 -> 0.015 | O86: =N86 -> 0.015 | P86: =O86 -> 0.015 | Q86: =IFERROR(ROUND(IF($Q$17="Simples", INDEX(H86:P86,MATCH($Q$18,$H$18:$P$18,1)), INDEX(H86:P86,MATCH($Q$17,$H$15:$P$15,0)) ),4),"") -> 0.015
C87: Dias de Ausências Legais | F87: ACÓRDÃO 1753/2008 - PLENÁRIO - Estimativa de 2,96 ausências por ano. | H87: 2.96 | I87: =H87 -> 2.96 | J87: =I87 -> 2.96 | K87: =I87 -> 2.96 | L87: =K87 -> 2.96 | M87: =L87 -> 2.96 | N87: =M87 -> 2.96 | O87: =N87 -> 2.96 | P87: =O87 -> 2.96 | Q87: =IFERROR(ROUND(IF($Q$17="Simples", INDEX(H87:P87,MATCH($Q$18,$H$18:$P$18,1)), INDEX(H87:P87,MATCH($Q$17,$H$15:$P$15,0)) ),4),"") -> 2.96
C88: Empregados afastados por acidente de trabalho (em %) | F88: ACÓRDÃO 6771/2009 - PRIMEIRA CÂMARA - Estimativa de 1 (uma) licença de 30 (trinta) dias por ano para 0,78% (setenta e oito décimos por cento) dos empregados. | H88: 0.0078 | I88: =H88 -> 0.0078 | J88: =I88 -> 0.0078 | K88: =I88 -> 0.0078 | L88: =K88 -> 0.0078 | M88: =L88 -> 0.0078 | N88: =M88 -> 0.0078 | O88: =N88 -> 0.0078 | P88: =O88 -> 0.0078 | Q88: =IFERROR(ROUND(IF($Q$17="Simples", INDEX(H88:P88,MATCH($Q$18,$H$18:$P$18,1)), INDEX(H88:P88,MATCH($Q$17,$H$15:$P$15,0)) ),4),"") -> 0.0078
C89: Dias pagos pela empresa em acidentes de trabalho | H89: 15 | I89: =H89 -> 15 | J89: =I89 -> 15 | K89: =I89 -> 15 | L89: =K89 -> 15 | M89: =L89 -> 15 | N89: =M89 -> 15 | O89: =N89 -> 15 | P89: =O89 -> 15 | Q89: =IFERROR(ROUND(IF($Q$17="Simples", INDEX(H89:P89,MATCH($Q$18,$H$18:$P$18,1)), INDEX(H89:P89,MATCH($Q$17,$H$15:$P$15,0)) ),4),"") -> 15
C90: Tempo de Licença-Maternidade | H90: 4 | I90: =H90 -> 4 | J90: =I90 -> 4 | K90: =I90 -> 4 | L90: =K90 -> 4 | M90: =L90 -> 4 | N90: =M90 -> 4 | O90: =N90 -> 4 | P90: =O90 -> 4 | Q90: =IFERROR(ROUND(IF($Q$17="Simples", INDEX(H90:P90,MATCH($Q$18,$H$18:$P$18,1)), INDEX(H90:P90,MATCH($Q$17,$H$15:$P$15,0)) ),4),"") -> 4
C91: Rateio do Custo da Licença-Maternidade durante Vigência Contratual | H91: =H90/12 -> 0.33333333 | I91: =H91 -> 0.33333333 | J91: =I91 -> 0.33333333 | K91: =I91 -> 0.33333333 | L91: =K91 -> 0.33333333 | M91: =L91 -> 0.33333333 | N91: =M91 -> 0.33333333 | O91: =N91 -> 0.33333333 | P91: =O91 -> 0.33333333 | Q91: =IFERROR(ROUND(IF($Q$17="Simples", INDEX(H91:P91,MATCH($Q$18,$H$18:$P$18,1)), INDEX(H91:P91,MATCH($Q$17,$H$15:$P$15,0)) ),4),"") -> 0.3333
C92: Total de empregos RS (2020) | H92: 2820968 | I92: =H92 -> 2820968 | J92: =I92 -> 2820968 | K92: =I92 -> 2820968 | L92: =K92 -> 2820968 | M92: =L92 -> 2820968 | N92: =M92 -> 2820968 | O92: =N92 -> 2820968 | P92: =O92 -> 2820968 | Q92: =IFERROR(ROUND(IF($Q$17="Simples", INDEX(H92:P92,MATCH($Q$18,$H$18:$P$18,1)), INDEX(H92:P92,MATCH($Q$17,$H$15:$P$15,0)) ),4),"") -> 2820968
C93: Mulheres empregadas RS (2020) | H93: 1303632 | I93: =H93 -> 1303632 | J93: =I93 -> 1303632 | K93: =I93 -> 1303632 | L93: =K93 -> 1303632 | M93: =L93 -> 1303632 | N93: =M93 -> 1303632 | O93: =N93 -> 1303632 | P93: =O93 -> 1303632 | Q93: =IFERROR(ROUND(IF($Q$17="Simples", INDEX(H93:P93,MATCH($Q$18,$H$18:$P$18,1)), INDEX(H93:P93,MATCH($Q$17,$H$15:$P$15,0)) ),4),"") -> 1303632
C94: Quantidade de licenças maternidade concedidas (2020) | H94: 52313 | I94: =H94 -> 52313 | J94: =I94 -> 52313 | K94: =I94 -> 52313 | L94: =K94 -> 52313 | M94: =L94 -> 52313 | N94: =M94 -> 52313 | O94: =N94 -> 52313 | P94: =O94 -> 52313 | Q94: =IFERROR(ROUND(IF($Q$17="Simples", INDEX(H94:P94,MATCH($Q$18,$H$18:$P$18,1)), INDEX(H94:P94,MATCH($Q$17,$H$15:$P$15,0)) ),4),"") -> 52313
C95: % Licenças maternidade concedidas | H95: =H94/H93 -> 0.040128656 | I95: =H95 -> 0.040128656 | J95: =I95 -> 0.040128656 | K95: =I95 -> 0.040128656 | L95: =K95 -> 0.040128656 | M95: =L95 -> 0.040128656 | N95: =M95 -> 0.040128656 | O95: =N95 -> 0.040128656 | P95: =O95 -> 0.040128656 | Q95: =IFERROR(ROUND(IF($Q$17="Simples", INDEX(H95:P95,MATCH($Q$18,$H$18:$P$18,1)), INDEX(H95:P95,MATCH($Q$17,$H$15:$P$15,0)) ),4),"") -> 0.0401
C96: % Mulheres empregadas RS (2020) | H96: =H93/H92 -> 0.46212222 | I96: =H96 -> 0.46212222 | J96: =I96 -> 0.46212222 | K96: =I96 -> 0.46212222 | L96: =K96 -> 0.46212222 | M96: =L96 -> 0.46212222 | N96: =M96 -> 0.46212222 | O96: =N96 -> 0.46212222 | P96: =O96 -> 0.46212222 | Q96: =IFERROR(ROUND(IF($Q$17="Simples", INDEX(H96:P96,MATCH($Q$18,$H$18:$P$18,1)), INDEX(H96:P96,MATCH($Q$17,$H$15:$P$15,0)) ),4),"") -> 0.4621
C97: Custo estimado do afastamento maternidade | F97: Anuário RAIS do Ministério do Trabalho - Durante a licença, o salário maternidade e a parcela do décimo terceiro salário correspondente ao período da licença é custeado pelo INSS (Art. 59 IN RFB nº 2110/2022). Cabe à empresa a provisão relativa a férias (1/12) e adicional de férias (1/3 x 1/12) e as contribuições previdenciárias sobre o período de licença . A remuneração do substituto, acrescida de todos os encargos, é justamente a remuneração da trabalhadora substituída no período (vide Módulo 1 e Submódulo 2.2). Portanto o custo do afastamento é dado pela seguinte fórmula aplicada sobre a remuneração: [(1/12) + (1/3 x 1/12)] x 100 ≅ 11,11% Rateio do Custo durante Vigência Contratual: Divisão proporcional do custo de 4 (quatro) meses de licença por ano (base do % de ocorrências): (4 meses de licença) ÷ (12 meses) x 100 = 33,33% Número Estimado de Ocorrências: Conforme Anuário Estatístico da RAIS, elaborado pelo Ministério do Trabalho, as mulheres representaram cerca de 46,2122% do total de empregos no Rio Grande do Sul (1.303.632 do total de 2.820.968). Já o Anuário Estatístico da Previdência Social dispõe que foi concedida a quantidade de 52.313 salários-maternidade no âmbito do Rio Grande do Sul em 2020. Essa quantidade representa cerca de 4,0129% do total de mulheres empregadas no Rio Grande do Sul no mesmo período. Portanto, a estimativa de uma determinada empregada usurfruir 4 (quatro) meses de licença a cada ano de execução contratual é de 0,462122 x 0,04012 x 100 ≅ 1,854033% de empregadas afastadas Selecione "Empregos em 31/12", depois "Por Área Geográfica e Sexo" e depois os atributos "Ano igual a 2020"; "Região Natural igual a 4 -SUL"; "UF igual a RIO GRANDE DO SUL". Anuário Estatístico da Previdência Social Anuário Estatístico da Previdência Social. Clicar em 2020: "Download tabelas". No arquivo que abrir, clique na pasta "AEPS 2020 - SECAO I - Benefícios ", depois em "Concedidos", depois em "20C4_01" | H97: =H91*H95*H96 -> 0.0061814479 | I97: =H97 -> 0.0061814479 | J97: =I97 -> 0.0061814479 | K97: =I97 -> 0.0061814479 | L97: =K97 -> 0.0061814479 | M97: =L97 -> 0.0061814479 | N97: =M97 -> 0.0061814479 | O97: =N97 -> 0.0061814479 | P97: =O97 -> 0.0061814479 | Q97: =IFERROR(ROUND(IF($Q$17="Simples", INDEX(H97:P97,MATCH($Q$18,$H$18:$P$18,1)), INDEX(H97:P97,MATCH($Q$17,$H$15:$P$15,0)) ),4),"") -> 0.0062
C99: Submódulo 4.1 - Substituto nas Ausências Legais - Base de cálculo para o custo do profissional ausente (substituto): BCCPA = (Rem + 13º sal + Férias + 1/3)x Item Reposição . Conforme item 89 do Relatório do Acórdão TCU nº 1.753/2008 do Plenário e orientações SEGES/MP
B100: A | C100: Substituto na cobertura de férias | D100: ((1÷12)÷12)+((1÷12)÷12)+(1÷3x((1÷12)÷12)) ≅ 1,62% | E100: Art. 129 e 130 CLT. | F100: ACÓRDÃO 1753/2008 - PLENÁRIO - Caso o contrato preveja substituição do empregado em férias, para que o posto não fique descoberto a empresa deverá repor o profissional ausente por meio de profissional subtituto ao qual deverá retribuir com a mesma remuneração do titular. A estimativa do percentual dessa rubrica a ser aplicado sobre a remuneração mensal do titular pode ser obtido pelo cálculo: (8,33/12)+(8,33/12)+(1/3x(8,33/12)) ≅ 1,62% Para fins de cálculo a base a ser utilizada é o total da remuneração para que não haja dupla incidência de férias. adicional de férias e décimo-terceiro. | H100: =((1/12)/12)+((1/12)/12)+((1/3)*((1/12)/12)) -> 0.016203704 | I100: =H100 -> 0.016203704 | J100: =I100 -> 0.016203704 | K100: =I100 -> 0.016203704 | L100: =K100 -> 0.016203704 | M100: =L100 -> 0.016203704 | N100: =M100 -> 0.016203704 | O100: =N100 -> 0.016203704 | P100: =O100 -> 0.016203704 | Q100: =IFERROR(ROUND(IF($Q$17="Simples", INDEX(H100:P100,MATCH($Q$18,$H$18:$P$18,1)), INDEX(H100:P100,MATCH($Q$17,$H$15:$P$15,0)) ),4),"") -> 0.0162
B101: B | C101: Substituto na cobertura das ausências por doença | D101: ((5÷30) ÷12) x 100) ≅ 1,39% | E101: Art. 131 , inciso III, da CLT. Art. 476 da CLT, art. 6º, §1º, alínea "f", da Lei n. 605, de 1949, e art. 12, alínea "f", do Decreto nº. 27.048, de 1949. | F101: ACÓRDÃO 6771/2009 - PRIMEIRA CÂMARA - Estimativa de 5 (cinco) dias de licença por ano. | H101: =(H84/$D$5)/$D$10 -> 0.013888889 | I101: =H101 -> 0.013888889 | J101: =I101 -> 0.013888889 | K101: =I101 -> 0.013888889 | L101: =K101 -> 0.013888889 | M101: =L101 -> 0.013888889 | N101: =M101 -> 0.013888889 | O101: =N101 -> 0.013888889 | P101: =O101 -> 0.013888889 | Q101: =IFERROR(ROUND(IF($Q$17="Simples", INDEX(H101:P101,MATCH($Q$18,$H$18:$P$18,1)), INDEX(H101:P101,MATCH($Q$17,$H$15:$P$15,0)) ),4),"") -> 0.0139
B102: C | C102: Substituto na cobertura de licença paternidade | D102: (((5÷30) ÷12) x 0,015 x 100) ≅ 0,02% | E102: Art. 7º, inciso XIX da CF. §1º do artigo 10 do ADCT. Lei n. 13.527/2016 | F102: ACÓRDÃO 6771/2009 - PRIMEIRA CÂMARA - Estimativa de 1,5% (um inteiro e cinco décimos por cento) dos empregados usufruindo 5 (cinco) dias da licença por ano. | H102: =((H85/$D$5)/$D$10*H86) -> 0.00020833333 | I102: =H102 -> 0.00020833333 | J102: =I102 -> 0.00020833333 | K102: =I102 -> 0.00020833333 | L102: =K102 -> 0.00020833333 | M102: =L102 -> 0.00020833333 | N102: =M102 -> 0.00020833333 | O102: =N102 -> 0.00020833333 | P102: =O102 -> 0.00020833333 | Q102: =IFERROR(ROUND(IF($Q$17="Simples", INDEX(H102:P102,MATCH($Q$18,$H$18:$P$18,1)), INDEX(H102:P102,MATCH($Q$17,$H$15:$P$15,0)) ),4),"") -> 0.0002
B103: D | C103: Substituto na cobertura das ausências legais | D103: (((2,96÷30) ÷12) x 100) ≅ 0,82% | E103: Art. 82 e 473 da CLT | F103: ACÓRDÃO 1753/2008 - PLENÁRIO - Estimativa de 2,96 ausências por ano. Art. 473 da CLT: I. até 2 (dois) dias consecutivos, em caso de falecimento do cônjuge, ascendente, descendente, irmão ou pessoa que, declarada em sua carteira de trabalho e previdência social, viva sob sua dependência econômica; II. até 3 (três) dias consecutivos, em virtude de casamento; III. por um dia, em caso de nascimento de filho no decorrer da primeira semana; IV. por um dia, em cada 12 (doze) meses de trabalho, em caso de doação voluntária de sangue devidamente comprovada; V. até 2 (dois) dias consecutivos ou não, para o fim de se alistar eleitor, nos termos da lei respectiva; VI. no período de tempo em que tiver de cumprir as exigências do Serviço Militar referidas na letra "c" do art. 65 da Lei nº 4.375, de 17 de agosto de 1964 ; VII. nos dias em que estiver comprovadamente realizando provas de exame vestibular para ingresso em estabelecimento de ensino superior VIII. pelo tempo que se fizer necessário, quando tiver que comparecer a juízo; IX. pelo tempo que se fizer necessário, quando, na qualidade de representante de entidade sindical, estiver participando de reunião oficial de organismo internacional do qual o Brasil seja membro; X. até 2 (dois) dias para acompanhar consultas médicas e exames complementares durante o período de gravidez de sua esposa ou companheira; (Incluído dada pela Lei nº 13.257, de 2016) XI. por 1 (um) dia por ano para acompanhar filho de até 6 (seis) anos em consulta médica. (Incluído dada pela Lei nº 13.257, de 2016) | H103: =H87/$D$5/$D$10 -> 0.0082222222 | I103: =H103 -> 0.0082222222 | J103: =I103 -> 0.0082222222 | K103: =I103 -> 0.0082222222 | L103: =K103 -> 0.0082222222 | M103: =L103 -> 0.0082222222 | N103: =M103 -> 0.0082222222 | O103: =N103 -> 0.0082222222 | P103: =O103 -> 0.0082222222 | Q103: =IFERROR(ROUND(IF($Q$17="Simples", INDEX(H103:P103,MATCH($Q$18,$H$18:$P$18,1)), INDEX(H103:P103,MATCH($Q$17,$H$15:$P$15,0)) ),4),"") -> 0.0082
B104: E | C104: Substituto na cobertura nas ausências por acidente de trabalho | D104: (((15÷30) ÷12) x 0,0078 x 100) ≅ 0,03% | E104: Art. 27 do Decreto nº 89.312/84, Art. 131 da CLT e MP. 664/2014 | F104: ACÓRDÃO 6771/2009 - PRIMEIRA CÂMARA - Estimativa de 1 (uma) licença de 30 (trinta) dias por ano para 0,78% (setenta e oito décimos por cento) dos empregados. | H104: =(H89/$D$5/$D$10)*H88 -> 0.000325 | I104: =H104 -> 0.000325 | J104: =I104 -> 0.000325 | K104: =I104 -> 0.000325 | L104: =K104 -> 0.000325 | M104: =L104 -> 0.000325 | N104: =M104 -> 0.000325 | O104: =N104 -> 0.000325 | P104: =O104 -> 0.000325 | Q104: =IFERROR(ROUND(IF($Q$17="Simples", INDEX(H104:P104,MATCH($Q$18,$H$18:$P$18,1)), INDEX(H104:P104,MATCH($Q$17,$H$15:$P$15,0)) ),4),"") -> 0.0003
B105: F | C105: Substituto na cobertura de afastamento maternidade | D105: ((1÷12)+((1÷3)x(1÷12)))x(4÷12)x0,01854033 ≅ 0,07% | E105: Art. 7º inc. XVIII, CF, Lei nº 8.213/91, art. 72 e Lei 11770/2008. Lei nº. 13.527/2016. | F105: Anuário RAIS do Ministério do Trabalho - Durante a licença, o salário maternidade e a parcela do décimo terceiro salário correspondente ao período da licença é custeado pelo INSS (Art. 59 IN RFB nº 2110/2022). Cabe à empresa a provisão relativa a férias (1/12) e adicional de férias (1/3 x 1/12) e as contribuições previdenciárias sobre o período de licença . A remuneração do substituto, acrescida de todos os encargos, é justamente a remuneração da trabalhadora substituída no período (vide Módulo 1 e Submódulo 2.2). Portanto o custo do afastamento é dado pela seguinte fórmula aplicada sobre a remuneração: [(1/12) + (1/3 x 1/12)] x 100 ≅ 11,11% Rateio do Custo durante Vigência Contratual: Divisão proporcional do custo de 4 (quatro) meses de licença por ano (base do % de ocorrências): (4 meses de licença) ÷ (12 meses) x 100 = 33,33% Número Estimado de Ocorrências: Conforme Anuário Estatístico da RAIS, elaborado pelo Ministério do Trabalho, as mulheres representaram cerca de 46,2122% do total de empregos no Rio Grande do Sul (1.303.632 do total de 2.820.968). Já o Anuário Estatístico da Previdência Social dispõe que foi concedida a quantidade de 52.313 salários-maternidade no âmbito do Rio Grande do Sul em 2020. Essa quantidade representa cerca de 4,0129% do total de mulheres empregadas no Rio Grande do Sul no mesmo período. Portanto, a estimativa de uma determinada empregada usurfruir 4 (quatro) meses de licença a cada ano de execução contratual é de 0,462122 x 0,04012 x 100 ≅ 1,854033% de empregadas afastadas Selecione "Empregos em 31/12", depois "Por Área Geográfica e Sexo" e depois os atributos "Ano igual a 2020"; "Região Natural igual a 4 -SUL"; "UF igual a RIO GRANDE DO SUL". Anuário Estatístico da Previdência Social Anuário Estatístico da Previdência Social. Clicar em 2020: "Download tabelas". No arquivo que abrir, clique na pasta "AEPS 2020 - SECAO I - Benefícios ", depois em "Concedidos", depois em "20C4_01" | H105: =((1/12)+((1/3)*(1/12)))*H97 -> 0.00068682754 | I105: =H105 -> 0.00068682754 | J105: =I105 -> 0.00068682754 | K105: =I105 -> 0.00068682754 | L105: =K105 -> 0.00068682754 | M105: =L105 -> 0.00068682754 | N105: =M105 -> 0.00068682754 | O105: =N105 -> 0.00068682754 | P105: =O105 -> 0.00068682754 | Q105: =IFERROR(ROUND(IF($Q$17="Simples", INDEX(H105:P105,MATCH($Q$18,$H$18:$P$18,1)), INDEX(H105:P105,MATCH($Q$17,$H$15:$P$15,0)) ),4),"") -> 0.0007
B106: G | C106: Incidência dos encargos do submódulo 2.2 | D106: (A+B+C+D+E+F) x submódulo 2.2 | F106: Incidência dos encargos previdenciários (GPS) e FGTS sobre as provisões de substituição. | H106: =SUM(H100:H105)*H51 -> 0.014548871 | I106: =SUM(I100:I105)*I51 -> 0.014548871 | J106: =SUM(J100:J105)*J51 -> 0.012255842 | K106: =SUM(K100:K105)*K51 -> 0.012255842 | L106: =SUM(L100:L105)*L51 -> 0.012255842 | M106: =SUM(M100:M105)*M51 -> 0.012255842 | N106: =SUM(N100:N105)*N51 -> 0.012255842 | O106: =SUM(O100:O105)*O51 -> 0.012255842 | P106: =SUM(P100:P105)*P51 -> 0.012255842 | Q106: =IFERROR(ROUND(IF($Q$17="Simples", INDEX(H106:P106,MATCH($Q$18,$H$18:$P$18,1)), INDEX(H106:P106,MATCH($Q$17,$H$15:$P$15,0)) ),4),"") -> 0.0145
B107: H | C107: Inclusão benefícios Mensais e Diários | D107: ((Total submódulo 2.3 - VA - VT) x média de dias de substituição ÷ 30 ÷ 12) | F107: Considera-se como média de dias de substituição o somatório dos 30 dias de férias, 2,96 dias de ausências legais e 5 dias de auxílio doença. | H107: 37.96 | I107: =H107 -> 37.96 | J107: =I107 -> 37.96 | K107: =I107 -> 37.96 | L107: =K107 -> 37.96 | M107: =L107 -> 37.96 | N107: =M107 -> 37.96 | O107: =N107 -> 37.96 | P107: =O107 -> 37.96 | Q107: =IFERROR(ROUND(IF($Q$17="Simples", INDEX(H107:P107,MATCH($Q$18,$H$18:$P$18,1)), INDEX(H107:P107,MATCH($Q$17,$H$15:$P$15,0)) ),4),"") -> 37.96
B108: I | C108: Inclusão custo M3 (Provisão para Rescisão) para substitutos | D108: (Módulo 3)÷12 x média de dias de substituição ÷ 30) | F108: Considera-se como média de dias de substituição o somatório dos 30 dias de férias, 2,96 dias de ausências legais e 5 dias de auxílio doença. | H108: 37.96 | I108: =H108 -> 37.96 | J108: =I108 -> 37.96 | K108: =I108 -> 37.96 | L108: =K108 -> 37.96 | M108: =L108 -> 37.96 | N108: =M108 -> 37.96 | O108: =N108 -> 37.96 | P108: =O108 -> 37.96 | Q108: =IFERROR(ROUND(IF($Q$17="Simples", INDEX(H108:P108,MATCH($Q$18,$H$18:$P$18,1)), INDEX(H108:P108,MATCH($Q$17,$H$15:$P$15,0)) ),4),"") -> 37.96
C110: SUBMÓDULO 4.2- Intervalo intrajornada
B111: A | C111: Intervalo para repouso ou alimentação | D111: (Salário base+adicionais previstos em lei ou CCT, se houver) ÷ total nº horas trabalhadas) x 1,5 x quantidade de dias trabalhados | E111: Regras do instrumento coletivo da categoria, se houver (conforme incs. III e VIII do art. 611-A da CLT, o instrumento coletivo de trabalho tem prevalência sobre a lei). Artigo 71 da CLT. Lei 8.121/1991. | F111: Se não houver previsão de folguista e, consequentemente, o empregado não usufruir de seu intervalo intrajornada em razão de trabalhar em período destinado a repouso e alimentação, o valor a ser pago é da hora trabalhada acrescida de 50%, considerada a natureza indenizatória da parcela.
C112: Rendição no Intervalo Intrajornada | D112: ((Salário base+adicionais previstos em lei ou CCT, se houver)+ Submódulo 2.2 + submódulo 2.3 + Uniformes e EPI) x quantidade de dias trabalhados | E112: Regras do instrumento coletivo da categoria, se houver (conforme incs. III e VIII do art. 611-A da CLT, o instrumento coletivo de trabalho tem prevalência sobre a lei). Artigo 71 da CLT. Lei 8.121/1991. | F112: Esta rubrica somente será calculada se houver reposição no período de intervalo para repouso/alimentação por um substituto durante a ausência do empregado . Por se tratar de salário pago ao substituto, para o cálculo o valor aportado será o correspondente ao período trabalhado no intervalo, acrescido das incidências legais.
C114: MÓDULO 5 - UNIFORMES, MATERIAIS, EQUIPAMENTOS E VEÍCULOS
C116: SUBMÓDULO 5.1 - Uniformes, materiais e equipamentos
...

Sheet Apoio - Posto
A1: POSTO | B1: CBO | C1: SINDICATO | D1: REGISTRO M.T.E. | E1: DATA BASE | F1: VIGÊNCA CCT | G1: PISO NORMATIVO | H1: REGIME MENSAL CONVENÇÃO | I1: AUXÍLIO ALIMENTAÇÃO (DIA) | J1: AUXÍLIO LANCHE | K1: % Incidência = 50% | L1: Adicional Troca Uniformes | M1: Insalubridade sobre Piso | N1: Incidência salário | O1: Periculosidade Adic. 30% | P1: Participação do empregado no custo Vale transporte | Q1: Participação do empregado no custo Vale refeição | R1: Plano Benefício Familiar | S1: Seguro de Vida | T1: ISSQN
A3: Auxiliar de Almoxarifado | B3: 4141 | C3: SINDASSEIO | D3: RS000040/2025 | E3: 45658 | F3: 46022 | G3: 1653.58 | H3: 220 | I3: 25.42 | J3: =I3/2 -> 12.71 | N3: Salário Base | P3: 0.06 | Q3: 0.19 | R3: 24.1 | T3: 0.05
A4: Auxiliar de Escritório | B4: 4110 | C4: SINDASSEIO | D4: RS000040/2025 | E4: 45658 | F4: 46022 | G4: 2161.09 | H4: 220 | I4: 25.42 | J4: =I4/2 -> 12.71 | N4: Salário Base | P4: 0.06 | Q4: 0.19 | R4: 24.1 | T4: 0.05
A5: Auxiliar de Manutenção Predial | B5: 5143 | C5: SINDASSEIO | D5: RS000040/2025 | E5: 45658 | F5: 46022 | G5: 1653.58 | H5: 220 | I5: 25.42 | J5: =I5/2 -> 12.71 | N5: Salário Base | P5: 0.06 | Q5: 0.19 | R5: 24.1 | T5: 0.05
A6: Auxiliar de Cozinha | B6: 5135 | C6: SINDASSEIO | D6: RS000040/2025 | E6: 45658 | F6: 46022 | G6: 1653.58 | H6: 220 | I6: 25.42 | J6: =I6/2 -> 12.71 | M6: 0.2 | N6: Salário Base | P6: 0.06 | Q6: 0.19 | R6: 24.1 | T6: 0.05
A7: Coletor, lixeiro | B7: 5142 | C7: SINDASSEIO | D7: RS000040/2025 | E7: 45658 | F7: 46022 | G7: 1949.91 | H7: 220 | I7: 25.42 | J7: =I7/2 -> 12.71 | M7: 0.4 | N7: Salário Base | P7: 0.06 | Q7: 0.19 | R7: 24.1 | T7: 0.05
A8: Copeiro | B8: 5134 | C8: SINDASSEIO | D8: RS000040/2025 | E8: 45658 | F8: 46022 | G8: 1653.58 | H8: 220 | I8: 25.42 | J8: =I8/2 -> 12.71 | M8: 0.2 | N8: Salário Base | P8: 0.06 | Q8: 0.19 | R8: 24.1 | T8: 0.05
A9: Cozinheiro | B9: 5132 | C9: SINDASSEIO | D9: RS000040/2025 | E9: 45658 | F9: 46022 | G9: 1736.16 | H9: 220 | I9: 25.42 | J9: =I9/2 -> 12.71 | M9: 0.2 | N9: Salário Base | P9: 0.06 | Q9: 0.19 | R9: 24.1 | T9: 0.05
A10: Aux. Limpeza, Serv. Gerais | B10: 5143 | C10: SINDASSEIO | D10: RS000040/2025 | E10: 45658 | F10: 46022 | G10: 1653.58 | H10: 220 | I10: 25.42 | J10: =I10/2 -> 12.71 | M10: 0.4 | N10: Salário Base | P10: 0.06 | Q10: 0.19 | R10: 24.1 | T10: 0.025
A11: Porteiro | B11: 5174 | C11: SINDASSEIO | D11: RS000040/2025 | E11: 45658 | F11: 46022 | G11: 1991.06 | H11: 220 | I11: 25.42 | J11: =I11/2 -> 12.71 | N11: Salário Base | P11: 0.06 | Q11: 0.19 | R11: 24.1 | T11: 0.025
A12: Recepcionista | B12: 4221 | C12: SINDASSEIO | D12: RS000040/2025 | E12: 45658 | F12: 46022 | G12: 1869.5 | H12: 220 | I12: 25.42 | J12: =I12/2 -> 12.71 | N12: Salário Base | P12: 0.06 | Q12: 0.19 | R12: 24.1 | T12: 0.025
A13: Varredor - Limpeza Urbana | B13: 5142 | C13: SINDASSEIO | D13: RS000040/2025 | E13: 45658 | F13: 46022 | G13: 1685.25 | H13: 220 | I13: 25.42 | J13: =I13/2 -> 12.71 | M13: 0.2 | N13: Salário Base | P13: 0.06 | Q13: 0.19 | R13: 24.1 | T13: 0.025
A14: Limpador Alpinista | B14: 5143 | C14: SINDASSEIO | D14: RS000040/2025 | E14: 45658 | F14: 46022 | G14: 2101.14 | H14: 220 | I14: 25.42 | J14: =I14/2 -> 12.71 | N14: Salário Base | O14: 0.3 | P14: 0.06 | Q14: 0.19 | R14: 24.1 | T14: 0.025
A15: Operador de Rádio Chamada | B15: 4227 | C15: SINDASSEIO | D15: RS000040/2025 | E15: 45658 | F15: 46022 | G15: 1991.06 | H15: 220 | I15: 25.42 | J15: =I15/2 -> 12.71 | N15: Salário Base | P15: 0.06 | Q15: 0.19 | R15: 24.1 | T15: 0.05
A16: Telefonista terceirizada 180hs | B16: 4222 | C16: SINDASSEIO | D16: RS000040/2025 | E16: 45658 | F16: 46022 | G16: 1869.5 | H16: 180 | I16: 25.42 | J16: =I16/2 -> 12.71 | N16: Salário Base | P16: 0.06 | Q16: 0.19 | R16: 24.1 | T16: 0.05
A17: Vigilante | B17: 5173 | C17: SINDIVIGILANTES | D17: RS000303/2024 | E17: 45323 | F17: 45688 | G17: 1977.8 | H17: 220 | I17: 27 | L17: =G17/H17*1.3/6 -> 1.9478333 | N17: Salário Mínimo | O17: 0.3 | P17: 0.06 | Q17: 0.2 | S17: =$R$4 -> 24.1 | T17: 0.025
A18: Motorista Veículos Leves | B18: 7823 | C18: SINDIELV | D18: RS000482/2025 | E18: 45566 | F18: 45930 | G18: =2091.44 -> 2091.44 | H18: 220 | I18: 30 | N18: Salário Mínimo | P18: 0.06 | Q18: 0.2 | S18: =$R$4 -> 24.1 | T18: 0.025
A19: Motorista Van | B19: 7823 | C19: SINDIELV | D19: RS000482/2025 | E19: 45566 | F19: 45930 | G19: =2159.19 -> 2159.19 | H19: 220 | I19: 30 | N19: Salário Mínimo | P19: 0.06 | Q19: 0.2 | S19: =$R$4 -> 24.1 | T19: 0.025
A20: Motorista Caminhão | B20: 7825 | C20: SINDIELV | D20: RS000482/2025 | E20: 45566 | F20: 45930 | G20: =2123.47 -> 2123.47 | H20: 220 | I20: 30 | N20: Salário Mínimo | P20: 0.06 | Q20: 0.2 | S20: =$R$4 -> 24.1 | T20: 0.025
A21: Motorista Operador Caminhão | B21: 7825 | C21: SINDIELV | D21: RS000482/2025 | E21: 45566 | F21: 45930 | G21: =2176.43 -> 2176.43 | H21: 220 | I21: 30 | N21: Salário Mínimo | P21: 0.06 | Q21: 0.2 | S21: =$R$4 -> 24.1 | T21: 0.025

Sheet Apoio - Dados
A2: GABINETE DO PREFEITO (GP) | D2: =IF(AND(G2>0,ISNUMBER(G2)),ROW(),"") | E2: =Produtividade!C192 -> 2.1 - Áreas internas | G2: =IFERROR(INDEX(Produtividade!L:L,MATCH(E2,Produtividade!C:C,0)),"") -> Área contratada | I2: =IFERROR(SMALL(D:D,ROW()-1),"") | J2: =IF($I2="","",INDEX(E:E,MATCH($I2,$D:$D,0)))
A3: GABINETE DO VICE-PREFEITO (GVP) | D3: =IF(AND(G3>0,ISNUMBER(G3)),ROW(),"") | E3: =Produtividade!C193 -> Pisos acarpetados | F3: Interna | G3: =IFERROR(INDEX(Produtividade!L:L,MATCH(E3,Produtividade!C:C,0)),"") -> 0 | I3: =IFERROR(SMALL(D:D,ROW()-1),"") | J3: =IF($I3="","",INDEX(E:E,MATCH($I3,$D:$D,0)))
A4: PROCURADORIA-GERAL DO MUNICÍPIO (PGM) | D4: =IF(AND(G4>0,ISNUMBER(G4)),ROW(),"") | E4: =Produtividade!C194 -> Pisos Frios | F4: Interna | G4: =IFERROR(INDEX(Produtividade!L:L,MATCH(E4,Produtividade!C:C,0)),"") -> 0 | I4: =IFERROR(SMALL(D:D,ROW()-1),"") | J4: =IF($I4="","",INDEX(E:E,MATCH($I4,$D:$D,0)))
A5: SECRETARIA MUNICIPAL GERAL DE GOVERNO (SMGG) | D5: =IF(AND(G5>0,ISNUMBER(G5)),ROW(),"") | E5: =Produtividade!C195 -> Laboratoriais | F5: Interna | G5: =IFERROR(INDEX(Produtividade!L:L,MATCH(E5,Produtividade!C:C,0)),"") -> 0 | I5: =IFERROR(SMALL(D:D,ROW()-1),"") | J5: =IF($I5="","",INDEX(E:E,MATCH($I5,$D:$D,0)))
A6: SECRETARIA MUNICIPAL DA INCLUSÃO E DESENVOLVIMENTO HUMANO (SMIDH) | D6: =IF(AND(G6>0,ISNUMBER(G6)),ROW(),"") | E6: =Produtividade!C196 -> Almoxarifados/galpões | F6: Interna | G6: =IFERROR(INDEX(Produtividade!L:L,MATCH(E6,Produtividade!C:C,0)),"") -> 0 | I6: =IFERROR(SMALL(D:D,ROW()-1),"") | J6: =IF($I6="","",INDEX(E:E,MATCH($I6,$D:$D,0)))
A7: SECRETARIA MUNICIPAL DE ASSISTÊNCIA SOCIAL (SMAS) | D7: =IF(AND(G7>0,ISNUMBER(G7)),ROW(),"") | E7: =Produtividade!C197 -> Oficinas | F7: Interna | G7: =IFERROR(INDEX(Produtividade!L:L,MATCH(E7,Produtividade!C:C,0)),"") -> 0 | I7: =IFERROR(SMALL(D:D,ROW()-1),"") | J7: =IF($I7="","",INDEX(E:E,MATCH($I7,$D:$D,0)))
A8: SECRETARIA MUNICIPAL DE DESENVOLVIMENTO ECONÔMICO, TURISMO E EVENTOS (SMDETE) | D8: =IF(AND(G8>0,ISNUMBER(G8)),ROW(),"") | E8: =Produtividade!C198 -> Áreas com espaços livres - saguão, hall e salão | F8: Interna | G8: =IFERROR(INDEX(Produtividade!L:L,MATCH(E8,Produtividade!C:C,0)),"") -> 0 | I8: =IFERROR(SMALL(D:D,ROW()-1),"") | J8: =IF($I8="","",INDEX(E:E,MATCH($I8,$D:$D,0)))
A9: SECRETARIA MUNICIPAL DE PLANEJAMENTO E GESTÃO (SMPG) | D9: =IF(AND(G9>0,ISNUMBER(G9)),ROW(),"") | E9: =Produtividade!C199 -> Banheiros | F9: Interna | G9: =IFERROR(INDEX(Produtividade!L:L,MATCH(E9,Produtividade!C:C,0)),"") -> 0 | I9: =IFERROR(SMALL(D:D,ROW()-1),"") | J9: =IF($I9="","",INDEX(E:E,MATCH($I9,$D:$D,0)))
A10: SECRETARIA MUNICIPAL DE GOVERNANÇA CIDADÃ E DESENVOLVIMENTO RURAL (SMGOV) | D10: =IF(AND(G10>0,ISNUMBER(G10)),ROW(),"") | E10: =Produtividade!C200 -> 0 | G10: =IFERROR(INDEX(Produtividade!L:L,MATCH(E10,Produtividade!C:C,0)),"") | I10: =IFERROR(SMALL(D:D,ROW()-1),"") | J10: =IF($I10="","",INDEX(E:E,MATCH($I10,$D:$D,0)))
A11: SECRETARIA MUNICIPAL DE ESPORTE E LAZER (SMEL) | D11: =IF(AND(G11>0,ISNUMBER(G11)),ROW(),"") | E11: =Produtividade!C201 -> 2.2 - Áreas externas | G11: =IFERROR(INDEX(Produtividade!L:L,MATCH(E11,Produtividade!C:C,0)),"") -> 0 | I11: =IFERROR(SMALL(D:D,ROW()-1),"") | J11: =IF($I11="","",INDEX(E:E,MATCH($I11,$D:$D,0)))
A12: SECRETARIA MUNICIPAL DA CULTURA (SMC) | D12: =IF(AND(G12>0,ISNUMBER(G12)),ROW(),"") | E12: =Produtividade!C202 -> Pisos pavimentados adjacentes/contíguos às edificações | F12: Externa | G12: =IFERROR(INDEX(Produtividade!L:L,MATCH(E12,Produtividade!C:C,0)),"") -> 0 | I12: =IFERROR(SMALL(D:D,ROW()-1),"") | J12: =IF($I12="","",INDEX(E:E,MATCH($I12,$D:$D,0)))
A13: SECRETARIA MUNICIPAL DA FAZENDA (SMF) | D13: =IF(AND(G13>0,ISNUMBER(G13)),ROW(),"") | E13: =Produtividade!C203 -> Varrição de passeios e arruamentos | F13: Externa | G13: =IFERROR(INDEX(Produtividade!L:L,MATCH(E13,Produtividade!C:C,0)),"") -> 0 | I13: =IFERROR(SMALL(D:D,ROW()-1),"") | J13: =IF($I13="","",INDEX(E:E,MATCH($I13,$D:$D,0)))
A14: SECRETARIA MUNICIPAL DO MEIO AMBIENTE, URBANISMO E SUSTENTABILIDADE (SMAMUS) | D14: =IF(AND(G14>0,ISNUMBER(G14)),ROW(),"") | E14: =Produtividade!C204 -> Pátios e áreas verdes com alta frequência (semanal) | F14: Externa | G14: =IFERROR(INDEX(Produtividade!L:L,MATCH(E14,Produtividade!C:C,0)),"") -> 0 | I14: =IFERROR(SMALL(D:D,ROW()-1),"") | J14: =IF($I14="","",INDEX(E:E,MATCH($I14,$D:$D,0)))
A15: SECRETARIA MUNICIPAL DE SERVIÇOS URBANOS (SMSURB) | D15: =IF(AND(G15>0,ISNUMBER(G15)),ROW(),"") | E15: =Produtividade!C205 -> Pátios e áreas verdes com média frequência (quinzenal) | F15: Externa | G15: =IFERROR(INDEX(Produtividade!L:L,MATCH(E15,Produtividade!C:C,0)),"") -> 0 | I15: =IFERROR(SMALL(D:D,ROW()-1),"") | J15: =IF($I15="","",INDEX(E:E,MATCH($I15,$D:$D,0)))
A16: SECRETARIA MUNICIPAL DE OBRAS E INFRAESTRUTURA (SMOI) | D16: =IF(AND(G16>0,ISNUMBER(G16)),ROW(),"") | E16: =Produtividade!C206 -> Pátios e áreas verdes com baixa frequência (mensal) | F16: Externa | G16: =IFERROR(INDEX(Produtividade!L:L,MATCH(E16,Produtividade!C:C,0)),"") -> 0 | I16: =IFERROR(SMALL(D:D,ROW()-1),"") | J16: =IF($I16="","",INDEX(E:E,MATCH($I16,$D:$D,0)))
A17: SECRETARIA MUNICIPAL DE PARCERIAS (SMP) | D17: =IF(AND(G17>0,ISNUMBER(G17)),ROW(),"") | E17: =Produtividade!C207 -> Coleta de detritos em pátios e áreas verdes com frequência diária | F17: Externa | G17: =IFERROR(INDEX(Produtividade!L:L,MATCH(E17,Produtividade!C:C,0)),"") -> 0 | I17: =IFERROR(SMALL(D:D,ROW()-1),"") | J17: =IF($I17="","",INDEX(E:E,MATCH($I17,$D:$D,0)))
A18: SECRETARIA MUNICIPAL DE TRANSPARÊNCIA E CONTROLADORIA (SMTC) | D18: =IF(AND(G18>0,ISNUMBER(G18)),ROW(),"") | E18: =Produtividade!C208 -> 0 | G18: =IFERROR(INDEX(Produtividade!L:L,MATCH(E18,Produtividade!C:C,0)),"") | I18: =IFERROR(SMALL(D:D,ROW()-1),"") | J18: =IF($I18="","",INDEX(E:E,MATCH($I18,$D:$D,0)))
A19: SECRETARIA MUNICIPAL DE ADMINISTRAÇÃO E PATRIMÔNIO (SMAP) | D19: =IF(AND(G19>0,ISNUMBER(G19)),ROW(),"") | E19: =Produtividade!C209 -> 2.3 - Esquadrias externas | G19: =IFERROR(INDEX(Produtividade!L:L,MATCH(E19,Produtividade!C:C,0)),"") -> 0 | I19: =IFERROR(SMALL(D:D,ROW()-1),"") | J19: =IF($I19="","",INDEX(E:E,MATCH($I19,$D:$D,0)))
A20: SECRETARIA MUNICIPAL DE MOBILIDADE URBANA (SMMU) | D20: =IF(AND(G20>0,ISNUMBER(G20)),ROW(),"") | E20: =Produtividade!C210 -> Face externa com exposição a situação de risco (trimestral) | F20: Esquadrias | G20: =IFERROR(INDEX(Produtividade!L:L,MATCH(E20,Produtividade!C:C,0)),"") -> 0 | I20: =IFERROR(SMALL(D:D,ROW()-1),"") | J20: =IF($I20="","",INDEX(E:E,MATCH($I20,$D:$D,0)))
A21: SECRETARIA MUNICIPAL DE EDUCAÇÃO (SMED) | D21: =IF(AND(G21>0,ISNUMBER(G21)),ROW(),"") | E21: =Produtividade!C211 -> Face externa - sem exposição a situação de risco (trimestral) | F21: Esquadrias | G21: =IFERROR(INDEX(Produtividade!L:L,MATCH(E21,Produtividade!C:C,0)),"") -> 0 | I21: =IFERROR(SMALL(D:D,ROW()-1),"") | J21: =IF($I21="","",INDEX(E:E,MATCH($I21,$D:$D,0)))
A22: SECRETARIA MUNICIPAL DA SAÚDE (SMS) | D22: =IF(AND(G22>0,ISNUMBER(G22)),ROW(),"") | E22: =Produtividade!C212 -> Face interna - sem exposição a situação de risco (quinzenal) | F22: Esquadrias | G22: =IFERROR(INDEX(Produtividade!L:L,MATCH(E22,Produtividade!C:C,0)),"") -> 0 | I22: =IFERROR(SMALL(D:D,ROW()-1),"") | J22: =IF($I22="","",INDEX(E:E,MATCH($I22,$D:$D,0)))
A23: SECRETARIA MUNICIPAL DE SEGURANÇA (SMSEG) | D23: =IF(AND(G23>0,ISNUMBER(G23)),ROW(),"") | E23: =Produtividade!C213 -> 0 | G23: =IFERROR(INDEX(Produtividade!L:L,MATCH(E23,Produtividade!C:C,0)),"") | I23: =IFERROR(SMALL(D:D,ROW()-1),"") | J23: =IF($I23="","",INDEX(E:E,MATCH($I23,$D:$D,0)))
A24: DEPARTAMENTO MUNICIPAL DE ÁGUA E ESGOTOS (DMAE) | D24: =IF(AND(G24>0,ISNUMBER(G24)),ROW(),"") | E24: =Produtividade!C214 -> 2.4 - Fachadas | G24: =IFERROR(INDEX(Produtividade!L:L,MATCH(E24,Produtividade!C:C,0)),"") -> 0 | I24: =IFERROR(SMALL(D:D,ROW()-1),"") | J24: =IF($I24="","",INDEX(E:E,MATCH($I24,$D:$D,0)))
A25: DEPARTAMENTO MUNICIPAL DE HABITAÇÃO (DEMHAB) | D25: =IF(AND(G25>0,ISNUMBER(G25)),ROW(),"") | E25: =Produtividade!C215 -> Fachadas Envidraçadas (trimestral) | F25: Fachada | G25: =IFERROR(INDEX(Produtividade!L:L,MATCH(E25,Produtividade!C:C,0)),"") -> 0 | I25: =IFERROR(SMALL(D:D,ROW()-1),"") | J25: =IF($I25="","",INDEX(E:E,MATCH($I25,$D:$D,0)))
A26: DEPARTAMENTO MUNICIPAL DE LIMPEZA URBANA (DMLU) | D26: =IF(AND(G26>0,ISNUMBER(G26)),ROW(),"") | E26: =Produtividade!C216 -> 0 | G26: =IFERROR(INDEX(Produtividade!L:L,MATCH(E26,Produtividade!C:C,0)),"") | I26: =IFERROR(SMALL(D:D,ROW()-1),"") | J26: =IF($I26="","",INDEX(E:E,MATCH($I26,$D:$D,0)))
A27: DEPARTAMENTO MUNICIPAL DE PREVIDÊNCIA DOS SERVIDORES PÚBLICOS DO MUNICÍPIO DE PORTO ALEGRE (PREVIMPA) | D27: =IF(AND(G27>0,ISNUMBER(G27)),ROW(),"") | E27: =Produtividade!C217 -> 2.5 - Áreas Hospitalares | G27: =IFERROR(INDEX(Produtividade!L:L,MATCH(E27,Produtividade!C:C,0)),"") -> 0 | I27: =IFERROR(SMALL(D:D,ROW()-1),"") | J27: =IF($I27="","",INDEX(E:E,MATCH($I27,$D:$D,0)))
A28: COMPANHIA DE PROCESSAMENTO DE DADOS DE PORTO ALEGRE (PROCEMPA) | D28: =IF(AND(G28>0,ISNUMBER(G28)),ROW(),"") | E28: =Produtividade!C218 -> Áreas Hospitalares e assemelhadas | F28: Hospitalar | G28: =IFERROR(INDEX(Produtividade!L:L,MATCH(E28,Produtividade!C:C,0)),"") -> 0 | I28: =IFERROR(SMALL(D:D,ROW()-1),"") | J28: =IF($I28="","",INDEX(E:E,MATCH($I28,$D:$D,0)))
A29: EMPRESA PÚBLICA DE TRANSPORTE E CIRCULAÇÃO (EPTC) | D29: =IF(AND(G29>0,ISNUMBER(G29)),ROW(),"") | E29: =Produtividade!C219 -> 0 | G29: =IFERROR(INDEX(Produtividade!L:L,MATCH(E29,Produtividade!C:C,0)),"") | I29: =IFERROR(SMALL(D:D,ROW()-1),"") | J29: =IF($I29="","",INDEX(E:E,MATCH($I29,$D:$D,0)))
